Workbook
Name 大多数: [5]XL4Poppy!$A$15
Name 固定资产: [6]XL4Poppy!$A$15
Name 年份: [7]首页!$A:$A

Sheet 封面
A1: 索引页
C4: 资 产 评 估 申 报 表
D5: 企业填写以下内容
D7: 产权持有人： | F7: 抚顺经济开发区诚达融资担保有限公司
D9: 评估基准日： | F9: 2022 | G9: 年 | H9: 7 | I9: 月 | J9: 22 | K9: 日
D11: 产权持有人填表人：
D13: 联系方式：
D15: 填表日期： | F15: 2022 | G15: 年 | H15: 6 | I15: 月 | J15: 28 | K15: 日
D18: 评估机构填写以下内容
D19: 项目负责人：
D21: 签字资产评估师：
D23: 房屋类评估人员：
D25: 设备类评估人员：
D27: 土地评估人员：
D29: 辽宁中华信资产评估有限公司

Sheet 填表说明
A1: 评估申报表填表说明
A2: 返回索引页
A3: 1 | B3: 本工作薄用于资产评估委托人、产权持有人对评估基准日下的委估资产的账面价值的申报；请贵单位填表人员按要求对工作表中审计前账面价值及其以左各栏次或项目据实填写
A4: 2 | B4: 此表各科目明细的合计数，应与本次资产评估范围内的资产评估基准日的资产表的数据相符；
A5: 3 | B5: 如有实物性资产的毁损、报废等的项目应在其备注中说明；
A6: 4 | B6: 明细表中如有日期档，除各明细表中有具体要求外，其格式应为“20**/**”；
B7: 例：“2019年9月10日”应填为“2019/09”
B8: 如无法确定具体月份，请将月份填为01月；
B9: 例：“2019年”应填为“2019/01”
A10: 5 | B10: 如明细表的行数不够时，请填表人员在“合计”的上两行进行插入行；
A11: 6 | B11: 本表格单元格均已设置格式，填写本表格时数据粘贴请数值化粘贴；
A12: 7 | B12: 填表人可通过点击各汇总表中的“科目名称”进入各明细表，再通过点击各工作表左上角的“返回”来返回上一级汇总表。
B13: 注：除以上要求企业填写的或按具体情况评估人员另作要求填写的栏目或项外，企业不应对此套表的其它部分作任何修改变动，谢谢合作！
B15: 核心提示：不适用的工作表可以隐藏，但不可删除！工作表标签不能更改！
B17: 如有疑问请与我公司项目组负责人或现场负责人联系，谢谢！

Sheet 基本情况
A1: 返回索引页
A2: 基本情况表
A3: =CONCATENATE(封面!D9,封面!F9,封面!G9,封面!H9,封面!I9,封面!J9,封面!K9) -> 评估基准日：2022年7月22日
A4: 企业填写以下内容: | K4: 金额单位：人民币元
A5: 被评估单位名称: | B5: 中文 | C5: =IF(封面!F7="","",封面!F7) -> 抚顺经济开发区诚达融资担保有限公司 | H5: 法定代表人 | J5: 联系方式
B6: 英文 | H6: 总经理 | J6: 联系方式
A7: 统一社会信用代码 | H7: 财务负责人 | J7: 联系方式
A8: 法定地址 | F8: 邮政编码 | H8: 项目联系人 | J8: 联系方式
A9: 办公地址 | F9: 邮政编码 | H9: 主管工商机关
A10: 办公电话 | E10: 注册日期 | H10: 主管税务机关
A11: 传真 | E11: 经营期限 | H11: 执行会计制度
A12: 经营范围
A13: 开业日期 | E13: 经济性质 | H13: 总资产额 | J13: 营业收入
A14: 财务结账日 | E14: 所属行业 | H14: 净资产额 | J14: 税后利润
A15: 序号 | B15: 投资者（股东）名称 | H15: 认缴注册资本 | J15: 实收资本
H16: 金额 | I16: 出资比例 | J16: 金额 | K16: 出资比例
A17: 1 | I17: =IF($H$21=0,,H17/$H$21) -> 0 | K17: =IF($J$21=0,,J17/$J$21) -> 0
A18: 2 | I18: =IF($H$21=0,,H18/$H$21) -> 0 | K18: =IF($J$21=0,,J18/$J$21) -> 0
A19: 3 | I19: =IF($H$21=0,,H19/$H$21) -> 0 | K19: =IF($J$21=0,,J19/$J$21) -> 0
A20: … | I20: =IF($H$21=0,,H20/$H$21) -> 0 | K20: =IF($J$21=0,,J20/$J$21) -> 0
A21: 合 计 | H21: =SUM(H17:H20) -> 0 | I21: =SUM(I17:I20) -> 0 | J21: =SUM(J17:J20) -> 0 | K21: =SUM(K17:K20) -> 0
A22: 序号 | B22: 长期投资单位名称 | E22: 地址 | H22: 认缴出资额 | J22: 实缴出资额
H23: 金额 | I23: 出资比例 | J23: 金额 | K23: 出资比例
A24: 1
A25: 2
A26: 3
A27: …
A28: 合 计 | J28: =SUM(J24:J27) -> 0
A29: 序号 | B29: 分支机构名称 | E29: 地址 | H29: 设立时间 | I29: 核算方式 | J29: 主要职责及经营内容
A30: 1
A31: 2
A32: 3
A33: …
A34: 前注册会计师审计结论
A35: 前评估情况
A36: 评估机构填写以下内容:
A37: 委托项目 | B37: 类别 | F37: 项目编号 | I37: 作业日期
B38: 目的 | F38: 报告编号 | I38: 填表日期 | J38: =CONCATENATE(封面!F15,封面!G15,封面!H15,封面!I15,封面!J15,封面!K15) -> 2022年6月28日
B39: 范围 | F39: 项目负责人： | G39: =封面!F19&"" | I39: 法定代表人： | J39: 王绍明
A40: 评估机构： | B40: 北京天圆开资产评估有限公司 | F40: 签字资产评估师： | G40: =封面!G21&""
C41: 流动资产 | E41: 设备 | G41: 房屋 | I41: 土地 | J41: 无形资产
A42: 被评估单位填表人: | B42: =""&封面!G11
A43: 评估人员:

Sheet 固定资产汇总
A1: 返回索引页 | B1: 返回
A2: 固定资产评估汇总表
A3: =CONCATENATE(封面!D9,封面!F9,封面!G9,封面!H9,封面!I9,封面!J9,封面!K9) -> 评估基准日：2022年7月22日
A4: =封面!D7&封面!F7 -> 产权持有人：抚顺经济开发区诚达融资担保有限公司 | L4: 金额单位：人民币元
A5: 编号 | B5: 科目名称 | C5: 审计前账面值 | E5: 账面价值 | G5: 评估价值 | I5: 增值额 | K5: 增值率%
C6: 原值 | D6: 净值 | E6: 原值 | F6: 净值 | G6: 原值 | H6: 净值 | I6: 原值 | J6: 净值 | K6: 原值 | L6: 净值
A7: 4-8-1 | B7: 固定资产-房屋建筑物 | C7: =房屋建筑物!Y25 -> 0 | D7: =房屋建筑物!Z25 -> 1000 | E7: =房屋建筑物!AA25 -> 0 | F7: =房屋建筑物!AB25 -> 0 | G7: =房屋建筑物!AC25 -> 0 | H7: =房屋建筑物!AE25 -> 0 | I7: =G7-E7 -> 0 | J7: =H7-F7 -> 0 | K7: =IF(E7=0,"",I7/E7*100) | L7: =IF(F7=0,"",J7/F7*100)
A8: 4-8-2 | B8: 固定资产-构筑物及其他辅助设施 | C8: =构筑物!M25 -> 0 | D8: =构筑物!N25 -> 0 | E8: =构筑物!O25 -> 0 | F8: =构筑物!P25 -> 0 | G8: =构筑物!Q25 -> 0 | H8: =构筑物!S25 -> 0 | I8: =G8-E8 -> 0 | J8: =H8-F8 -> 0 | K8: =IF(E8=0,"",I8/E8*100) | L8: =IF(F8=0,"",J8/F8*100)
A9: 4-8-3 | B9: 固定资产-管道及沟槽 | C9: =管道沟槽!AF26 -> 0 | D9: =管道沟槽!AK26 -> 0 | E9: =管道沟槽!AL26 -> 0 | F9: =管道沟槽!AM26 -> 0 | G9: =管道沟槽!AN26 -> 0 | H9: =管道沟槽!AP26 -> 0 | I9: =G9-E9 -> 0 | J9: =H9-F9 -> 0 | K9: =IF(E9=0,"",I9/E9*100) | L9: =IF(F9=0,"",J9/F9*100)
B10: 房屋建筑物类减值准备 | D10: =房屋建筑物!Z26+构筑物!N26+管道沟槽!AK27 -> 100 | F10: =房屋建筑物!AB26+构筑物!P26+管道沟槽!AM27 -> 0 | H10: =房屋建筑物!AE26+构筑物!S26+管道沟槽!AP27 -> 0 | I10: =G10-E10 -> 0 | J10: =H10-F10 -> 0 | K10: =IF(E10=0,"",I10/E10*100) | L10: =IF(F10=0,"",J10/F10*100)
B11: 房屋建筑物类合计 | C11: =SUM(C7:C9)-C10 -> 0 | D11: =SUM(D7:D9)-D10 -> 900 | E11: =SUM(E7:E9)-E10 -> 0 | F11: =SUM(F7:F9)-F10 -> 0 | G11: =SUM(G7:G9)-G10 -> 0 | H11: =SUM(H7:H9)-H10 -> 0 | I11: =G11-E11 -> 0 | J11: =H11-F11 -> 0 | K11: =IF(E11=0,"",I11/E11*100) | L11: =IF(F11=0,"",J11/F11*100)
A13: 4-8-4 | B13: 固定资产-机器设备 | C13: =机器设备!M1103 -> 0 | D13: =机器设备!N1103 -> 2000 | E13: =机器设备!O1103 -> 0 | F13: =机器设备!P1103 -> 0 | G13: =机器设备!Q1103 -> 96465000 | H13: =机器设备!S1103 -> 38696078 | I13: =G13-E13 -> 96465000 | J13: =H13-F13 -> 38696078 | K13: =IF(E13=0,"",I13/E13*100) | L13: =IF(F13=0,"",J13/F13*100)
A14: 4-8-5 | B14: 固定资产-车辆 | C14: =车辆!N25 -> 0 | D14: =车辆!O25 -> 0 | E14: =车辆!P25 -> 0 | F14: =车辆!Q25 -> 0 | G14: =车辆!R25 -> 0 | H14: =车辆!T25 -> 0 | I14: =G14-E14 -> 0 | J14: =H14-F14 -> 0 | K14: =IF(E14=0,"",I14/E14*100) | L14: =IF(F14=0,"",J14/F14*100)
A15: 4-8-6 | B15: 固定资产-电子设备 | C15: =电子设备!M25 -> 0 | D15: =电子设备!N25 -> 0 | E15: =电子设备!O25 -> 0 | F15: =电子设备!P25 -> 0 | G15: =电子设备!Q25 -> 0 | H15: =电子设备!S25 -> 0 | I15: =G15-E15 -> 0 | J15: =H15-F15 -> 0 | K15: =IF(E15=0,"",I15/E15*100) | L15: =IF(F15=0,"",J15/F15*100)
B16: 设备类减值准备 | D16: =机器设备!N1104+车辆!O26+电子设备!N26 -> 0 | F16: =机器设备!P1104+车辆!Q26+电子设备!P26 -> 0 | H16: =机器设备!S1104+车辆!T26+电子设备!S26 -> 0 | I16: =G16-E16 -> 0 | J16: =H16-F16 -> 0 | K16: =IF(E16=0,"",I16/E16*100) | L16: =IF(F16=0,"",J16/F16*100)
B17: 设备类合计 | C17: =SUM(C13:C15)-C16 -> 0 | D17: =SUM(D13:D15)-D16 -> 2000 | E17: =SUM(E13:E15)-E16 -> 0 | F17: =SUM(F13:F15)-F16 -> 0 | G17: =SUM(G13:G15)-G16 -> 96465000 | H17: =SUM(H13:H15)-H16 -> 38696078 | I17: =G17-E17 -> 96465000 | J17: =H17-F17 -> 38696078 | K17: =IF(E17=0,"",I17/E17*100) | L17: =IF(F17=0,"",J17/F17*100)
M18: =J17-Sheet1!C16 -> 55727 | O18: =I17-Sheet1!B16 -> 108400
A19: 4-8-7 | B19: 固定资产-土地 | C19: =土地!O28 -> 0 | D19: =土地!P28 -> 0 | E19: =土地!Q28 -> 0 | F19: =土地!R28 -> 0 | G19: =土地!S28 -> 0 | H19: =土地!T28 -> 0 | I19: =G19-E19 -> 0 | J19: =H19-F19 -> 0 | K19: =IF(E19=0,"",I19/E19*100) | L19: =IF(F19=0,"",J19/F19*100)
A21: 4-8 | B21: 固定资产合计 | C21: =SUM(C7:C9,C13:C15,C19) -> 0 | D21: =SUM(D7:D9,D13:D15,D19) -> 3000 | E21: =SUM(E7:E9,E13:E15,E19) -> 0 | F21: =SUM(F7:F9,F13:F15,F19) -> 0 | G21: =SUM(G7:G9,G13:G15,G19) -> 96465000 | H21: =SUM(H7:H9,H13:H15,H19) -> 38696078 | I21: =G21-E21 -> 96465000 | J21: =H21-F21 -> 38696078 | K21: =IF(E21=0,"",I21/E21*100) | L21: =IF(F21=0,"",J21/F21*100)
A22: 4-8 | B22: 减：固定资产减值准备 | D22: =D10+D16 -> 100 | F22: =F10+F16 -> 0 | H22: =H10+H16 -> 0 | I22: =G22-E22 -> 0 | J22: =H22-F22 -> 0 | K22: =IF(E22=0,"",I22/E22*100) | L22: =IF(F22=0,"",J22/F22*100)
A23: 4-8 | B23: 固定资产合计 | C23: =C21-C22 -> 0 | D23: =D21-D22 -> 2900 | E23: =E21-E22 -> 0 | F23: =F21-F22 -> 0 | G23: =G21-G22 -> 96465000 | H23: =H21-H22 -> 38696078 | I23: =I21-I22 -> 96465000 | J23: =J21-J22 -> 38696078 | K23: =IF(E23=0,"",I23/E23*100) | L23: =IF(F23=0,"",J23/F23*100)
H24: 评估机构:辽宁中华信资产评估有限公司

Sheet 房屋建筑物
A1: 返回索引页 | B1: 返回
A2: 固定资产—房屋建筑物评估明细表
A3: =CONCATENATE(封面!D9,封面!F9,封面!G9,封面!H9,封面!I9,封面!J9,封面!K9) -> 评估基准日：2022年7月22日
A4: =封面!D7&封面!F7 -> 产权持有人：抚顺经济开发区诚达融资担保有限公司 | AH4: 金额单位：人民币元
A5: 序号 | B5: 权证编号 | C5: 建筑物名称 | D5: 位置 | E5: 对应土地证号 | F5: 结构 | G5: 总层数 | H5: 长度(m) | I5: 宽度(m) | J5: 檐高(m) | K5: 层高(m) | L5: 所在层数 | M5: 朝向 | N5: 吊车吨位 | O5: 跨度(m) | P5: 柱距(m) | Q5: 使用单位 | R5: 开工年月 | S5: 建成 年月 | T5: 计量单位 | U5: 建筑面积体积 m2或m3 | V5: 成本单价(元/m2) | W5: 折旧年限 | X5: 残值率 | Y5: 审计前账面值 | AA5: 账面价值 | AC5: 评估价值 | AF5: 增值率% | AG5: 评估单价(元/m2) | AH5: 备注 | AI5: 现场勘察简单记录 | AJ5: 证载权利人
Y6: 原值 | Z6: 净值 | AA6: 原值 | AB6: 净值 | AC6: 原值 | AD6: 成新率% | AE6: 净值
V7: =IF(U7=0,"",AA7/U7) | Z7: 1000 | AF7: =IF(AB7=0,"",(AE7-AB7)/AB7*100) | AG7: =IF(U7=0,"",AC7/U7)
V8: =IF(U8=0,"",AA8/U8) | AE8: =ROUND(AC8*AD8/100,0) -> 0 | AF8: =IF(AB8=0,"",(AE8-AB8)/AB8*100) | AG8: =IF(U8=0,"",AC8/U8)
V9: =IF(U9=0,"",AA9/U9) | AE9: =ROUND(AC9*AD9/100,0) -> 0 | AF9: =IF(AB9=0,"",(AE9-AB9)/AB9*100) | AG9: =IF(U9=0,"",AC9/U9)
V10: =IF(U10=0,"",AA10/U10) | AE10: =ROUND(AC10*AD10/100,0) -> 0 | AF10: =IF(AB10=0,"",(AE10-AB10)/AB10*100) | AG10: =IF(U10=0,"",AC10/U10)
V11: =IF(U11=0,"",AA11/U11) | AE11: =ROUND(AC11*AD11/100,0) -> 0 | AF11: =IF(AB11=0,"",(AE11-AB11)/AB11*100) | AG11: =IF(U11=0,"",AC11/U11)
V12: =IF(U12=0,"",AA12/U12) | AE12: =ROUND(AC12*AD12/100,0) -> 0 | AF12: =IF(AB12=0,"",(AE12-AB12)/AB12*100) | AG12: =IF(U12=0,"",AC12/U12)
V13: =IF(U13=0,"",AA13/U13) | AE13: =ROUND(AC13*AD13/100,0) -> 0 | AF13: =IF(AB13=0,"",(AE13-AB13)/AB13*100) | AG13: =IF(U13=0,"",AC13/U13)
V14: =IF(U14=0,"",AA14/U14) | AE14: =ROUND(AC14*AD14/100,0) -> 0 | AF14: =IF(AB14=0,"",(AE14-AB14)/AB14*100) | AG14: =IF(U14=0,"",AC14/U14)
V15: =IF(U15=0,"",AA15/U15) | AE15: =ROUND(AC15*AD15/100,0) -> 0 | AF15: =IF(AB15=0,"",(AE15-AB15)/AB15*100) | AG15: =IF(U15=0,"",AC15/U15)
V16: =IF(U16=0,"",AA16/U16) | AE16: =ROUND(AC16*AD16/100,0) -> 0 | AF16: =IF(AB16=0,"",(AE16-AB16)/AB16*100) | AG16: =IF(U16=0,"",AC16/U16)
V17: =IF(U17=0,"",AA17/U17) | AE17: =ROUND(AC17*AD17/100,0) -> 0 | AF17: =IF(AB17=0,"",(AE17-AB17)/AB17*100) | AG17: =IF(U17=0,"",AC17/U17)
V18: =IF(U18=0,"",AA18/U18) | AE18: =ROUND(AC18*AD18/100,0) -> 0 | AF18: =IF(AB18=0,"",(AE18-AB18)/AB18*100) | AG18: =IF(U18=0,"",AC18/U18)
V19: =IF(U19=0,"",AA19/U19) | AE19: =ROUND(AC19*AD19/100,0) -> 0 | AF19: =IF(AB19=0,"",(AE19-AB19)/AB19*100) | AG19: =IF(U19=0,"",AC19/U19)
... V24: =IF(U24=0,"",AA24/U24) | AE24: =ROUND(AC24*AD24/100,0) -> 0 | AF24: =IF(AB24=0,"",(AE24-AB24)/AB24*100) | AG24: =IF(U24=0,"",AC24/U24)
A25: 合 计 | V25: =IF(U25=0,"",AA25/U25) | Y25: =SUM(Y7:Y24) -> 0 | Z25: =SUM(Z7:Z24) -> 1000 | AA25: =SUM(AA7:AA24) -> 0 | AB25: =SUM(AB7:AB24) -> 0 | AC25: =SUM(AC7:AC24) -> 0 | AE25: =SUM(AE7:AE24) -> 0 | AF25: =IF(AB25=0,"",(AE25-AB25)/AB25*100)
A26: 减：房屋建筑物减值准备 | Z26: 100 | AF26: =IF(AB26=0,"",(AE26-AB26)/AB26*100)
A27: 合 计 | Y27: =Y25-Y26 -> 0 | Z27: =Z25-Z26 -> 900 | AA27: =AA25-AA26 -> 0 | AB27: =AB25-AB26 -> 0 | AC27: =AC25-AC26 -> 0 | AE27: =AE25-AE26 -> 0 | AF27: =IF(AB27=0,"",(AE27-AB27)/AB27*100)
A28: =封面!D11&封面!F11 -> 产权持有人填表人： | AC28: ="评估人员："&封面!F23 -> 评估人员：
A29: =CONCATENATE(封面!D15,封面!F15,封面!G15,封面!H15,封面!I15,封面!J15,封面!K15) -> 填表日期：2022年6月28日

Sheet 构筑物
A1: 返回索引页 | B1: 返回
A2: 固定资产—构筑物及其他辅助设施评估明细表
A3: =CONCATENATE(封面!D9,封面!F9,封面!G9,封面!H9,封面!I9,封面!J9,封面!K9) -> 评估基准日：2022年7月22日
A4: =封面!D7&封面!F7 -> 产权持有人：抚顺经济开发区诚达融资担保有限公司 | V4: 金额单位：人民币元
A5: 序号 | B5: 名称 | C5: 结构 | D5: 使用单位 | E5: 建成 年月 | F5: 长度 (m) | G5: 宽度 (m) | H5: 高度 (m) | I5: 计量单位 | J5: 面积体积m2或m3 | K5: 折旧年限 | L5: 残值率 | M5: 审计前账面值 | O5: 账面价值 | Q5: 评估价值 | T5: 增值率% | U5: 评估单价(元/m2) | V5: 备注
M6: 原值 | N6: 净值 | O6: 原值 | P6: 净值 | Q6: 原值 | R6: 成新率% | S6: 净值
S7: =ROUND(Q7*R7/100,0) -> 0 | T7: =IF(P7=0,"",(S7-P7)/P7*100) | U7: =IF(J7=0,"",Q7/J7)
S8: =ROUND(Q8*R8/100,0) -> 0 | T8: =IF(P8=0,"",(S8-P8)/P8*100) | U8: =IF(J8=0,"",Q8/J8)
S9: =ROUND(Q9*R9/100,0) -> 0 | T9: =IF(P9=0,"",(S9-P9)/P9*100) | U9: =IF(J9=0,"",Q9/J9)
S10: =ROUND(Q10*R10/100,0) -> 0 | T10: =IF(P10=0,"",(S10-P10)/P10*100) | U10: =IF(J10=0,"",Q10/J10)
S11: =ROUND(Q11*R11/100,0) -> 0 | T11: =IF(P11=0,"",(S11-P11)/P11*100) | U11: =IF(J11=0,"",Q11/J11)
S12: =ROUND(Q12*R12/100,0) -> 0 | T12: =IF(P12=0,"",(S12-P12)/P12*100) | U12: =IF(J12=0,"",Q12/J12)
S13: =ROUND(Q13*R13/100,0) -> 0 | T13: =IF(P13=0,"",(S13-P13)/P13*100) | U13: =IF(J13=0,"",Q13/J13)
S14: =ROUND(Q14*R14/100,0) -> 0 | T14: =IF(P14=0,"",(S14-P14)/P14*100) | U14: =IF(J14=0,"",Q14/J14)
S15: =ROUND(Q15*R15/100,0) -> 0 | T15: =IF(P15=0,"",(S15-P15)/P15*100) | U15: =IF(J15=0,"",Q15/J15)
S16: =ROUND(Q16*R16/100,0) -> 0 | T16: =IF(P16=0,"",(S16-P16)/P16*100) | U16: =IF(J16=0,"",Q16/J16)
S17: =ROUND(Q17*R17/100,0) -> 0 | T17: =IF(P17=0,"",(S17-P17)/P17*100) | U17: =IF(J17=0,"",Q17/J17)
S18: =ROUND(Q18*R18/100,0) -> 0 | T18: =IF(P18=0,"",(S18-P18)/P18*100) | U18: =IF(J18=0,"",Q18/J18)
... S24: =ROUND(Q24*R24/100,0) -> 0 | T24: =IF(P24=0,"",(S24-P24)/P24*100) | U24: =IF(J24=0,"",Q24/J24)
A25: 合 计 | M25: =SUM(M7:M24) -> 0 | N25: =SUM(N7:N24) -> 0 | O25: =SUM(O7:O24) -> 0 | P25: =SUM(P7:P24) -> 0 | Q25: =SUM(Q7:Q24) -> 0 | S25: =SUM(S7:S24) -> 0 | T25: =IF(P25=0,"",(S25-P25)/P25*100)
A26: 减：构筑物及其他辅助设施减值准备 | T26: =IF(P26=0,"",(S26-P26)/P26*100)
A27: 合 计 | M27: =M25-M26 -> 0 | N27: =N25-N26 -> 0 | O27: =O25-O26 -> 0 | P27: =P25-P26 -> 0 | Q27: =Q25-Q26 -> 0 | S27: =S25-S26 -> 0 | T27: =IF(P27=0,"",(S27-P27)/P27*100)
A28: =封面!D11&封面!F11 -> 产权持有人填表人： | Q28: ="评估人员："&封面!F23 -> 评估人员：
A29: =CONCATENATE(封面!D15,封面!F15,封面!G15,封面!H15,封面!I15,封面!J15,封面!K15) -> 填表日期：2022年6月28日

Sheet 管道沟槽
A1: 返回索引页 | B1: 返回
A2: 固定资产—管道和沟槽评估明细表
A3: =CONCATENATE(封面!D9,封面!F9,封面!G9,封面!H9,封面!I9,封面!J9,封面!K9) -> 评估基准日：2022年7月22日
A4: =封面!D7&封面!F7 -> 产权持有人：抚顺经济开发区诚达融资担保有限公司 | AR4: 金额单位：人民币元
A5: 序号 | B5: 名称 | C5: 长度 (m) | D5: 施工方式(m) | R5: 管径(mm) | S5: 壁厚(mm) | T5: 阀井个数 | U5: 阀井面积(㎡) | V5: 阀井规格(普通/电磁) | W5: 井内主球阀规格 | X5: 阳极保护个数 | Y5: 压力(Mpa) | Z5: 材质 | AA5: 绝缘/防腐方式 | AB5: 开工日期 | AC5: 建成年月 | AD5: 折旧年限 | AE5: 残值率 | AF5: 审计前账面值 | AL5: 账面价值 | AN5: 评估价值 | AQ5: 增值率% | AR5: 备注
D6: 直埋长度 | E6: 直埋深度 | F6: 穿越工程 | AF6: 原值 | AK6: 净值
F7: 岩石地况% | G7: 土壤地况% | H7: 穿越河流长度 | I7: 穿越河流深度 | J7: 穿越公路长度 | K7: 穿越公路深度 | L7: 穿越铁路长度 | M7: 穿越铁路深度 | N7: 其他地况穿越长度 | O7: 其他地况穿越深度 | P7: 穿越次数 | Q7: 定向钻井口数量 | AF7: 建安工程费用 | AG7: 补偿费用 | AH7: 利息费用 | AI7: 其他费用 | AJ7: 小计 | AL7: 原值 | AM7: 净值 | AN7: 原值 | AO7: 成新率% | AP7: 净值
AJ8: =SUM(AF8:AI8) -> 0 | AP8: =ROUND(AN8*AO8/100,0) -> 0 | AQ8: =IF(AM8=0,"",(AP8-AM8)/AM8*100)
AJ9: =SUM(AF9:AI9) -> 0 | AP9: =ROUND(AN9*AO9/100,0) -> 0 | AQ9: =IF(AM9=0,"",(AP9-AM9)/AM9*100)
AJ10: =SUM(AF10:AI10) -> 0 | AP10: =ROUND(AN10*AO10/100,0) -> 0 | AQ10: =IF(AM10=0,"",(AP10-AM10)/AM10*100)
AJ11: =SUM(AF11:AI11) -> 0 | AP11: =ROUND(AN11*AO11/100,0) -> 0 | AQ11: =IF(AM11=0,"",(AP11-AM11)/AM11*100)
AJ12: =SUM(AF12:AI12) -> 0 | AP12: =ROUND(AN12*AO12/100,0) -> 0 | AQ12: =IF(AM12=0,"",(AP12-AM12)/AM12*100)
AJ13: =SUM(AF13:AI13) -> 0 | AP13: =ROUND(AN13*AO13/100,0) -> 0 | AQ13: =IF(AM13=0,"",(AP13-AM13)/AM13*100)
AJ14: =SUM(AF14:AI14) -> 0 | AP14: =ROUND(AN14*AO14/100,0) -> 0 | AQ14: =IF(AM14=0,"",(AP14-AM14)/AM14*100)
AJ15: =SUM(AF15:AI15) -> 0 | AP15: =ROUND(AN15*AO15/100,0) -> 0 | AQ15: =IF(AM15=0,"",(AP15-AM15)/AM15*100)
AJ16: =SUM(AF16:AI16) -> 0 | AP16: =ROUND(AN16*AO16/100,0) -> 0 | AQ16: =IF(AM16=0,"",(AP16-AM16)/AM16*100)
AJ17: =SUM(AF17:AI17) -> 0 | AP17: =ROUND(AN17*AO17/100,0) -> 0 | AQ17: =IF(AM17=0,"",(AP17-AM17)/AM17*100)
AJ18: =SUM(AF18:AI18) -> 0 | AP18: =ROUND(AN18*AO18/100,0) -> 0 | AQ18: =IF(AM18=0,"",(AP18-AM18)/AM18*100)
AJ19: =SUM(AF19:AI19) -> 0 | AP19: =ROUND(AN19*AO19/100,0) -> 0 | AQ19: =IF(AM19=0,"",(AP19-AM19)/AM19*100)
... AJ25: =SUM(AF25:AI25) -> 0 | AP25: =ROUND(AN25*AO25/100,0) -> 0 | AQ25: =IF(AM25=0,"",(AP25-AM25)/AM25*100)
A26: 合 计 | AF26: =SUM(AF8:AF25) -> 0 | AG26: =SUM(AG8:AG25) -> 0 | AH26: =SUM(AH8:AH25) -> 0 | AI26: =SUM(AI8:AI25) -> 0 | AJ26: =SUM(AJ8:AJ25) -> 0 | AK26: =SUM(AK8:AK25) -> 0 | AL26: =SUM(AL8:AL25) -> 0 | AM26: =SUM(AM8:AM25) -> 0 | AN26: =SUM(AN8:AN25) -> 0 | AP26: =SUM(AP8:AP25) -> 0 | AQ26: =IF(AM26=0,"",(AP26-AM26)/AM26*100)
A27: 减：管道和沟槽减值准备 | AQ27: =IF(AM27=0,"",(AP27-AM27)/AM27*100)
A28: 合 计 | AF28: =AF26-AF27 -> 0 | AG28: =AG26-AG27 -> 0 | AH28: =AH26-AH27 -> 0 | AI28: =AI26-AI27 -> 0 | AJ28: =AJ26-AJ27 -> 0 | AK28: =AK26-AK27 -> 0 | AL28: =AL26-AL27 -> 0 | AM28: =AM26-AM27 -> 0 | AN28: =AN26-AN27 -> 0 | AP28: =AP26-AP27 -> 0 | AQ28: =IF(AM28=0,"",(AP28-AM28)/AM28*100)
A29: =封面!D11&封面!F11 -> 产权持有人填表人： | AN29: ="评估人员："&封面!F23 -> 评估人员：
A30: =CONCATENATE(封面!D15,封面!F15,封面!G15,封面!H15,封面!I15,封面!J15,封面!K15) -> 填表日期：2022年6月28日

Sheet 机器设备
A1: 返回索引页 | B1: 返回
A2: 固定资产—机器设备评估明细表
A3: =CONCATENATE(封面!D9,封面!F9,封面!G9,封面!H9,封面!I9,封面!J9,封面!K9) -> 评估基准日：2022年7月22日
A4: =封面!D7&封面!F7 -> 产权持有人：抚顺经济开发区诚达融资担保有限公司 | U4: 金额单位：人民币元
A5: 序号 | B5: 设备编号 | C5: 设备名称 | D5: 规格型号 | E5: 使用单位 | F5: 生产厂家 | G5: 计量单位 | H5: 数量 | I5: 购置日期 | J5: 启用日期 | K5: 折旧年限 | L5: 残值率 | M5: 审计前账面值 | O5: 账面价值 | Q5: 评估价值 | T5: 增值率% | U5: 备注
M6: 原值 | N6: 净值 | O6: 原值 | P6: 净值 | Q6: 原值 | R6: 成新率% | S6: 净值
A7: 一、 | C7: 机器设备 | N7: 2000 | T7: =IF(P7=0,"",(S7-P7)/P7*100)
A8: ='[8]5、设备评估表 (2)'!A2 -> 1 | B8: ='[8]5、设备评估表 (2)'!B2 -> 0 | C8: ='[8]5、设备评估表 (2)'!C2 -> 卧式加工中心 | D8: ='[8]5、设备评估表 (2)'!D2 -> NH6300GCG11 | F8: ='[8]5、设备评估表 (2)'!G2 -> 日本森精机制作所 | G8: ='[8]5、设备评估表 (2)'!E2 -> 台 | H8: ='[8]5、设备评估表 (2)'!F2 -> 1 | I8: ='[8]5、设备评估表 (2)'!H2 -> 41305 | J8: =I8 -> 41305 | Q8: ='[8]5、设备评估表 (2)'!J2 -> 1911700 | R8: ='[8]5、设备评估表 (2)'!K2*100 -> 32 | S8: =ROUND(Q8*R8/100,0) -> 611744 | U8: ='[8]5、设备评估表 (2)'!N2 -> B1 | V8: =R8-'[8]5、设备评估表 (2)'!$K2*100 -> 0
A9: ='[8]5、设备评估表 (2)'!A3 -> 2 | B9: ='[8]5、设备评估表 (2)'!B3 -> 0 | C9: ='[8]5、设备评估表 (2)'!C3 -> 卧式加工中心 | D9: ='[8]5、设备评估表 (2)'!D3 -> NH8000GCG11 | F9: ='[8]5、设备评估表 (2)'!G3 -> 日本森精机制作所 | G9: ='[8]5、设备评估表 (2)'!E3 -> 台 | H9: ='[8]5、设备评估表 (2)'!F3 -> 1 | I9: ='[8]5、设备评估表 (2)'!H3 -> 41305 | J9: =I9 -> 41305 | Q9: ='[8]5、设备评估表 (2)'!J3 -> 2624600 | R9: ='[8]5、设备评估表 (2)'!K3*100 -> 32 | S9: =ROUND(Q9*R9/100,0) -> 839872 | U9: ='[8]5、设备评估表 (2)'!N3 -> B1 | V9: =R9-'[8]5、设备评估表 (2)'!$K3*100 -> 0
A10: ='[8]5、设备评估表 (2)'!A4 -> 3 | B10: ='[8]5、设备评估表 (2)'!B4 -> 0 | C10: ='[8]5、设备评估表 (2)'!C4 -> 电动攻丝机 | D10: ='[8]5、设备评估表 (2)'!D4 -> S40-16-800 | F10: ='[8]5、设备评估表 (2)'!G4 -> 扬州德科机电制造有限公司 | G10: ='[8]5、设备评估表 (2)'!E4 -> 台 | H10: ='[8]5、设备评估表 (2)'!F4 -> 1 | I10: ='[8]5、设备评估表 (2)'!H4 -> 41305 | J10: =I10 -> 41305 | Q10: ='[8]5、设备评估表 (2)'!J4 -> 18000 | R10: ='[8]5、设备评估表 (2)'!K4*100 -> 41 | S10: =ROUND(Q10*R10/100,0) -> 7380 | U10: ='[8]5、设备评估表 (2)'!N4 -> B1 | V10: =R10-'[8]5、设备评估表 (2)'!$K4*100 -> 0
A11: ='[8]5、设备评估表 (2)'!A5 -> 4 | B11: ='[8]5、设备评估表 (2)'!B5 -> 0 | C11: ='[8]5、设备评估表 (2)'!C5 -> Q3750抛丸机 | D11: ='[8]5、设备评估表 (2)'!D5 -> Q3750 | F11: ='[8]5、设备评估表 (2)'!G5 -> 浙江大丰鑫桥铸造公司 | G11: ='[8]5、设备评估表 (2)'!E5 -> 台 | H11: ='[8]5、设备评估表 (2)'!F5 -> 1 | I11: ='[8]5、设备评估表 (2)'!H5 -> 41090 | J11: =I11 -> 41090 | Q11: ='[8]5、设备评估表 (2)'!J5 -> 155000 | R11: ='[8]5、设备评估表 (2)'!K5*100 -> 40 | S11: =ROUND(Q11*R11/100,0) -> 62000 | U11: ='[8]5、设备评估表 (2)'!N5 -> B2 | V11: =R11-'[8]5、设备评估表 (2)'!$K5*100 -> 0
A12: ='[8]5、设备评估表 (2)'!A6 -> 5 | B12: ='[8]5、设备评估表 (2)'!B6 -> 0 | C12: ='[8]5、设备评估表 (2)'!C6 -> 数控铣床/立式加工中心 | D12: ='[8]5、设备评估表 (2)'!D6 -> DTC1580 | F12: ='[8]5、设备评估表 (2)'!G6 -> 云南鼎泰数控机床厂 | G12: ='[8]5、设备评估表 (2)'!E6 -> 台 | H12: ='[8]5、设备评估表 (2)'!F6 -> 1 | I12: ='[8]5、设备评估表 (2)'!H6 -> 41305 | J12: =I12 -> 41305 | Q12: ='[8]5、设备评估表 (2)'!J6 -> 670000 | R12: ='[8]5、设备评估表 (2)'!K6*100 -> 41 | S12: =ROUND(Q12*R12/100,0) -> 274700 | U12: ='[8]5、设备评估表 (2)'!N6 -> B1 | V12: =R12-'[8]5、设备评估表 (2)'!$K6*100 -> 0
A13: ='[8]5、设备评估表 (2)'!A7 -> 6 | B13: ='[8]5、设备评估表 (2)'!B7 -> 0 | C13: ='[8]5、设备评估表 (2)'!C7 -> 数控车床 | D13: ='[8]5、设备评估表 (2)'!D7 -> CKA6180A | F13: ='[8]5、设备评估表 (2)'!G7 -> 沈阳久诺机电设备有限公司 | G13: ='[8]5、设备评估表 (2)'!E7 -> 台 | H13: ='[8]5、设备评估表 (2)'!F7 -> 1 | I13: ='[8]5、设备评估表 (2)'!H7 -> 41274 | J13: =I13 -> 41274 | Q13: ='[8]5、设备评估表 (2)'!J7 -> 260000 | R13: ='[8]5、设备评估表 (2)'!K7*100 -> 38 | S13: =ROUND(Q13*R13/100,0) -> 98800 | U13: ='[8]5、设备评估表 (2)'!N7 -> B1 | V13: =R13-'[8]5、设备评估表 (2)'!$K7*100 -> 0
A14: ='[8]5、设备评估表 (2)'!A8 -> 7 | B14: ='[8]5、设备评估表 (2)'!B8 -> 0 | C14: ='[8]5、设备评估表 (2)'!C8 -> 数控卧式铣镗床 | D14: ='[8]5、设备评估表 (2)'!D8 -> TK6511B | F14: ='[8]5、设备评估表 (2)'!G8 -> 沈阳机床股份公司中捷机床厂 | G14: ='[8]5、设备评估表 (2)'!E8 -> 台 | H14: ='[8]5、设备评估表 (2)'!F8 -> 1 | I14: ='[8]5、设备评估表 (2)'!H8 -> 41425 | J14: =I14 -> 41425 | Q14: ='[8]5、设备评估表 (2)'!J8 -> 1850000 | R14: ='[8]5、设备评估表 (2)'!K8*100 -> 41 | S14: =ROUND(Q14*R14/100,0) -> 758500 | U14: ='[8]5、设备评估表 (2)'!N8 -> B1 | V14: =R14-'[8]5、设备评估表 (2)'!$K8*100 -> 0
A15: ='[8]5、设备评估表 (2)'!A9 -> 8 | B15: ='[8]5、设备评估表 (2)'!B9 -> 0 | C15: ='[8]5、设备评估表 (2)'!C9 -> 对刀仪 | D15: ='[8]5、设备评估表 (2)'!D9 -> P280050X5Z5NLAK11TM | F15: ='[8]5、设备评估表 (2)'!G9 -> 瑞士PWB | G15: ='[8]5、设备评估表 (2)'!E9 -> 台 | H15: ='[8]5、设备评估表 (2)'!F9 -> 1 | I15: ='[8]5、设备评估表 (2)'!H9 -> 41639 | J15: =I15 -> 41639 | Q15: ='[8]5、设备评估表 (2)'!J9 -> 120000 | R15: ='[8]5、设备评估表 (2)'!K9*100 -> 45 | S15: =ROUND(Q15*R15/100,0) -> 54000 | U15: ='[8]5、设备评估表 (2)'!N9 -> B1 | V15: =R15-'[8]5、设备评估表 (2)'!$K9*100 -> 0
A16: ='[8]5、设备评估表 (2)'!A10 -> 9 | B16: ='[8]5、设备评估表 (2)'!B10 -> 0 | C16: ='[8]5、设备评估表 (2)'!C10 -> 数控卧式铣镗床 | D16: ='[8]5、设备评估表 (2)'!D10 -> TKP6513 | F16: ='[8]5、设备评估表 (2)'!G10 -> 沈阳机床股份公司中捷机床厂 | G16: ='[8]5、设备评估表 (2)'!E10 -> 台 | H16: ='[8]5、设备评估表 (2)'!F10 -> 1 | I16: ='[8]5、设备评估表 (2)'!H10 -> 41425 | J16: =I16 -> 41425 | Q16: ='[8]5、设备评估表 (2)'!J10 -> 2450000 | R16: ='[8]5、设备评估表 (2)'!K10*100 -> 41 | S16: =ROUND(Q16*R16/100,0) -> 1004500 | U16: ='[8]5、设备评估表 (2)'!N10 -> B1 | V16: =R16-'[8]5、设备评估表 (2)'!$K10*100 -> 0
A17: ='[8]5、设备评估表 (2)'!A11 -> 10 | B17: ='[8]5、设备评估表 (2)'!B11 -> 0 | C17: ='[8]5、设备评估表 (2)'!C11 -> 前置过滤器 | D17: ='[8]5、设备评估表 (2)'!D11 -> DDX190 | F17: ='[8]5、设备评估表 (2)'!G11 -> 无锡阿特拉斯科普柯压缩机有限公司 | G17: ='[8]5、设备评估表 (2)'!E11 -> 台 | H17: ='[8]5、设备评估表 (2)'!F11 -> 1 | I17: ='[8]5、设备评估表 (2)'!H11 -> 41639 | J17: =I17 -> 41639 | Q17: ='[8]5、设备评估表 (2)'!J11 -> 3500 | R17: ='[8]5、设备评估表 (2)'!K11*100 -> 40 | S17: =ROUND(Q17*R17/100,0) -> 1400 | U17: ='[8]5、设备评估表 (2)'!N11 -> A5 | V17: =R17-'[8]5、设备评估表 (2)'!$K11*100 -> 0
A18: ='[8]5、设备评估表 (2)'!A12 -> 11 | B18: ='[8]5、设备评估表 (2)'!B12 -> 0 | C18: ='[8]5、设备评估表 (2)'!C12 -> 过滤器 | D18: ='[8]5、设备评估表 (2)'!D12 -> DDX190 | F18: ='[8]5、设备评估表 (2)'!G12 -> 无锡阿特拉斯科普柯压缩机有限公司 | G18: ='[8]5、设备评估表 (2)'!E12 -> 台 | H18: ='[8]5、设备评估表 (2)'!F12 -> 1 | I18: ='[8]5、设备评估表 (2)'!H12 -> 41639 | J18: =I18 -> 41639 | Q18: ='[8]5、设备评估表 (2)'!J12 -> 3500 | R18: ='[8]5、设备评估表 (2)'!K12*100 -> 40 | S18: =ROUND(Q18*R18/100,0) -> 1400 | U18: ='[8]5、设备评估表 (2)'!N12 -> A5 | V18: =R18-'[8]5、设备评估表 (2)'!$K12*100 -> 0
A19: ='[8]5、设备评估表 (2)'!A13 -> 12 | B19: ='[8]5、设备评估表 (2)'!B13 -> 0 | C19: ='[8]5、设备评估表 (2)'!C13 -> 变频螺杆压缩机 | D19: ='[8]5、设备评估表 (2)'!D13 -> GAE.30VSD | F19: ='[8]5、设备评估表 (2)'!G13 -> 无锡阿特拉斯科普柯压缩机有限公司 | G19: ='[8]5、设备评估表 (2)'!E13 -> 台 | H19: ='[8]5、设备评估表 (2)'!F13 -> 1 | I19: ='[8]5、设备评估表 (2)'!H13 -> 41305 | J19: =I19 -> 41305 | Q19: ='[8]5、设备评估表 (2)'!J13 -> 72000 | R19: ='[8]5、设备评估表 (2)'!K13*100 -> 42 | S19: =ROUND(Q19*R19/100,0) -> 30240 | U19: ='[8]5、设备评估表 (2)'!N13 -> B1 | V19: =R19-'[8]5、设备评估表 (2)'!$K13*100 -> 0
... A185: ='[8]5、设备评估表 (2)'!A179 -> 178 | B185: ='[8]5、设备评估表 (2)'!B179 -> 0 | C185: ='[8]5、设备评估表 (2)'!C179 -> 固定式双臂混砂机（组合设备） | D185: ='[8]5、设备评估表 (2)'!D179 -> DS12 | F185: ='[8]5、设备评估表 (2)'!G179 -> 济南第二机床有限公司成套设备 | G185: ='[8]5、设备评估表 (2)'!E179 -> 套 | H185: ='[8]5、设备评估表 (2)'!F179 -> 1 | I185: ='[8]5、设备评估表 (2)'!H179 -> 41274 | J185: =I185 -> 41274 | Q185: ='[8]5、设备评估表 (2)'!J179 -> 3774000 | R185: ='[8]5、设备评估表 (2)'!K179*100 -> 43 | S185: =ROUND(Q185*R185/100,0) -> 1622820 | U185: ='[8]5、设备评估表 (2)'!N179 -> B2 | V185: =R185-'[8]5、设备评估表 (2)'!$K179*100 -> 0
A186: ='[8]5、设备评估表 (2)'!A180 -> 179 | B186: ='[8]5、设备评估表 (2)'!B180 -> 0 | C186: ='[8]5、设备评估表 (2)'!C180 -> 固定式双臂混砂机 | D186: ='[8]5、设备评估表 (2)'!D180 -> DS25 | F186: ='[8]5、设备评估表 (2)'!G180 -> 济南第二机床有限公司成套设备 | G186: ='[8]5、设备评估表 (2)'!E180 -> 台 | H186: ='[8]5、设备评估表 (2)'!F180 -> 1 | I186: ='[8]5、设备评估表 (2)'!H180 -> 41274 | J186: =I186 -> 41274 | U186: ='[8]5、设备评估表 (2)'!N180 -> B2 | V186: =R186-'[8]5、设备评估表 (2)'!$K180*100 -> 0
A187: ='[8]5、设备评估表 (2)'!A181 -> 180 | B187: ='[8]5、设备评估表 (2)'!B181 -> 0 | C187: ='[8]5、设备评估表 (2)'!C181 -> 固定式双臂混砂机 | D187: ='[8]5、设备评估表 (2)'!D181 -> DS12 | F187: ='[8]5、设备评估表 (2)'!G181 -> 济南第二机床有限公司成套设备 | G187: ='[8]5、设备评估表 (2)'!E181 -> 台 | H187: ='[8]5、设备评估表 (2)'!F181 -> 1 | I187: ='[8]5、设备评估表 (2)'!H181 -> 41274 | J187: =I187 -> 41274 | U187: ='[8]5、设备评估表 (2)'!N181 -> B2 | V187: =R187-'[8]5、设备评估表 (2)'!$K181*100 -> 0
A188: ='[8]5、设备评估表 (2)'!A182 -> 181 | B188: ='[8]5、设备评估表 (2)'!B182 -> 0 | C188: ='[8]5、设备评估表 (2)'!C182 -> 离心通风机 | D188: ='[8]5、设备评估表 (2)'!D182 -> 4-68-10D | F188: ='[8]5、设备评估表 (2)'!G182 -> 济南第二机床有限公司成套设备 | G188: ='[8]5、设备评估表 (2)'!E182 -> 台 | H188: ='[8]5、设备评估表 (2)'!F182 -> 1 | I188: ='[8]5、设备评估表 (2)'!H182 -> 41274 | J188: =I188 -> 41274 | U188: ='[8]5、设备评估表 (2)'!N182 -> B2东外 | V188: =R188-'[8]5、设备评估表 (2)'!$K182*100 -> 0
A189: ='[8]5、设备评估表 (2)'!A183 -> 182 | B189: ='[8]5、设备评估表 (2)'!B183 -> 0 | C189: ='[8]5、设备评估表 (2)'!C183 -> 离心通风机 | D189: ='[8]5、设备评估表 (2)'!D183 -> 4-68-10D | F189: ='[8]5、设备评估表 (2)'!G183 -> 济南第二机床有限公司成套设备 | G189: ='[8]5、设备评估表 (2)'!E183 -> 台 | H189: ='[8]5、设备评估表 (2)'!F183 -> 1 | I189: ='[8]5、设备评估表 (2)'!H183 -> 41274 | J189: =I189 -> 41274 | U189: ='[8]5、设备评估表 (2)'!N183 -> B2东外 | V189: =R189-'[8]5、设备评估表 (2)'!$K183*100 -> 0
A190: ='[8]5、设备评估表 (2)'!A184 -> 183 | B190: ='[8]5、设备评估表 (2)'!B184 -> 0 | C190: ='[8]5、设备评估表 (2)'!C184 -> 除尘设备 | D190: ='[8]5、设备评估表 (2)'!D184 -> 布袋 | F190: ='[8]5、设备评估表 (2)'!G184 -> 济南第二机床有限公司成套设备 | G190: ='[8]5、设备评估表 (2)'!E184 -> 台 | H190: ='[8]5、设备评估表 (2)'!F184 -> 1 | I190: ='[8]5、设备评估表 (2)'!H184 -> 41274 | J190: =I190 -> 41274 | U190: ='[8]5、设备评估表 (2)'!N184 -> B2东外 | V190: =R190-'[8]5、设备评估表 (2)'!$K184*100 -> 0
A191: ='[8]5、设备评估表 (2)'!A185 -> 184 | B191: ='[8]5、设备评估表 (2)'!B185 -> 0 | C191: ='[8]5、设备评估表 (2)'!C185 -> 除尘设备 | D191: ='[8]5、设备评估表 (2)'!D185 -> 布袋 | F191: ='[8]5、设备评估表 (2)'!G185 -> 济南第二机床有限公司成套设备 | G191: ='[8]5、设备评估表 (2)'!E185 -> 台 | H191: ='[8]5、设备评估表 (2)'!F185 -> 1 | I191: ='[8]5、设备评估表 (2)'!H185 -> 41274 | J191: =I191 -> 41274 | U191: ='[8]5、设备评估表 (2)'!N185 -> B2东外 | V191: =R191-'[8]5、设备评估表 (2)'!$K185*100 -> 0
A192: ='[8]5、设备评估表 (2)'!A186 -> 185 | B192: ='[8]5、设备评估表 (2)'!B186 -> 0 | C192: ='[8]5、设备评估表 (2)'!C186 -> 玻璃钢冷却塔 | D192: ='[8]5、设备评估表 (2)'!D186 -> DDN3-80 | F192: ='[8]5、设备评估表 (2)'!G186 -> 济南第二机床有限公司成套设备 | G192: ='[8]5、设备评估表 (2)'!E186 -> 台 | H192: ='[8]5、设备评估表 (2)'!F186 -> 1 | I192: ='[8]5、设备评估表 (2)'!H186 -> 41274 | J192: =I192 -> 41274 | U192: ='[8]5、设备评估表 (2)'!N186 -> B2东外 | V192: =R192-'[8]5、设备评估表 (2)'!$K186*100 -> 0
A193: ='[8]5、设备评估表 (2)'!A187 -> 186 | B193: ='[8]5、设备评估表 (2)'!B187 -> 0 | C193: ='[8]5、设备评估表 (2)'!C187 -> 振动落砂机 | D193: ='[8]5、设备评估表 (2)'!D187 -> 0 | F193: ='[8]5、设备评估表 (2)'!G187 -> 济南第二机床有限公司成套设备 | G193: ='[8]5、设备评估表 (2)'!E187 -> 台 | H193: ='[8]5、设备评估表 (2)'!F187 -> 1 | I193: ='[8]5、设备评估表 (2)'!H187 -> 41274 | J193: =I193 -> 41274 | U193: ='[8]5、设备评估表 (2)'!N187 -> B2 | V193: =R193-'[8]5、设备评估表 (2)'!$K187*100 -> 0
A194: ='[8]5、设备评估表 (2)'!A188 -> 187 | B194: ='[8]5、设备评估表 (2)'!B188 -> 0 | C194: ='[8]5、设备评估表 (2)'!C188 -> 振动破碎机 | D194: ='[8]5、设备评估表 (2)'!D188 -> 0 | F194: ='[8]5、设备评估表 (2)'!G188 -> 济南第二机床有限公司成套设备 | G194: ='[8]5、设备评估表 (2)'!E188 -> 台 | H194: ='[8]5、设备评估表 (2)'!F188 -> 1 | I194: ='[8]5、设备评估表 (2)'!H188 -> 41274 | J194: =I194 -> 41274 | U194: ='[8]5、设备评估表 (2)'!N188 -> B2 | V194: =R194-'[8]5、设备评估表 (2)'!$K188*100 -> 0
A195: ='[8]5、设备评估表 (2)'!A189 -> 188 | B195: ='[8]5、设备评估表 (2)'!B189 -> 0 | C195: ='[8]5、设备评估表 (2)'!C189 -> 呋喃树脂砂再生线系统设备 | D195: ='[8]5、设备评估表 (2)'!D189 -> 4个罐 | F195: ='[8]5、设备评估表 (2)'!G189 -> 济南第二机床有限公司成套设备 | G195: ='[8]5、设备评估表 (2)'!E189 -> 组 | H195: ='[8]5、设备评估表 (2)'!F189 -> 1 | I195: ='[8]5、设备评估表 (2)'!H189 -> 41274 | J195: =I195 -> 41274 | U195: ='[8]5、设备评估表 (2)'!N189 -> B2 | V195: =R195-'[8]5、设备评估表 (2)'!$K189*100 -> 0
A196: ='[8]5、设备评估表 (2)'!A190 -> 189 | B196: ='[8]5、设备评估表 (2)'!B190 -> 0 | C196: ='[8]5、设备评估表 (2)'!C190 -> 单梁起重机 | D196: ='[8]5、设备评估表 (2)'!D190 -> 3T16.5m*9m | F196: ='[8]5、设备评估表 (2)'!G190 -> 抚顺金梁起重机 | G196: ='[8]5、设备评估表 (2)'!E190 -> 台 | H196: ='[8]5、设备评估表 (2)'!F190 -> 1 | I196: ='[8]5、设备评估表 (2)'!H190 -> 41275 | J196: =I196 -> 41275 | Q196: ='[8]5、设备评估表 (2)'!J190 -> 36000 | R196: ='[8]5、设备评估表 (2)'!K190*100 -> 49 | S196: =ROUND(Q196*R196/100,0) -> 17640 | U196: ='[8]5、设备评估表 (2)'!N190 -> B1 | V196: =R196-'[8]5、设备评估表 (2)'!$K190*100 -> 0
A197: ='[8]5、设备评估表 (2)'!A191 -> 190 | B197: ='[8]5、设备评估表 (2)'!B191 -> 0 | C197: ='[8]5、设备评估表 (2)'!C191 -> 单梁起重机 | D197: ='[8]5、设备评估表 (2)'!D191 -> 3T16.5m*9m | F197: ='[8]5、设备评估表 (2)'!G191 -> 抚顺金梁起重机 | G197: ='[8]5、设备评估表 (2)'!E191 -> 台 | H197: ='[8]5、设备评估表 (2)'!F191 -> 1 | I197: ='[8]5、设备评估表 (2)'!H191 -> 41275 | J197: =I197 -> 41275 | Q197: ='[8]5、设备评估表 (2)'!J191 -> 36000 | R197: ='[8]5、设备评估表 (2)'!K191*100 -> 49 | S197: =ROUND(Q197*R197/100,0) -> 17640 | U197: ='[8]5、设备评估表 (2)'!N191 -> B1 | V197: =R197-'[8]5、设备评估表 (2)'!$K191*100 -> 0
A198: ='[8]5、设备评估表 (2)'!A192 -> 191 | B198: ='[8]5、设备评估表 (2)'!B192 -> 0 | C198: ='[8]5、设备评估表 (2)'!C192 -> 单梁起重机 | D198: ='[8]5、设备评估表 (2)'!D192 -> 10T--16.5*12 | F198: ='[8]5、设备评估表 (2)'!G192 -> 抚顺金梁起重机 | G198: ='[8]5、设备评估表 (2)'!E192 -> 台 | H198: ='[8]5、设备评估表 (2)'!F192 -> 1 | I198: ='[8]5、设备评估表 (2)'!H192 -> 41275 | J198: =I198 -> 41275 | Q198: ='[8]5、设备评估表 (2)'!J192 -> 69000 | R198: ='[8]5、设备评估表 (2)'!K192*100 -> 49 | S198: =ROUND(Q198*R198/100,0) -> 33810 | U198: ='[8]5、设备评估表 (2)'!N192 -> B1 | V198: =R198-'[8]5、设备评估表 (2)'!$K192*100 -> 0
A199: ='[8]5、设备评估表 (2)'!A193 -> 192 | B199: ='[8]5、设备评估表 (2)'!B193 -> 0 | C199: ='[8]5、设备评估表 (2)'!C193 -> 单梁吊车 | D199: ='[8]5、设备评估表 (2)'!D193 -> 3T16.5m*9m | F199: ='[8]5、设备评估表 (2)'!G193 -> 抚顺金梁起重机 | G199: ='[8]5、设备评估表 (2)'!E193 -> 台 | H199: ='[8]5、设备评估表 (2)'!F193 -> 1 | I199: ='[8]5、设备评估表 (2)'!H193 -> 41090 | J199: =I199 -> 41090 | Q199: ='[8]5、设备评估表 (2)'!J193 -> 42000 | R199: ='[8]5、设备评估表 (2)'!K193*100 -> 46 | S199: =ROUND(Q199*R199/100,0) -> 19320 | U199: ='[8]5、设备评估表 (2)'!N193 -> B1 | V199: =R199-'[8]5、设备评估表 (2)'!$K193*100 -> 0
A200: ='[8]5、设备评估表 (2)'!A194 -> 193 | B200: ='[8]5、设备评估表 (2)'!B194 -> 0 | C200: ='[8]5、设备评估表 (2)'!C194 -> 单梁吊车 | D200: ='[8]5、设备评估表 (2)'!D194 -> 3T16.5m*9m | F200: ='[8]5、设备评估表 (2)'!G194 -> 抚顺金梁起重机 | G200: ='[8]5、设备评估表 (2)'!E194 -> 台 | H200: ='[8]5、设备评估表 (2)'!F194 -> 1 | I200: ='[8]5、设备评估表 (2)'!H194 -> 41090 | J200: =I200 -> 41090 | Q200: ='[8]5、设备评估表 (2)'!J194 -> 42000 | R200: ='[8]5、设备评估表 (2)'!K194*100 -> 46 | S200: =ROUND(Q200*R200/100,0) -> 19320 | U200: ='[8]5、设备评估表 (2)'!N194 -> B1 | V200: =R200-'[8]5、设备评估表 (2)'!$K194*100 -> 0
A201: ='[8]5、设备评估表 (2)'!A195 -> 194 | B201: ='[8]5、设备评估表 (2)'!B195 -> 0 | C201: ='[8]5、设备评估表 (2)'!C195 -> 单梁吊车 | D201: ='[8]5、设备评估表 (2)'!D195 -> 3T16.5m*9m | F201: ='[8]5、设备评估表 (2)'!G195 -> 抚顺金梁起重机 | G201: ='[8]5、设备评估表 (2)'!E195 -> 台 | H201: ='[8]5、设备评估表 (2)'!F195 -> 1 | I201: ='[8]5、设备评估表 (2)'!H195 -> 41090 | J201: =I201 -> 41090 | Q201: ='[8]5、设备评估表 (2)'!J195 -> 42000 | R201: ='[8]5、设备评估表 (2)'!K195*100 -> 46 | S201: =ROUND(Q201*R201/100,0) -> 19320 | U201: ='[8]5、设备评估表 (2)'!N195 -> B1 | V201: =R201-'[8]5、设备评估表 (2)'!$K195*100 -> 0
A202: ='[8]5、设备评估表 (2)'!A196 -> 195 | B202: ='[8]5、设备评估表 (2)'!B196 -> 0 | C202: ='[8]5、设备评估表 (2)'!C196 -> 单梁吊车 | D202: ='[8]5、设备评估表 (2)'!D196 -> 3T16.5m*9m | F202: ='[8]5、设备评估表 (2)'!G196 -> 抚顺金梁起重机 | G202: ='[8]5、设备评估表 (2)'!E196 -> 台 | H202: ='[8]5、设备评估表 (2)'!F196 -> 1 | I202: ='[8]5、设备评估表 (2)'!H196 -> 41090 | J202: =I202 -> 41090 | Q202: ='[8]5、设备评估表 (2)'!J196 -> 42000 | R202: ='[8]5、设备评估表 (2)'!K196*100 -> 46 | S202: =ROUND(Q202*R202/100,0) -> 19320 | U202: ='[8]5、设备评估表 (2)'!N196 -> B1 | V202: =R202-'[8]5、设备评估表 (2)'!$K196*100 -> 0
A203: ='[8]5、设备评估表 (2)'!A197 -> 196 | B203: ='[8]5、设备评估表 (2)'!B197 -> 0 | C203: ='[8]5、设备评估表 (2)'!C197 -> 单梁吊车 | D203: ='[8]5、设备评估表 (2)'!D197 -> 3T16.5m*9m | F203: ='[8]5、设备评估表 (2)'!G197 -> 抚顺金梁起重机 | G203: ='[8]5、设备评估表 (2)'!E197 -> 台 | H203: ='[8]5、设备评估表 (2)'!F197 -> 1 | I203: ='[8]5、设备评估表 (2)'!H197 -> 41090 | J203: =I203 -> 41090 | Q203: ='[8]5、设备评估表 (2)'!J197 -> 42000 | R203: ='[8]5、设备评估表 (2)'!K197*100 -> 46 | S203: =ROUND(Q203*R203/100,0) -> 19320 | U203: ='[8]5、设备评估表 (2)'!N197 -> B1 | V203: =R203-'[8]5、设备评估表 (2)'!$K197*100 -> 0
A204: ='[8]5、设备评估表 (2)'!A198 -> 197 | B204: ='[8]5、设备评估表 (2)'!B198 -> 0 | C204: ='[8]5、设备评估表 (2)'!C198 -> 单梁吊车 | D204: ='[8]5、设备评估表 (2)'!D198 -> 3T16.5m*9m | F204: ='[8]5、设备评估表 (2)'!G198 -> 抚顺金梁起重机 | G204: ='[8]5、设备评估表 (2)'!E198 -> 台 | H204: ='[8]5、设备评估表 (2)'!F198 -> 1 | I204: ='[8]5、设备评估表 (2)'!H198 -> 41090 | J204: =I204 -> 41090 | Q204: ='[8]5、设备评估表 (2)'!J198 -> 42000 | R204: ='[8]5、设备评估表 (2)'!K198*100 -> 46 | S204: =ROUND(Q204*R204/100,0) -> 19320 | U204: ='[8]5、设备评估表 (2)'!N198 -> B1 | V204: =R204-'[8]5、设备评估表 (2)'!$K198*100 -> 0
A205: ='[8]5、设备评估表 (2)'!A199 -> 198 | B205: ='[8]5、设备评估表 (2)'!B199 -> 0 | C205: ='[8]5、设备评估表 (2)'!C199 -> 单梁吊车 | D205: ='[8]5、设备评估表 (2)'!D199 -> 3TD16.5m | F205: ='[8]5、设备评估表 (2)'!G199 -> 抚顺金梁起重机 | G205: ='[8]5、设备评估表 (2)'!E199 -> 台 | H205: ='[8]5、设备评估表 (2)'!F199 -> 1 | I205: ='[8]5、设备评估表 (2)'!H199 -> 41090 | J205: =I205 -> 41090 | Q205: ='[8]5、设备评估表 (2)'!J199 -> 42000 | R205: ='[8]5、设备评估表 (2)'!K199*100 -> 46 | S205: =ROUND(Q205*R205/100,0) -> 19320 | U205: ='[8]5、设备评估表 (2)'!N199 -> A1 | V205: =R205-'[8]5、设备评估表 (2)'!$K199*100 -> 0
A206: ='[8]5、设备评估表 (2)'!A200 -> 199 | B206: ='[8]5、设备评估表 (2)'!B200 -> 0 | C206: ='[8]5、设备评估表 (2)'!C200 -> 单梁吊车 | D206: ='[8]5、设备评估表 (2)'!D200 -> 3T16.5m | F206: ='[8]5、设备评估表 (2)'!G200 -> 抚顺金梁起重机 | G206: ='[8]5、设备评估表 (2)'!E200 -> 台 | H206: ='[8]5、设备评估表 (2)'!F200 -> 1 | I206: ='[8]5、设备评估表 (2)'!H200 -> 41090 | J206: =I206 -> 41090 | Q206: ='[8]5、设备评估表 (2)'!J200 -> 42000 | R206: ='[8]5、设备评估表 (2)'!K200*100 -> 46 | S206: =ROUND(Q206*R206/100,0) -> 19320 | U206: ='[8]5、设备评估表 (2)'!N200 -> A1 | V206: =R206-'[8]5、设备评估表 (2)'!$K200*100 -> 0
A207: ='[8]5、设备评估表 (2)'!A201 -> 200 | B207: ='[8]5、设备评估表 (2)'!B201 -> 0 | C207: ='[8]5、设备评估表 (2)'!C201 -> 单梁吊车 | D207: ='[8]5、设备评估表 (2)'!D201 -> 3T16.5m*9m | F207: ='[8]5、设备评估表 (2)'!G201 -> 抚顺金梁起重机 | G207: ='[8]5、设备评估表 (2)'!E201 -> 台 | H207: ='[8]5、设备评估表 (2)'!F201 -> 1 | I207: ='[8]5、设备评估表 (2)'!H201 -> 41090 | J207: =I207 -> 41090 | Q207: ='[8]5、设备评估表 (2)'!J201 -> 42000 | R207: ='[8]5、设备评估表 (2)'!K201*100 -> 46 | S207: =ROUND(Q207*R207/100,0) -> 19320 | U207: ='[8]5、设备评估表 (2)'!N201 -> A1 | V207: =R207-'[8]5、设备评估表 (2)'!$K201*100 -> 0
... A282: ='[8]5、设备评估表 (2)'!A276 -> 275 | B282: ='[8]5、设备评估表 (2)'!B276 -> 0 | C282: ='[8]5、设备评估表 (2)'!C276 -> 普通车床 | D282: ='[8]5、设备评估表 (2)'!D276 -> CA6261A，610*1000 | F282: ='[8]5、设备评估表 (2)'!G276 -> 中捷机床厂 | G282: ='[8]5、设备评估表 (2)'!E276 -> 台 | H282: ='[8]5、设备评估表 (2)'!F276 -> 1 | I282: ='[8]5、设备评估表 (2)'!H276 -> 38717 | J282: =I282 -> 38717 | Q282: ='[8]5、设备评估表 (2)'!J276 -> 72000 | R282: ='[8]5、设备评估表 (2)'!K276*100 -> 15 | S282: =ROUND(Q282*R282/100,0) -> 10800 | U282: ='[8]5、设备评估表 (2)'!N276 -> A3 | V282: =R282-'[8]5、设备评估表 (2)'!$K276*100 -> 0
A283: ='[8]5、设备评估表 (2)'!A277 -> 276 | B283: ='[8]5、设备评估表 (2)'!B277 -> 0 | C283: ='[8]5、设备评估表 (2)'!C277 -> 卧式离心泵 | D283: ='[8]5、设备评估表 (2)'!D277 -> ISWR40 | F283: ='[8]5、设备评估表 (2)'!G277 -> 上海双泉泵业有限公司 | G283: ='[8]5、设备评估表 (2)'!E277 -> 台 | H283: ='[8]5、设备评估表 (2)'!F277 -> 1 | I283: ='[8]5、设备评估表 (2)'!H277 -> 40512 | J283: =I283 -> 40512 | Q283: ='[8]5、设备评估表 (2)'!J277 -> 0 | R283: ='[8]5、设备评估表 (2)'!K277*100 -> 0 | S283: =ROUND(Q283*R283/100,0) -> 0 | U283: 无实物 | V283: =R283-'[8]5、设备评估表 (2)'!$K277*100 -> 0
A284: ='[8]5、设备评估表 (2)'!A278 -> 277 | B284: ='[8]5、设备评估表 (2)'!B278 -> 0 | C284: ='[8]5、设备评估表 (2)'!C278 -> 电阻加热炉 | D284: ='[8]5、设备评估表 (2)'!D278 -> RR-75-8 | F284: ='[8]5、设备评估表 (2)'!G278 -> 沈阳兴科炉业有限公司 | G284: ='[8]5、设备评估表 (2)'!E278 -> 台 | H284: ='[8]5、设备评估表 (2)'!F278 -> 2 | I284: ='[8]5、设备评估表 (2)'!H278 -> 38717 | J284: =I284 -> 38717 | Q284: ='[8]5、设备评估表 (2)'!J278 -> 36000 | R284: ='[8]5、设备评估表 (2)'!K278*100 -> 10 | S284: =ROUND(Q284*R284/100,0) -> 3600 | U284: ='[8]5、设备评估表 (2)'!N278 -> A4 | V284: =R284-'[8]5、设备评估表 (2)'!$K278*100 -> 0
A285: ='[8]5、设备评估表 (2)'!A279 -> 278 | B285: ='[8]5、设备评估表 (2)'!B279 -> 0 | C285: ='[8]5、设备评估表 (2)'!C279 -> 常压热水锅炉 | D285: ='[8]5、设备评估表 (2)'!D279 -> CDZH2.8-85/60-A11 | F285: ='[8]5、设备评估表 (2)'!G279 -> 凤城三田热能公司 | G285: ='[8]5、设备评估表 (2)'!E279 -> 台 | H285: ='[8]5、设备评估表 (2)'!F279 -> 6 | I285: ='[8]5、设备评估表 (2)'!H279 -> 41639 | J285: =I285 -> 41639 | Q285: ='[8]5、设备评估表 (2)'!J279 -> 1260000 | R285: ='[8]5、设备评估表 (2)'!K279*100 -> 15 | S285: =ROUND(Q285*R285/100,0) -> 189000 | U285: ='[8]5、设备评估表 (2)'!N279 -> B3锅炉房 | V285: =R285-'[8]5、设备评估表 (2)'!$K279*100 -> 0
A286: ='[8]5、设备评估表 (2)'!A280 -> 279 | B286: ='[8]5、设备评估表 (2)'!B280 -> 0 | C286: ='[8]5、设备评估表 (2)'!C280 -> 环链刮板除渣机 | D286: ='[8]5、设备评估表 (2)'!D280 -> GBC-12 | F286: ='[8]5、设备评估表 (2)'!G280 -> 凤城铧洋公司 | G286: ='[8]5、设备评估表 (2)'!E280 -> 台 | H286: ='[8]5、设备评估表 (2)'!F280 -> 1 | I286: ='[8]5、设备评估表 (2)'!H280 -> 41640 | J286: =I286 -> 41640 | Q286: ='[8]5、设备评估表 (2)'!J280 -> 26000 | R286: ='[8]5、设备评估表 (2)'!K280*100 -> 15 | S286: =ROUND(Q286*R286/100,0) -> 3900 | U286: ='[8]5、设备评估表 (2)'!N280 -> B3锅炉房 | V286: =R286-'[8]5、设备评估表 (2)'!$K280*100 -> 0
A287: ='[8]5、设备评估表 (2)'!A281 -> 280 | B287: ='[8]5、设备评估表 (2)'!B281 -> 0 | C287: ='[8]5、设备评估表 (2)'!C281 -> 电动攻丝机 | D287: ='[8]5、设备评估表 (2)'!D281 -> S40-16-800 | F287: ='[8]5、设备评估表 (2)'!G281 -> 扬州德科机电制造有限公司 | G287: ='[8]5、设备评估表 (2)'!E281 -> 台 | H287: ='[8]5、设备评估表 (2)'!F281 -> 1 | I287: ='[8]5、设备评估表 (2)'!H281 -> 41304 | J287: =I287 -> 41304 | Q287: ='[8]5、设备评估表 (2)'!J281 -> 0 | R287: ='[8]5、设备评估表 (2)'!K281*100 -> 0 | S287: =ROUND(Q287*R287/100,0) -> 0 | U287: 无实物 | V287: =R287-'[8]5、设备评估表 (2)'!$K281*100 -> 0
A288: ='[8]5、设备评估表 (2)'!A282 -> 281 | B288: ='[8]5、设备评估表 (2)'!B282 -> 0 | C288: ='[8]5、设备评估表 (2)'!C282 -> 冷冻式压缩空气干燥机 | D288: ='[8]5、设备评估表 (2)'!D282 -> SRCD-10F规格13.5m3/min | F288: ='[8]5、设备评估表 (2)'!G282 -> 杭州临安盛润机械设备有限公司 | G288: ='[8]5、设备评估表 (2)'!E282 -> 台 | H288: ='[8]5、设备评估表 (2)'!F282 -> 1 | I288: ='[8]5、设备评估表 (2)'!H282 -> 41090 | J288: =I288 -> 41090 | Q288: ='[8]5、设备评估表 (2)'!J282 -> 14000 | R288: ='[8]5、设备评估表 (2)'!K282*100 -> 40 | S288: =ROUND(Q288*R288/100,0) -> 5600 | U288: ='[8]5、设备评估表 (2)'!N282 -> B2 | V288: =R288-'[8]5、设备评估表 (2)'!$K282*100 -> 0
A289: ='[8]5、设备评估表 (2)'!A283 -> 282 | B289: ='[8]5、设备评估表 (2)'!B283 -> 0 | C289: ='[8]5、设备评估表 (2)'!C283 -> 台式钻床 | D289: ='[8]5、设备评估表 (2)'!D283 -> ZA4112 | F289: ='[8]5、设备评估表 (2)'!G283 -> 沈阳台钻厂 | G289: ='[8]5、设备评估表 (2)'!E283 -> 台 | H289: ='[8]5、设备评估表 (2)'!F283 -> 1 | I289: ='[8]5、设备评估表 (2)'!H283 -> 33969 | J289: =I289 -> 33969 | Q289: ='[8]5、设备评估表 (2)'!J283 -> 2100 | R289: ='[8]5、设备评估表 (2)'!K283*100 -> 10 | S289: =ROUND(Q289*R289/100,0) -> 210 | U289: ='[8]5、设备评估表 (2)'!N283 -> A5 | V289: =R289-'[8]5、设备评估表 (2)'!$K283*100 -> 0
A290: ='[8]5、设备评估表 (2)'!A284 -> 283 | B290: ='[8]5、设备评估表 (2)'!B284 -> 0 | C290: ='[8]5、设备评估表 (2)'!C284 -> 动力箱 | D290: ='[8]5、设备评估表 (2)'!D284 -> 0 | F290: ='[8]5、设备评估表 (2)'!G284 -> 0 | G290: ='[8]5、设备评估表 (2)'!E284 -> 台 | H290: ='[8]5、设备评估表 (2)'!F284 -> 6 | I290: ='[8]5、设备评估表 (2)'!H284 -> 40908 | J290: =I290 -> 40908 | Q290: ='[8]5、设备评估表 (2)'!J284 -> 18000 | R290: ='[8]5、设备评估表 (2)'!K284*100 -> 36 | S290: =ROUND(Q290*R290/100,0) -> 6480 | U290: ='[8]5、设备评估表 (2)'!N284 -> B3 | V290: =R290-'[8]5、设备评估表 (2)'!$K284*100 -> 0
A291: ='[8]5、设备评估表 (2)'!A285 -> 284 | B291: ='[8]5、设备评估表 (2)'!B285 -> 0 | C291: ='[8]5、设备评估表 (2)'!C285 -> 动力柜 | D291: ='[8]5、设备评估表 (2)'!D285 -> XL-21 | F291: ='[8]5、设备评估表 (2)'!G285 -> 0 | G291: ='[8]5、设备评估表 (2)'!E285 -> 台 | H291: ='[8]5、设备评估表 (2)'!F285 -> 1 | I291: ='[8]5、设备评估表 (2)'!H285 -> 40908 | J291: =I291 -> 40908 | Q291: ='[8]5、设备评估表 (2)'!J285 -> 2600 | R291: ='[8]5、设备评估表 (2)'!K285*100 -> 36 | S291: =ROUND(Q291*R291/100,0) -> 936 | U291: ='[8]5、设备评估表 (2)'!N285 -> B4 | V291: =R291-'[8]5、设备评估表 (2)'!$K285*100 -> 0
A292: ='[8]5、设备评估表 (2)'!A286 -> 285 | B292: ='[8]5、设备评估表 (2)'!B286 -> 0 | C292: ='[8]5、设备评估表 (2)'!C286 -> 草坪割草机 | D292: ='[8]5、设备评估表 (2)'!D286 -> 0 | F292: ='[8]5、设备评估表 (2)'!G286 -> 不详 | G292: ='[8]5、设备评估表 (2)'!E286 -> 台 | H292: ='[8]5、设备评估表 (2)'!F286 -> 1 | I292: ='[8]5、设备评估表 (2)'!H286 -> 41274 | J292: =I292 -> 41274 | Q292: ='[8]5、设备评估表 (2)'!J286 -> 2300 | R292: ='[8]5、设备评估表 (2)'!K286*100 -> 5 | S292: =ROUND(Q292*R292/100,0) -> 115 | U292: ='[8]5、设备评估表 (2)'!N286 -> B3锅炉房 | V292: =R292-'[8]5、设备评估表 (2)'!$K286*100 -> 0
A293: ='[8]5、设备评估表 (2)'!A287 -> 286 | B293: ='[8]5、设备评估表 (2)'!B287 -> 0 | C293: ='[8]5、设备评估表 (2)'!C287 -> 数显粘度计 | D293: ='[8]5、设备评估表 (2)'!D287 -> NDJ-8S | F293: ='[8]5、设备评估表 (2)'!G287 -> 上海捷沪仪器公司 | G293: ='[8]5、设备评估表 (2)'!E287 -> 台 | H293: ='[8]5、设备评估表 (2)'!F287 -> 1 | I293: ='[8]5、设备评估表 (2)'!H287 -> 41455 | J293: =I293 -> 41455 | Q293: ='[8]5、设备评估表 (2)'!J287 -> 2600 | R293: ='[8]5、设备评估表 (2)'!K287*100 -> 30 | S293: =ROUND(Q293*R293/100,0) -> 780 | U293: ='[8]5、设备评估表 (2)'!N287 -> 研发楼 | V293: =R293-'[8]5、设备评估表 (2)'!$K287*100 -> 0
A294: ='[8]5、设备评估表 (2)'!A288 -> 287 | B294: ='[8]5、设备评估表 (2)'!B288 -> 0 | C294: ='[8]5、设备评估表 (2)'!C288 -> 低温恒湿槽 | D294: ='[8]5、设备评估表 (2)'!D288 -> DC-506N | F294: ='[8]5、设备评估表 (2)'!G288 -> 上海方瑞仪器公司 | G294: ='[8]5、设备评估表 (2)'!E288 -> 台 | H294: ='[8]5、设备评估表 (2)'!F288 -> 1 | I294: ='[8]5、设备评估表 (2)'!H288 -> 41455 | J294: =I294 -> 41455 | Q294: ='[8]5、设备评估表 (2)'!J288 -> 23000 | R294: ='[8]5、设备评估表 (2)'!K288*100 -> 38 | S294: =ROUND(Q294*R294/100,0) -> 8740 | U294: ='[8]5、设备评估表 (2)'!N288 -> 研发楼 | V294: =R294-'[8]5、设备评估表 (2)'!$K288*100 -> 0
A295: ='[8]5、设备评估表 (2)'!A289 -> 288 | B295: ='[8]5、设备评估表 (2)'!B289 -> 0 | C295: ='[8]5、设备评估表 (2)'!C289 -> 气泵(空压机） | D295: ='[8]5、设备评估表 (2)'!D289 -> V-0.25/7 | F295: ='[8]5、设备评估表 (2)'!G289 -> 0 | G295: ='[8]5、设备评估表 (2)'!E289 -> 台 | H295: ='[8]5、设备评估表 (2)'!F289 -> 1 | I295: ='[8]5、设备评估表 (2)'!H289 -> 41061 | J295: =I295 -> 41061 | Q295: ='[8]5、设备评估表 (2)'!J289 -> 2000 | R295: ='[8]5、设备评估表 (2)'!K289*100 -> 37 | S295: =ROUND(Q295*R295/100,0) -> 740 | U295: ='[8]5、设备评估表 (2)'!N289 -> A5 | V295: =R295-'[8]5、设备评估表 (2)'!$K289*100 -> 0
A296: ='[8]5、设备评估表 (2)'!A290 -> 289 | B296: ='[8]5、设备评估表 (2)'!B290 -> 0 | C296: ='[8]5、设备评估表 (2)'!C290 -> 储气罐 | D296: ='[8]5、设备评估表 (2)'!D290 -> C13-2960（3立） | F296: ='[8]5、设备评估表 (2)'!G290 -> 青岛海空压力容器有限公司 | G296: ='[8]5、设备评估表 (2)'!E290 -> 台 | H296: ='[8]5、设备评估表 (2)'!F290 -> 1 | I296: ='[8]5、设备评估表 (2)'!H290 -> 41061 | J296: =I296 -> 41061 | Q296: ='[8]5、设备评估表 (2)'!J290 -> 8700 | R296: ='[8]5、设备评估表 (2)'!K290*100 -> 58 | S296: =ROUND(Q296*R296/100,0) -> 5046 | U296: ='[8]5、设备评估表 (2)'!N290 -> A5 | V296: =R296-'[8]5、设备评估表 (2)'!$K290*100 -> 0
A297: ='[8]5、设备评估表 (2)'!A291 -> 290 | B297: ='[8]5、设备评估表 (2)'!B291 -> 0 | C297: ='[8]5、设备评估表 (2)'!C291 -> 立式苯板切割机 | D297: ='[8]5、设备评估表 (2)'!D291 -> 0 | F297: ='[8]5、设备评估表 (2)'!G291 -> 自制组合设备 | G297: ='[8]5、设备评估表 (2)'!E291 -> 台 | H297: ='[8]5、设备评估表 (2)'!F291 -> 1 | I297: ='[8]5、设备评估表 (2)'!H291 -> 41061 | J297: =I297 -> 41061 | Q297: ='[8]5、设备评估表 (2)'!J291 -> 700 | R297: ='[8]5、设备评估表 (2)'!K291*100 -> 5 | S297: =ROUND(Q297*R297/100,0) -> 35 | U297: ='[8]5、设备评估表 (2)'!N291 -> A5 | V297: =R297-'[8]5、设备评估表 (2)'!$K291*100 -> 0
A298: ='[8]5、设备评估表 (2)'!A292 -> 291 | B298: ='[8]5、设备评估表 (2)'!B292 -> 0 | C298: ='[8]5、设备评估表 (2)'!C292 -> 卧式苯板切割机 | D298: ='[8]5、设备评估表 (2)'!D292 -> 0 | F298: ='[8]5、设备评估表 (2)'!G292 -> 自制组合设备 | G298: ='[8]5、设备评估表 (2)'!E292 -> 台 | H298: ='[8]5、设备评估表 (2)'!F292 -> 1 | I298: ='[8]5、设备评估表 (2)'!H292 -> 41061 | J298: =I298 -> 41061 | Q298: ='[8]5、设备评估表 (2)'!J292 -> 700 | R298: ='[8]5、设备评估表 (2)'!K292*100 -> 5 | S298: =ROUND(Q298*R298/100,0) -> 35 | U298: ='[8]5、设备评估表 (2)'!N292 -> A5 | V298: =R298-'[8]5、设备评估表 (2)'!$K292*100 -> 0
A299: ='[8]5、设备评估表 (2)'!A293 -> 292 | B299: ='[8]5、设备评估表 (2)'!B293 -> 0 | C299: ='[8]5、设备评估表 (2)'!C293 -> 砂轮机 | D299: ='[8]5、设备评估表 (2)'!D293 -> 200*25*32 | F299: ='[8]5、设备评估表 (2)'!G293 -> 0 | G299: ='[8]5、设备评估表 (2)'!E293 -> 台 | H299: ='[8]5、设备评估表 (2)'!F293 -> 1 | I299: ='[8]5、设备评估表 (2)'!H293 -> 41061 | J299: =I299 -> 41061 | Q299: ='[8]5、设备评估表 (2)'!J293 -> 900 | R299: ='[8]5、设备评估表 (2)'!K293*100 -> 39 | S299: =ROUND(Q299*R299/100,0) -> 351 | U299: ='[8]5、设备评估表 (2)'!N293 -> A5 | V299: =R299-'[8]5、设备评估表 (2)'!$K293*100 -> 0
... A309: ='[8]5、设备评估表 (2)'!A303 -> 302 | B309: ='[8]5、设备评估表 (2)'!B303 -> 0 | C309: ='[8]5、设备评估表 (2)'!C303 -> 光谱仪 | D309: ='[8]5、设备评估表 (2)'!D303 -> 含稳压器、气泵、主机 | F309: ='[8]5、设备评估表 (2)'!G303 -> 沈阳华仪时代科技有限公司 | G309: ='[8]5、设备评估表 (2)'!E303 -> 套 | H309: ='[8]5、设备评估表 (2)'!F303 -> 1 | I309: ='[8]5、设备评估表 (2)'!H303 -> 40908 | J309: =I309 -> 40908 | Q309: ='[8]5、设备评估表 (2)'!J303 -> 250000 | R309: ='[8]5、设备评估表 (2)'!K303*100 -> 33 | S309: =ROUND(Q309*R309/100,0) -> 82500 | U309: ='[8]5、设备评估表 (2)'!N303 -> A5 | V309: =R309-'[8]5、设备评估表 (2)'!$K303*100 -> 0
A310: ='[8]5、设备评估表 (2)'!A304 -> 303 | B310: ='[8]5、设备评估表 (2)'!B304 -> 0 | C310: ='[8]5、设备评估表 (2)'!C304 -> 巴氏硬度计 | D310: ='[8]5、设备评估表 (2)'!D304 -> HBA-1 | F310: ='[8]5、设备评估表 (2)'!G304 -> 无锡市计量研究所 | G310: ='[8]5、设备评估表 (2)'!E304 -> 台 | H310: ='[8]5、设备评估表 (2)'!F304 -> 1 | I310: ='[8]5、设备评估表 (2)'!H304 -> 2014 | J310: =I310 -> 2014 | Q310: ='[8]5、设备评估表 (2)'!J304 -> 0 | R310: ='[8]5、设备评估表 (2)'!K304*100 -> 0 | S310: =ROUND(Q310*R310/100,0) -> 0 | U310: 无实物 | V310: =R310-'[8]5、设备评估表 (2)'!$K304*100 -> 0
A311: ='[8]5、设备评估表 (2)'!A305 -> 304 | B311: ='[8]5、设备评估表 (2)'!B305 -> 0 | C311: ='[8]5、设备评估表 (2)'!C305 -> 压力表 | D311: ='[8]5、设备评估表 (2)'!D305 -> 0 | F311: ='[8]5、设备评估表 (2)'!G305 -> 0 | G311: ='[8]5、设备评估表 (2)'!E305 -> 台 | H311: ='[8]5、设备评估表 (2)'!F305 -> 1 | I311: ='[8]5、设备评估表 (2)'!H305 -> 2014 | J311: =I311 -> 2014 | Q311: ='[8]5、设备评估表 (2)'!J305 -> 0 | R311: ='[8]5、设备评估表 (2)'!K305*100 -> 0 | S311: =ROUND(Q311*R311/100,0) -> 0 | U311: 无实物 | V311: =R311-'[8]5、设备评估表 (2)'!$K305*100 -> 0
A312: ='[8]5、设备评估表 (2)'!A306 -> 305 | B312: ='[8]5、设备评估表 (2)'!B306 -> 0 | C312: ='[8]5、设备评估表 (2)'!C306 -> （数控）桥式三坐标测量机 | D312: ='[8]5、设备评估表 (2)'!D306 -> GLOBALADVANTAGE.15.30.10 | F312: ='[8]5、设备评估表 (2)'!G306 -> 青岛海克斯康测量技术有限公司 | G312: ='[8]5、设备评估表 (2)'!E306 -> 台 | H312: ='[8]5、设备评估表 (2)'!F306 -> 1 | I312: ='[8]5、设备评估表 (2)'!H306 -> 41026 | J312: =I312 -> 41026 | Q312: ='[8]5、设备评估表 (2)'!J306 -> 1100000 | R312: ='[8]5、设备评估表 (2)'!K306*100 -> 39 | S312: =ROUND(Q312*R312/100,0) -> 429000 | U312: ='[8]5、设备评估表 (2)'!N306 -> A5 | V312: =R312-'[8]5、设备评估表 (2)'!$K306*100 -> 0
A313: ='[8]5、设备评估表 (2)'!A307 -> 306 | B313: ='[8]5、设备评估表 (2)'!B307 -> 0 | C313: ='[8]5、设备评估表 (2)'!C307 -> 水平垂直燃烧测定仪 | D313: ='[8]5、设备评估表 (2)'!D307 -> CZF-6 | F313: ='[8]5、设备评估表 (2)'!G307 -> 南京江宁分析仪器厂 | G313: ='[8]5、设备评估表 (2)'!E307 -> 台 | H313: ='[8]5、设备评估表 (2)'!F307 -> 1 | I313: ='[8]5、设备评估表 (2)'!H307 -> 41305 | J313: =I313 -> 41305 | Q313: ='[8]5、设备评估表 (2)'!J307 -> 13000 | R313: ='[8]5、设备评估表 (2)'!K307*100 -> 34 | S313: =ROUND(Q313*R313/100,0) -> 4420 | U313: ='[8]5、设备评估表 (2)'!N307 -> 研发楼 | V313: =R313-'[8]5、设备评估表 (2)'!$K307*100 -> 0
A314: ='[8]5、设备评估表 (2)'!A308 -> 307 | B314: ='[8]5、设备评估表 (2)'!B308 -> 0 | C314: ='[8]5、设备评估表 (2)'!C308 -> 台式电导率分析仪 | D314: ='[8]5、设备评估表 (2)'!D308 -> TP320 | F314: ='[8]5、设备评估表 (2)'!G308 -> 北京时代仪器公司 | G314: ='[8]5、设备评估表 (2)'!E308 -> 台 | H314: ='[8]5、设备评估表 (2)'!F308 -> 1 | I314: ='[8]5、设备评估表 (2)'!H308 -> 41305 | J314: =I314 -> 41305 | Q314: ='[8]5、设备评估表 (2)'!J308 -> 2700 | R314: ='[8]5、设备评估表 (2)'!K308*100 -> 26 | S314: =ROUND(Q314*R314/100,0) -> 702 | U314: ='[8]5、设备评估表 (2)'!N308 -> 研发楼 | V314: =R314-'[8]5、设备评估表 (2)'!$K308*100 -> 0
A315: ='[8]5、设备评估表 (2)'!A309 -> 308 | B315: ='[8]5、设备评估表 (2)'!B309 -> 0 | C315: ='[8]5、设备评估表 (2)'!C309 -> 交直流耐压仪 | D315: ='[8]5、设备评估表 (2)'!D309 -> ZHZ1C | F315: ='[8]5、设备评估表 (2)'!G309 -> 上海培成电子 | G315: ='[8]5、设备评估表 (2)'!E309 -> 台 | H315: ='[8]5、设备评估表 (2)'!F309 -> 1 | I315: ='[8]5、设备评估表 (2)'!H309 -> 41274 | J315: =I315 -> 41274 | Q315: ='[8]5、设备评估表 (2)'!J309 -> 21000 | R315: ='[8]5、设备评估表 (2)'!K309*100 -> 34 | S315: =ROUND(Q315*R315/100,0) -> 7140 | U315: ='[8]5、设备评估表 (2)'!N309 -> 研发楼 | V315: =R315-'[8]5、设备评估表 (2)'!$K309*100 -> 0
A316: ='[8]5、设备评估表 (2)'!A310 -> 309 | B316: ='[8]5、设备评估表 (2)'!B310 -> 0 | C316: ='[8]5、设备评估表 (2)'!C310 -> 交直流漏电起痕装置 | D316: ='[8]5、设备评估表 (2)'!D310 -> 0 | F316: ='[8]5、设备评估表 (2)'!G310 -> 西安交大电力热研所 | G316: ='[8]5、设备评估表 (2)'!E310 -> 台 | H316: ='[8]5、设备评估表 (2)'!F310 -> 1 | I316: ='[8]5、设备评估表 (2)'!H310 -> 41305 | J316: =I316 -> 41305 | Q316: ='[8]5、设备评估表 (2)'!J310 -> 200000 | R316: ='[8]5、设备评估表 (2)'!K310*100 -> 34 | S316: =ROUND(Q316*R316/100,0) -> 68000 | U316: ='[8]5、设备评估表 (2)'!N310 -> 研发楼 | V316: =R316-'[8]5、设备评估表 (2)'!$K310*100 -> 0
A317: ='[8]5、设备评估表 (2)'!A311 -> 310 | B317: ='[8]5、设备评估表 (2)'!B311 -> 0 | C317: ='[8]5、设备评估表 (2)'!C311 -> 高阻计（绝缘测试用电极箱） | D317: ='[8]5、设备评估表 (2)'!D311 -> ZC36 | F317: ='[8]5、设备评估表 (2)'!G311 -> 上海精密科学仪器公司 | G317: ='[8]5、设备评估表 (2)'!E311 -> 台 | H317: ='[8]5、设备评估表 (2)'!F311 -> 1 | I317: ='[8]5、设备评估表 (2)'!H311 -> 41305 | J317: =I317 -> 41305 | Q317: ='[8]5、设备评估表 (2)'!J311 -> 2800 | R317: ='[8]5、设备评估表 (2)'!K311*100 -> 34 | S317: =ROUND(Q317*R317/100,0) -> 952 | U317: ='[8]5、设备评估表 (2)'!N311 -> 研发楼 | V317: =R317-'[8]5、设备评估表 (2)'!$K311*100 -> 0
A318: ='[8]5、设备评估表 (2)'!A312 -> 311 | B318: ='[8]5、设备评估表 (2)'!B312 -> 0 | C318: ='[8]5、设备评估表 (2)'!C312 -> 2000*4000检验平台 | D318: ='[8]5、设备评估表 (2)'!D312 -> 2000*4000 | F318: ='[8]5、设备评估表 (2)'!G312 -> 泊头洪城量具机械设备有限公司 | G318: ='[8]5、设备评估表 (2)'!E312 -> 台 | H318: ='[8]5、设备评估表 (2)'!F312 -> 1 | I318: ='[8]5、设备评估表 (2)'!H312 -> 41639 | J318: =I318 -> 41639 | Q318: ='[8]5、设备评估表 (2)'!J312 -> 29200 | R318: ='[8]5、设备评估表 (2)'!K312*100 -> 70 | S318: =ROUND(Q318*R318/100,0) -> 20440 | U318: ='[8]5、设备评估表 (2)'!N312 -> B2 | V318: =R318-'[8]5、设备评估表 (2)'!$K312*100 -> 0
A319: ='[8]5、设备评估表 (2)'!A313 -> 312 | B319: ='[8]5、设备评估表 (2)'!B313 -> 0 | C319: ='[8]5、设备评估表 (2)'!C313 -> 真空箱氦气检漏回收系统 | D319: ='[8]5、设备评估表 (2)'!D313 -> SFZ-344 | F319: ='[8]5、设备评估表 (2)'!G313 -> 安徽皖仪科技股份有限公司 | G319: ='[8]5、设备评估表 (2)'!E313 -> 台 | H319: ='[8]5、设备评估表 (2)'!F313 -> 1 | I319: ='[8]5、设备评估表 (2)'!H313 -> 41639 | J319: =I319 -> 41639 | Q319: ='[8]5、设备评估表 (2)'!J313 -> 1150000 | R319: ='[8]5、设备评估表 (2)'!K313*100 -> 48 | S319: =ROUND(Q319*R319/100,0) -> 552000 | U319: ='[8]5、设备评估表 (2)'!N313 -> B1 | V319: =R319-'[8]5、设备评估表 (2)'!$K313*100 -> 0
A320: ='[8]5、设备评估表 (2)'!A314 -> 313 | B320: ='[8]5、设备评估表 (2)'!B314 -> 0 | C320: ='[8]5、设备评估表 (2)'!C314 -> 微机控制电子万能试验机 | D320: ='[8]5、设备评估表 (2)'!D314 -> CMT5105 | F320: ='[8]5、设备评估表 (2)'!G314 -> 上海中辰数字技术有限公司 | G320: ='[8]5、设备评估表 (2)'!E314 -> 台 | H320: ='[8]5、设备评估表 (2)'!F314 -> 1 | I320: ='[8]5、设备评估表 (2)'!H314 -> 41305 | J320: =I320 -> 41305 | Q320: ='[8]5、设备评估表 (2)'!J314 -> 110000 | R320: ='[8]5、设备评估表 (2)'!K314*100 -> 35 | S320: =ROUND(Q320*R320/100,0) -> 38500 | U320: ='[8]5、设备评估表 (2)'!N314 -> B2 | V320: =R320-'[8]5、设备评估表 (2)'!$K314*100 -> 0
A321: ='[8]5、设备评估表 (2)'!A315 -> 314 | B321: ='[8]5、设备评估表 (2)'!B315 -> 0 | C321: ='[8]5、设备评估表 (2)'!C315 -> 弯扭试验机 | D321: ='[8]5、设备评估表 (2)'!D315 -> KWJ-150 | F321: ='[8]5、设备评估表 (2)'!G315 -> 武汉亿达智能仪表 | G321: ='[8]5、设备评估表 (2)'!E315 -> 台 | H321: ='[8]5、设备评估表 (2)'!F315 -> 1 | I321: ='[8]5、设备评估表 (2)'!H315 -> 41090 | J321: =I321 -> 41090 | Q321: ='[8]5、设备评估表 (2)'!J315 -> 275000 | R321: ='[8]5、设备评估表 (2)'!K315*100 -> 20 | S321: =ROUND(Q321*R321/100,0) -> 55000 | U321: ='[8]5、设备评估表 (2)'!N315 -> A2 | V321: =R321-'[8]5、设备评估表 (2)'!$K315*100 -> 0
A322: ='[8]5、设备评估表 (2)'!A316 -> 315 | B322: ='[8]5、设备评估表 (2)'!B316 -> 0 | C322: ='[8]5、设备评估表 (2)'!C316 -> 伺服控制拉力试验机 | D322: ='[8]5、设备评估表 (2)'!D316 -> TCS-2000 | F322: ='[8]5、设备评估表 (2)'!G316 -> 台湾高铁检测仪器公司 | G322: ='[8]5、设备评估表 (2)'!E316 -> 台 | H322: ='[8]5、设备评估表 (2)'!F316 -> 1 | I322: ='[8]5、设备评估表 (2)'!H316 -> 41090 | J322: =I322 -> 41090 | Q322: ='[8]5、设备评估表 (2)'!J316 -> 27000 | R322: ='[8]5、设备评估表 (2)'!K316*100 -> 30 | S322: =ROUND(Q322*R322/100,0) -> 8100 | U322: ='[8]5、设备评估表 (2)'!N316 -> 研发楼 | V322: =R322-'[8]5、设备评估表 (2)'!$K316*100 -> 0
A323: ='[8]5、设备评估表 (2)'!A317 -> 316 | B323: ='[8]5、设备评估表 (2)'!B317 -> 0 | C323: ='[8]5、设备评估表 (2)'!C317 -> 切试片机 | D323: ='[8]5、设备评估表 (2)'!D317 -> GT-7016-A | F323: ='[8]5、设备评估表 (2)'!G317 -> 台湾高铁检测仪器公司 | G323: ='[8]5、设备评估表 (2)'!E317 -> 台 | H323: ='[8]5、设备评估表 (2)'!F317 -> 1 | I323: ='[8]5、设备评估表 (2)'!H317 -> 41090 | J323: =I323 -> 41090 | Q323: ='[8]5、设备评估表 (2)'!J317 -> 8000 | R323: ='[8]5、设备评估表 (2)'!K317*100 -> 30 | S323: =ROUND(Q323*R323/100,0) -> 2400 | U323: ='[8]5、设备评估表 (2)'!N317 -> 研发楼 | V323: =R323-'[8]5、设备评估表 (2)'!$K317*100 -> 0
... A330: ='[8]5、设备评估表 (2)'!A324 -> 323 | B330: ='[8]5、设备评估表 (2)'!B324 -> 0 | C330: ='[8]5、设备评估表 (2)'!C324 -> 黏性测试仪 | D330: ='[8]5、设备评估表 (2)'!D324 -> GT-7080S2 | F330: ='[8]5、设备评估表 (2)'!G324 -> 广东东莞 | G330: ='[8]5、设备评估表 (2)'!E324 -> 台 | H330: ='[8]5、设备评估表 (2)'!F324 -> 1 | I330: ='[8]5、设备评估表 (2)'!H324 -> 41090 | J330: =I330 -> 41090 | Q330: ='[8]5、设备评估表 (2)'!J324 -> 120000 | R330: ='[8]5、设备评估表 (2)'!K324*100 -> 20 | S330: =ROUND(Q330*R330/100,0) -> 24000 | U330: ='[8]5、设备评估表 (2)'!N324 -> 研发楼 | V330: =R330-'[8]5、设备评估表 (2)'!$K324*100 -> 0
A331: ='[8]5、设备评估表 (2)'!A325 -> 324 | B331: ='[8]5、设备评估表 (2)'!B325 -> 0 | C331: ='[8]5、设备评估表 (2)'!C325 -> 树脂砂制样机一套 | D331: ='[8]5、设备评估表 (2)'!D325 -> SAH | F331: ='[8]5、设备评估表 (2)'!G325 -> 无锡斯派特分析仪器有限公司 | G331: ='[8]5、设备评估表 (2)'!E325 -> 套 | H331: ='[8]5、设备评估表 (2)'!F325 -> 1 | I331: ='[8]5、设备评估表 (2)'!H325 -> 42004 | J331: =I331 -> 42004 | Q331: ='[8]5、设备评估表 (2)'!J325 -> 0 | R331: ='[8]5、设备评估表 (2)'!K325*100 -> 0 | S331: =ROUND(Q331*R331/100,0) -> 0 | U331: 无实物 | V331: =R331-'[8]5、设备评估表 (2)'!$K325*100 -> 0
A332: ='[8]5、设备评估表 (2)'!A326 -> 325 | B332: ='[8]5、设备评估表 (2)'!B326 -> 0 | C332: ='[8]5、设备评估表 (2)'!C326 -> 智能型砂强度机一套 | D332: ='[8]5、设备评估表 (2)'!D326 -> XQY-II | F332: ='[8]5、设备评估表 (2)'!G326 -> 无锡斯派特分析仪器有限公司 | G332: ='[8]5、设备评估表 (2)'!E326 -> 套 | H332: ='[8]5、设备评估表 (2)'!F326 -> 1 | I332: ='[8]5、设备评估表 (2)'!H326 -> 42004 | J332: =I332 -> 42004 | Q332: ='[8]5、设备评估表 (2)'!J326 -> 18000 | R332: ='[8]5、设备评估表 (2)'!K326*100 -> 45 | S332: =ROUND(Q332*R332/100,0) -> 8100 | U332: ='[8]5、设备评估表 (2)'!N326 -> B2 | V332: =R332-'[8]5、设备评估表 (2)'!$K326*100 -> 0
A333: ='[8]5、设备评估表 (2)'!A327 -> 326 | B333: ='[8]5、设备评估表 (2)'!B327 -> 0 | C333: ='[8]5、设备评估表 (2)'!C327 -> 智能透气性测定仪一套 | D333: ='[8]5、设备评估表 (2)'!D327 -> ZTY | F333: ='[8]5、设备评估表 (2)'!G327 -> 无锡斯派特分析仪器有限公司 | G333: ='[8]5、设备评估表 (2)'!E327 -> 套 | H333: ='[8]5、设备评估表 (2)'!F327 -> 1 | I333: ='[8]5、设备评估表 (2)'!H327 -> 42004 | J333: =I333 -> 42004 | Q333: ='[8]5、设备评估表 (2)'!J327 -> 4600 | R333: ='[8]5、设备评估表 (2)'!K327*100 -> 45 | S333: =ROUND(Q333*R333/100,0) -> 2070 | U333: ='[8]5、设备评估表 (2)'!N327 -> B2 | V333: =R333-'[8]5、设备评估表 (2)'!$K327*100 -> 0
A334: ='[8]5、设备评估表 (2)'!A328 -> 327 | B334: ='[8]5、设备评估表 (2)'!B328 -> 0 | C334: ='[8]5、设备评估表 (2)'!C328 -> 微控双盘红外线烘干器 | D334: ='[8]5、设备评估表 (2)'!D328 -> SGH | F334: ='[8]5、设备评估表 (2)'!G328 -> 无锡斯派特分析仪器有限公司 | G334: ='[8]5、设备评估表 (2)'!E328 -> 台 | H334: ='[8]5、设备评估表 (2)'!F328 -> 1 | I334: ='[8]5、设备评估表 (2)'!H328 -> 42004 | J334: =I334 -> 42004 | Q334: ='[8]5、设备评估表 (2)'!J328 -> 1200 | R334: ='[8]5、设备评估表 (2)'!K328*100 -> 50 | S334: =ROUND(Q334*R334/100,0) -> 600 | U334: ='[8]5、设备评估表 (2)'!N328 -> B2 | V334: =R334-'[8]5、设备评估表 (2)'!$K328*100 -> 0
A335: ='[8]5、设备评估表 (2)'!A329 -> 328 | B335: ='[8]5、设备评估表 (2)'!B329 -> 0 | C335: ='[8]5、设备评估表 (2)'!C329 -> 微控涡式洗砂机 | D335: ='[8]5、设备评估表 (2)'!D329 -> SXW | F335: ='[8]5、设备评估表 (2)'!G329 -> 无锡斯派特分析仪器有限公司 | G335: ='[8]5、设备评估表 (2)'!E329 -> 台 | H335: ='[8]5、设备评估表 (2)'!F329 -> 1 | I335: ='[8]5、设备评估表 (2)'!H329 -> 42004 | J335: =I335 -> 42004 | Q335: ='[8]5、设备评估表 (2)'!J329 -> 1300 | R335: ='[8]5、设备评估表 (2)'!K329*100 -> 50 | S335: =ROUND(Q335*R335/100,0) -> 650 | U335: ='[8]5、设备评估表 (2)'!N329 -> B2 | V335: =R335-'[8]5、设备评估表 (2)'!$K329*100 -> 0
A336: ='[8]5、设备评估表 (2)'!A330 -> 329 | B336: ='[8]5、设备评估表 (2)'!B330 -> 0 | C336: ='[8]5、设备评估表 (2)'!C330 -> 微机控制电磁微震筛砂机 | D336: ='[8]5、设备评估表 (2)'!D330 -> SDZ | F336: ='[8]5、设备评估表 (2)'!G330 -> 无锡斯派特分析仪器有限公司 | G336: ='[8]5、设备评估表 (2)'!E330 -> 台 | H336: ='[8]5、设备评估表 (2)'!F330 -> 1 | I336: ='[8]5、设备评估表 (2)'!H330 -> 42004 | J336: =I336 -> 42004 | Q336: ='[8]5、设备评估表 (2)'!J330 -> 12000 | R336: ='[8]5、设备评估表 (2)'!K330*100 -> 50 | S336: =ROUND(Q336*R336/100,0) -> 6000 | U336: ='[8]5、设备评估表 (2)'!N330 -> B2 | V336: =R336-'[8]5、设备评估表 (2)'!$K330*100 -> 0
A337: ='[8]5、设备评估表 (2)'!A331 -> 330 | B337: ='[8]5、设备评估表 (2)'!B331 -> 0 | C337: ='[8]5、设备评估表 (2)'!C331 -> 无油静音空压机 | D337: ='[8]5、设备评估表 (2)'!D331 -> 2Z-550-50L | F337: ='[8]5、设备评估表 (2)'!G331 -> 温岭市云豹空压机厂 | G337: ='[8]5、设备评估表 (2)'!E331 -> 台 | H337: ='[8]5、设备评估表 (2)'!F331 -> 1 | I337: ='[8]5、设备评估表 (2)'!H331 -> 41305 | J337: =I337 -> 41305 | Q337: ='[8]5、设备评估表 (2)'!J331 -> 1100 | R337: ='[8]5、设备评估表 (2)'!K331*100 -> 44 | S337: =ROUND(Q337*R337/100,0) -> 484 | U337: ='[8]5、设备评估表 (2)'!N331 -> 研发楼 | V337: =R337-'[8]5、设备评估表 (2)'!$K331*100 -> 0
A338: ='[8]5、设备评估表 (2)'!A332 -> 331 | B338: ='[8]5、设备评估表 (2)'!B332 -> 0 | C338: ='[8]5、设备评估表 (2)'!C332 -> 铝液测氢仪 | D338: ='[8]5、设备评估表 (2)'!D332 -> CQY-01 | F338: ='[8]5、设备评估表 (2)'!G332 -> 济南海德热工有限公司 | G338: ='[8]5、设备评估表 (2)'!E332 -> 台 | H338: ='[8]5、设备评估表 (2)'!F332 -> 1 | I338: ='[8]5、设备评估表 (2)'!H332 -> 41305 | J338: =I338 -> 41305 | Q338: ='[8]5、设备评估表 (2)'!J332 -> 12000 | R338: ='[8]5、设备评估表 (2)'!K332*100 -> 32 | S338: =ROUND(Q338*R338/100,0) -> 3840 | U338: ='[8]5、设备评估表 (2)'!N332 -> B2 | V338: =R338-'[8]5、设备评估表 (2)'!$K332*100 -> 0
A339: ='[8]5、设备评估表 (2)'!A333 -> 332 | B339: ='[8]5、设备评估表 (2)'!B333 -> 0 | C339: ='[8]5、设备评估表 (2)'!C333 -> 铸铁划线平台 | D339: ='[8]5、设备评估表 (2)'!D333 -> 2*1.8*0.15 | F339: ='[8]5、设备评估表 (2)'!G333 -> 泊头洪城量具机械设备有限公司 | G339: ='[8]5、设备评估表 (2)'!E333 -> 台 | H339: ='[8]5、设备评估表 (2)'!F333 -> 1 | I339: ='[8]5、设备评估表 (2)'!H333 -> 41639 | J339: =I339 -> 41639 | Q339: ='[8]5、设备评估表 (2)'!J333 -> 0 | R339: ='[8]5、设备评估表 (2)'!K333*100 -> 0 | S339: =ROUND(Q339*R339/100,0) -> 0 | U339: 无实物 | V339: =R339-'[8]5、设备评估表 (2)'!$K333*100 -> 0
A340: ='[8]5、设备评估表 (2)'!A334 -> 333 | B340: ='[8]5、设备评估表 (2)'!B334 -> 0 | C340: ='[8]5、设备评估表 (2)'!C334 -> 机加车间用平台 | D340: ='[8]5、设备评估表 (2)'!D334 -> 2*1.8*0.15 | F340: ='[8]5、设备评估表 (2)'!G334 -> 泊头洪城量具机械设备有限公司 | G340: ='[8]5、设备评估表 (2)'!E334 -> 台 | H340: ='[8]5、设备评估表 (2)'!F334 -> 1 | I340: ='[8]5、设备评估表 (2)'!H334 -> 41547 | J340: =I340 -> 41547 | Q340: ='[8]5、设备评估表 (2)'!J334 -> 19700 | R340: ='[8]5、设备评估表 (2)'!K334*100 -> 70 | S340: =ROUND(Q340*R340/100,0) -> 13790 | U340: ='[8]5、设备评估表 (2)'!N334 -> B1 | V340: =R340-'[8]5、设备评估表 (2)'!$K334*100 -> 0
A341: ='[8]5、设备评估表 (2)'!A335 -> 334 | B341: ='[8]5、设备评估表 (2)'!B335 -> 0 | C341: ='[8]5、设备评估表 (2)'!C335 -> x射线实时成像检测系统 | D341: ='[8]5、设备评估表 (2)'!D335 -> XYD-22503 | F341: ='[8]5、设备评估表 (2)'!G335 -> 丹东奥龙射线仪器有限公司 | G341: ='[8]5、设备评估表 (2)'!E335 -> 台 | H341: ='[8]5、设备评估表 (2)'!F335 -> 1 | I341: ='[8]5、设备评估表 (2)'!H335 -> 41274 | J341: =I341 -> 41274 | Q341: ='[8]5、设备评估表 (2)'!J335 -> 570000 | R341: ='[8]5、设备评估表 (2)'!K335*100 -> 25 | S341: =ROUND(Q341*R341/100,0) -> 142500 | U341: ='[8]5、设备评估表 (2)'!N335 -> B2 | V341: =R341-'[8]5、设备评估表 (2)'!$K335*100 -> 0
A342: ='[8]5、设备评估表 (2)'!A336 -> 335 | B342: ='[8]5、设备评估表 (2)'!B336 -> 0 | C342: ='[8]5、设备评估表 (2)'!C336 -> 检验平台2*3米 | D342: ='[8]5、设备评估表 (2)'!D336 -> 2*3米 | F342: ='[8]5、设备评估表 (2)'!G336 -> 泊头洪城量具机械设备有限公司 | G342: ='[8]5、设备评估表 (2)'!E336 -> 台 | H342: ='[8]5、设备评估表 (2)'!F336 -> 1 | I342: ='[8]5、设备评估表 (2)'!H336 -> 41275 | J342: =I342 -> 41275 | Q342: ='[8]5、设备评估表 (2)'!J336 -> 21900 | R342: ='[8]5、设备评估表 (2)'!K336*100 -> 66 | S342: =ROUND(Q342*R342/100,0) -> 14454 | U342: ='[8]5、设备评估表 (2)'!N336 -> A5 | V342: =R342-'[8]5、设备评估表 (2)'!$K336*100 -> 0
A343: ='[8]5、设备评估表 (2)'!A337 -> 336 | B343: ='[8]5、设备评估表 (2)'!B337 -> 0 | C343: ='[8]5、设备评估表 (2)'!C337 -> 检验平台1*1.5米 | D343: ='[8]5、设备评估表 (2)'!D337 -> 1*1.5米 | F343: ='[8]5、设备评估表 (2)'!G337 -> 泊头洪城量具机械设备有限公司 | G343: ='[8]5、设备评估表 (2)'!E337 -> 台 | H343: ='[8]5、设备评估表 (2)'!F337 -> 1 | I343: ='[8]5、设备评估表 (2)'!H337 -> 41275 | J343: =I343 -> 41275 | Q343: ='[8]5、设备评估表 (2)'!J337 -> 5500 | R343: ='[8]5、设备评估表 (2)'!K337*100 -> 66 | S343: =ROUND(Q343*R343/100,0) -> 3630 | U343: ='[8]5、设备评估表 (2)'!N337 -> A5 | V343: =R343-'[8]5、设备评估表 (2)'!$K337*100 -> 0
A344: ='[8]5、设备评估表 (2)'!A338 -> 337 | B344: ='[8]5、设备评估表 (2)'!B338 -> 0 | C344: ='[8]5、设备评估表 (2)'!C338 -> 检验平台2*1.5米 | D344: ='[8]5、设备评估表 (2)'!D338 -> 2*1.5米 | F344: ='[8]5、设备评估表 (2)'!G338 -> 泊头洪城量具机械设备有限公司 | G344: ='[8]5、设备评估表 (2)'!E338 -> 台 | H344: ='[8]5、设备评估表 (2)'!F338 -> 1 | I344: ='[8]5、设备评估表 (2)'!H338 -> 41275 | J344: =I344 -> 41275 | Q344: ='[8]5、设备评估表 (2)'!J338 -> 10900 | R344: ='[8]5、设备评估表 (2)'!K338*100 -> 66 | S344: =ROUND(Q344*R344/100,0) -> 7194 | U344: ='[8]5、设备评估表 (2)'!N338 -> A5 | V344: =R344-'[8]5、设备评估表 (2)'!$K338*100 -> 0
A345: ='[8]5、设备评估表 (2)'!A339 -> 338 | B345: ='[8]5、设备评估表 (2)'!B339 -> 0 | C345: ='[8]5、设备评估表 (2)'!C339 -> 数量硬度计 | D345: ='[8]5、设备评估表 (2)'!D339 -> KB-3000E | F345: ='[8]5、设备评估表 (2)'!G339 -> 北京时代哈德技术发展有限公司 | G345: ='[8]5、设备评估表 (2)'!E339 -> 台 | H345: ='[8]5、设备评估表 (2)'!F339 -> 1 | I345: ='[8]5、设备评估表 (2)'!H339 -> 41090 | J345: =I345 -> 41090 | Q345: ='[8]5、设备评估表 (2)'!J339 -> 4500 | R345: ='[8]5、设备评估表 (2)'!K339*100 -> 30 | S345: =ROUND(Q345*R345/100,0) -> 1350 | U345: ='[8]5、设备评估表 (2)'!N339 -> B2 | V345: =R345-'[8]5、设备评估表 (2)'!$K339*100 -> 0
A346: ='[8]5、设备评估表 (2)'!A340 -> 339 | B346: ='[8]5、设备评估表 (2)'!B340 -> 0 | C346: ='[8]5、设备评估表 (2)'!C340 -> 数量洛代硬度计 | D346: ='[8]5、设备评估表 (2)'!D340 -> HRS-150 | F346: ='[8]5、设备评估表 (2)'!G340 -> 上海联尔实验设备有限公司 | G346: ='[8]5、设备评估表 (2)'!E340 -> 台 | H346: ='[8]5、设备评估表 (2)'!F340 -> 1 | I346: ='[8]5、设备评估表 (2)'!H340 -> 41090 | J346: =I346 -> 41090 | Q346: ='[8]5、设备评估表 (2)'!J340 -> 4200 | R346: ='[8]5、设备评估表 (2)'!K340*100 -> 30 | S346: =ROUND(Q346*R346/100,0) -> 1260 | U346: ='[8]5、设备评估表 (2)'!N340 -> B2 | V346: =R346-'[8]5、设备评估表 (2)'!$K340*100 -> 0
A347: ='[8]5、设备评估表 (2)'!A341 -> 340 | B347: ='[8]5、设备评估表 (2)'!B341 -> 0 | C347: ='[8]5、设备评估表 (2)'!C341 -> 手持硬度计 | D347: ='[8]5、设备评估表 (2)'!D341 -> MH520 | F347: ='[8]5、设备评估表 (2)'!G341 -> 上海中辰数字技术有限公司 | G347: ='[8]5、设备评估表 (2)'!E341 -> 台 | H347: ='[8]5、设备评估表 (2)'!F341 -> 1 | I347: ='[8]5、设备评估表 (2)'!H341 -> 41090 | J347: =I347 -> 41090 | Q347: ='[8]5、设备评估表 (2)'!J341 -> 2100 | R347: ='[8]5、设备评估表 (2)'!K341*100 -> 30 | S347: =ROUND(Q347*R347/100,0) -> 630 | U347: ='[8]5、设备评估表 (2)'!N341 -> B2 | V347: =R347-'[8]5、设备评估表 (2)'!$K341*100 -> 0
A348: ='[8]5、设备评估表 (2)'!A342 -> 341 | B348: ='[8]5、设备评估表 (2)'!B342 -> 0 | C348: ='[8]5、设备评估表 (2)'!C342 -> 检测平台2*3米 | D348: ='[8]5、设备评估表 (2)'!D342 -> 2*3米 | F348: ='[8]5、设备评估表 (2)'!G342 -> 泊头洪城量具机械设备有限公司 | G348: ='[8]5、设备评估表 (2)'!E342 -> 台 | H348: ='[8]5、设备评估表 (2)'!F342 -> 1 | I348: ='[8]5、设备评估表 (2)'!H342 -> 41090 | J348: =I348 -> 41090 | Q348: ='[8]5、设备评估表 (2)'!J342 -> 21900 | R348: ='[8]5、设备评估表 (2)'!K342*100 -> 64 | S348: =ROUND(Q348*R348/100,0) -> 14016 | U348: ='[8]5、设备评估表 (2)'!N342 -> B2 | V348: =R348-'[8]5、设备评估表 (2)'!$K342*100 -> 0
A349: ='[8]5、设备评估表 (2)'!A343 -> 342 | B349: ='[8]5、设备评估表 (2)'!B343 -> 0 | C349: ='[8]5、设备评估表 (2)'!C343 -> 电瓷水压检测系统 | D349: ='[8]5、设备评估表 (2)'!D343 -> SYJ-20 | F349: ='[8]5、设备评估表 (2)'!G343 -> 武汉亿达智能仪表工程公司 | G349: ='[8]5、设备评估表 (2)'!E343 -> 台 | H349: ='[8]5、设备评估表 (2)'!F343 -> 1 | I349: ='[8]5、设备评估表 (2)'!H343 -> 41090 | J349: =I349 -> 41090 | Q349: ='[8]5、设备评估表 (2)'!J343 -> 42000 | R349: ='[8]5、设备评估表 (2)'!K343*100 -> 34 | S349: =ROUND(Q349*R349/100,0) -> 14280 | U349: ='[8]5、设备评估表 (2)'!N343 -> A2 | V349: =R349-'[8]5、设备评估表 (2)'!$K343*100 -> 0
A350: ='[8]5、设备评估表 (2)'!A344 -> 343 | B350: ='[8]5、设备评估表 (2)'!B344 -> 0 | C350: ='[8]5、设备评估表 (2)'!C344 -> 检测平台5*1米 | D350: ='[8]5、设备评估表 (2)'!D344 -> 5*1米 | F350: ='[8]5、设备评估表 (2)'!G344 -> 泊头洪城量具机械设备有限公司 | G350: ='[8]5、设备评估表 (2)'!E344 -> 台 | H350: ='[8]5、设备评估表 (2)'!F344 -> 1 | I350: ='[8]5、设备评估表 (2)'!H344 -> 41275 | J350: =I350 -> 41275 | Q350: ='[8]5、设备评估表 (2)'!J344 -> 21900 | R350: ='[8]5、设备评估表 (2)'!K344*100 -> 66 | S350: =ROUND(Q350*R350/100,0) -> 14454 | U350: ='[8]5、设备评估表 (2)'!N344 -> A2 | V350: =R350-'[8]5、设备评估表 (2)'!$K344*100 -> 0
A351: ='[8]5、设备评估表 (2)'!A345 -> 344 | B351: ='[8]5、设备评估表 (2)'!B345 -> 0 | C351: ='[8]5、设备评估表 (2)'!C345 -> 检测平台2*1.5米 | D351: ='[8]5、设备评估表 (2)'!D345 -> 2*1.5米 | F351: ='[8]5、设备评估表 (2)'!G345 -> 泊头洪城量具机械设备有限公司 | G351: ='[8]5、设备评估表 (2)'!E345 -> 台 | H351: ='[8]5、设备评估表 (2)'!F345 -> 1 | I351: ='[8]5、设备评估表 (2)'!H345 -> 41275 | J351: =I351 -> 41275 | Q351: ='[8]5、设备评估表 (2)'!J345 -> 10900 | R351: ='[8]5、设备评估表 (2)'!K345*100 -> 66 | S351: =ROUND(Q351*R351/100,0) -> 7194 | U351: ='[8]5、设备评估表 (2)'!N345 -> A1 | V351: =R351-'[8]5、设备评估表 (2)'!$K345*100 -> 0
... A358: ='[8]5、设备评估表 (2)'!A352 -> 351 | B358: ='[8]5、设备评估表 (2)'!B352 -> 0 | C358: ='[8]5、设备评估表 (2)'!C352 -> 水压机 | D358: ='[8]5、设备评估表 (2)'!D352 -> 0 | F358: ='[8]5、设备评估表 (2)'!G352 -> 不详 | G358: ='[8]5、设备评估表 (2)'!E352 -> 台 | H358: ='[8]5、设备评估表 (2)'!F352 -> 1 | I358: ='[8]5、设备评估表 (2)'!H352 -> 41275 | J358: =I358 -> 41275 | Q358: ='[8]5、设备评估表 (2)'!J352 -> 1500 | R358: ='[8]5、设备评估表 (2)'!K352*100 -> 5 | S358: =ROUND(Q358*R358/100,0) -> 75 | U358: ='[8]5、设备评估表 (2)'!N352 -> B1 | V358: =R358-'[8]5、设备评估表 (2)'!$K352*100 -> 0
A359: ='[8]5、设备评估表 (2)'!A353 -> 352 | B359: ='[8]5、设备评估表 (2)'!B353 -> 0 | C359: ='[8]5、设备评估表 (2)'!C353 -> 铸铁平台.2*3 | D359: ='[8]5、设备评估表 (2)'!D353 -> .2*3 | F359: ='[8]5、设备评估表 (2)'!G353 -> 泊头洪城量具机械设备有限公司 | G359: ='[8]5、设备评估表 (2)'!E353 -> 台 | H359: ='[8]5、设备评估表 (2)'!F353 -> 1 | I359: ='[8]5、设备评估表 (2)'!H353 -> 41274 | J359: =I359 -> 41274 | Q359: ='[8]5、设备评估表 (2)'!J353 -> 0 | R359: ='[8]5、设备评估表 (2)'!K353*100 -> 0 | S359: =ROUND(Q359*R359/100,0) -> 0 | U359: 无实物 | V359: =R359-'[8]5、设备评估表 (2)'!$K353*100 -> 0
A360: ='[8]5、设备评估表 (2)'!A354 -> 353 | B360: ='[8]5、设备评估表 (2)'!B354 -> 0 | C360: ='[8]5、设备评估表 (2)'!C354 -> 空调 | D360: ='[8]5、设备评估表 (2)'!D354 -> 0 | F360: ='[8]5、设备评估表 (2)'!G354 -> 0 | G360: ='[8]5、设备评估表 (2)'!E354 -> 台 | H360: ='[8]5、设备评估表 (2)'!F354 -> 1 | I360: ='[8]5、设备评估表 (2)'!H354 -> 41274 | J360: =I360 -> 41274 | Q360: ='[8]5、设备评估表 (2)'!J354 -> 11500 | R360: ='[8]5、设备评估表 (2)'!K354*100 -> 25 | S360: =ROUND(Q360*R360/100,0) -> 2875 | U360: ='[8]5、设备评估表 (2)'!N354 -> 研发楼 | V360: =R360-'[8]5、设备评估表 (2)'!$K354*100 -> 0
...

Sheet 固定资产汇总 (2)
A1: 返回索引页 | B1: 返回
A2: 固定资产评估汇总表
A3: =CONCATENATE(封面!D9,封面!F9,封面!G9,封面!H9,封面!I9,封面!J9,封面!K9) -> 评估基准日：2022年7月22日
A4: =封面!D7&封面!F7 -> 产权持有人：抚顺经济开发区诚达融资担保有限公司 | L4: 金额单位：人民币元
A5: 编号 | B5: 科目名称 | C5: 审计前账面值 | E5: 账面价值 | G5: 评估价值 | I5: 增值额 | K5: 增值率%
C6: 原值 | D6: 净值 | E6: 原值 | F6: 净值 | G6: 原值 | H6: 净值 | I6: 原值 | J6: 净值 | K6: 原值 | L6: 净值
A7: 4-8-1 | B7: 固定资产-房屋建筑物 | C7: =房屋建筑物!Y25 -> 0 | D7: =房屋建筑物!Z25 -> 1000 | E7: =房屋建筑物!AA25 -> 0 | F7: =房屋建筑物!AB25 -> 0 | G7: =房屋建筑物!AC25 -> 0 | H7: =房屋建筑物!AE25 -> 0 | I7: =G7-E7 -> 0 | J7: =H7-F7 -> 0 | K7: =IF(E7=0,"",I7/E7*100) | L7: =IF(F7=0,"",J7/F7*100)
A8: 4-8-2 | B8: 固定资产-构筑物及其他辅助设施 | C8: =构筑物!M25 -> 0 | D8: =构筑物!N25 -> 0 | E8: =构筑物!O25 -> 0 | F8: =构筑物!P25 -> 0 | G8: =构筑物!Q25 -> 0 | H8: =构筑物!S25 -> 0 | I8: =G8-E8 -> 0 | J8: =H8-F8 -> 0 | K8: =IF(E8=0,"",I8/E8*100) | L8: =IF(F8=0,"",J8/F8*100)
A9: 4-8-3 | B9: 固定资产-管道及沟槽 | C9: =管道沟槽!AF26 -> 0 | D9: =管道沟槽!AK26 -> 0 | E9: =管道沟槽!AL26 -> 0 | F9: =管道沟槽!AM26 -> 0 | G9: =管道沟槽!AN26 -> 0 | H9: =管道沟槽!AP26 -> 0 | I9: =G9-E9 -> 0 | J9: =H9-F9 -> 0 | K9: =IF(E9=0,"",I9/E9*100) | L9: =IF(F9=0,"",J9/F9*100)
B10: 房屋建筑物类减值准备 | D10: =房屋建筑物!Z26+构筑物!N26+管道沟槽!AK27 -> 100 | F10: =房屋建筑物!AB26+构筑物!P26+管道沟槽!AM27 -> 0 | H10: =房屋建筑物!AE26+构筑物!S26+管道沟槽!AP27 -> 0 | I10: =G10-E10 -> 0 | J10: =H10-F10 -> 0 | K10: =IF(E10=0,"",I10/E10*100) | L10: =IF(F10=0,"",J10/F10*100)
B11: 房屋建筑物类合计 | C11: =SUM(C7:C9)-C10 -> 0 | D11: =SUM(D7:D9)-D10 -> 900 | E11: =SUM(E7:E9)-E10 -> 0 | F11: =SUM(F7:F9)-F10 -> 0 | G11: =SUM(G7:G9)-G10 -> 0 | H11: =SUM(H7:H9)-H10 -> 0 | I11: =G11-E11 -> 0 | J11: =H11-F11 -> 0 | K11: =IF(E11=0,"",I11/E11*100) | L11: =IF(F11=0,"",J11/F11*100)
A13: 4-8-4 | B13: 固定资产-机器设备 | C13: =机器设备!M1103 -> 0 | D13: =机器设备!N1103 -> 2000 | E13: =机器设备!O1103 -> 0 | F13: =机器设备!P1103 -> 0 | G13: 96356600 | H13: 38640351 | I13: =G13-E13 -> 96356600 | J13: =H13-F13 -> 38640351 | K13: =IF(E13=0,"",I13/E13*100) | L13: =IF(F13=0,"",J13/F13*100)
A14: 4-8-5 | B14: 固定资产-车辆 | C14: =车辆!N25 -> 0 | D14: =车辆!O25 -> 0 | E14: =车辆!P25 -> 0 | F14: =车辆!Q25 -> 0 | G14: =车辆!R25 -> 0 | H14: =车辆!T25 -> 0 | I14: =G14-E14 -> 0 | J14: =H14-F14 -> 0 | K14: =IF(E14=0,"",I14/E14*100) | L14: =IF(F14=0,"",J14/F14*100)
A15: 4-8-6 | B15: 固定资产-电子设备 | C15: =电子设备!M25 -> 0 | D15: =电子设备!N25 -> 0 | E15: =电子设备!O25 -> 0 | F15: =电子设备!P25 -> 0 | G15: =电子设备!Q25 -> 0 | H15: =电子设备!S25 -> 0 | I15: =G15-E15 -> 0 | J15: =H15-F15 -> 0 | K15: =IF(E15=0,"",I15/E15*100) | L15: =IF(F15=0,"",J15/F15*100)
B16: 设备类减值准备 | D16: =机器设备!N1104+车辆!O26+电子设备!N26 -> 0 | F16: =机器设备!P1104+车辆!Q26+电子设备!P26 -> 0 | H16: =机器设备!S1104+车辆!T26+电子设备!S26 -> 0 | I16: =G16-E16 -> 0 | J16: =H16-F16 -> 0 | K16: =IF(E16=0,"",I16/E16*100) | L16: =IF(F16=0,"",J16/F16*100)
B17: 设备类合计 | C17: =SUM(C13:C15)-C16 -> 0 | D17: =SUM(D13:D15)-D16 -> 2000 | E17: =SUM(E13:E15)-E16 -> 0 | F17: =SUM(F13:F15)-F16 -> 0 | G17: =SUM(G13:G15)-G16 -> 96356600 | H17: =SUM(H13:H15)-H16 -> 38640351 | I17: =G17-E17 -> 96356600 | J17: =H17-F17 -> 38640351 | K17: =IF(E17=0,"",I17/E17*100) | L17: =IF(F17=0,"",J17/F17*100)
M18: =J17-Sheet1!C16 -> 0 | O18: =I17-Sheet1!B16 -> 0
A19: 4-8-7 | B19: 固定资产-土地 | C19: =土地!O28 -> 0 | D19: =土地!P28 -> 0 | E19: =土地!Q28 -> 0 | F19: =土地!R28 -> 0 | G19: =土地!S28 -> 0 | H19: =土地!T28 -> 0 | I19: =G19-E19 -> 0 | J19: =H19-F19 -> 0 | K19: =IF(E19=0,"",I19/E19*100) | L19: =IF(F19=0,"",J19/F19*100)
A21: 4-8 | B21: 固定资产合计 | C21: =SUM(C7:C9,C13:C15,C19) -> 0 | D21: =SUM(D7:D9,D13:D15,D19) -> 3000 | E21: =SUM(E7:E9,E13:E15,E19) -> 0 | F21: =SUM(F7:F9,F13:F15,F19) -> 0 | G21: =SUM(G7:G9,G13:G15,G19) -> 96356600 | H21: =SUM(H7:H9,H13:H15,H19) -> 38640351 | I21: =G21-E21 -> 96356600 | J21: =H21-F21 -> 38640351 | K21: =IF(E21=0,"",I21/E21*100) | L21: =IF(F21=0,"",J21/F21*100)
A22: 4-8 | B22: 减：固定资产减值准备 | D22: =D10+D16 -> 100 | F22: =F10+F16 -> 0 | H22: =H10+H16 -> 0 | I22: =G22-E22 -> 0 | J22: =H22-F22 -> 0 | K22: =IF(E22=0,"",I22/E22*100) | L22: =IF(F22=0,"",J22/F22*100)
A23: 4-8 | B23: 固定资产合计 | C23: =C21-C22 -> 0 | D23: =D21-D22 -> 2900 | E23: =E21-E22 -> 0 | F23: =F21-F22 -> 0 | G23: =G21-G22 -> 96356600 | H23: =H21-H22 -> 38640351 | I23: =I21-I22 -> 96356600 | J23: =J21-J22 -> 38640351 | K23: =IF(E23=0,"",I23/E23*100) | L23: =IF(F23=0,"",J23/F23*100)
H24: 评估机构:辽宁中华信资产评估有限公司

Sheet Sheet1
A4: B1 | B4: ='B1'!M102 -> 29338000 | C4: ='B1'!O102 -> 11965958
A5: B2 | B5: ='B2'!M455 -> 23737200 | C5: ='B2'!O455 -> 8940329
A6: B3 | B6: ='B3'!M37 -> 1823600 | C6: ='B3'!O37 -> 393008
A7: B4 | B7: ='B4'!M10 -> 277600 | C7: ='B4'!O10 -> 152186
A8: A1 | B8: ='A1'!M22 -> 652200 | C8: ='A1'!O22 -> 310294
A9: A2 | B9: ='A2'!M98 -> 14590600 | C9: ='A2'!O98 -> 6412264
A10: A3 | B10: ='A3'!M43 -> 246800 | C10: ='A3'!O43 -> 90875
A11: A4 | B11: ='A4'!M172 -> 2386900 | C11: ='A4'!O172 -> 821970
A12: A5 | B12: ='A5'!M156 -> 20583300 | C12: ='A5'!O156 -> 8683222
A13: 锅炉房 | B13: =锅炉房!M13 -> 490000 | C13: =锅炉房!O13 -> 29865
A14: 开闭所 | B14: =开闭所!M44 -> 1580500 | C14: =开闭所!O44 -> 671607
A15: 研发楼 | B15: =研发楼!M27 -> 649900 | C15: =研发楼!O27 -> 168773
B16: =SUM(B4:B15) -> 96356600 | C16: =SUM(C4:C15) -> 38640351

Sheet 车辆
A1: 返回索引页 | B1: 返回
A2: 固定资产—车辆评估明细表
A3: =CONCATENATE(封面!D9,封面!F9,封面!G9,封面!H9,封面!I9,封面!J9,封面!K9) -> 评估基准日：2022年7月22日
A4: =封面!D7&封面!F7 -> 产权持有人：抚顺经济开发区诚达融资担保有限公司 | V4: 金额单位：人民币元
A5: 序号 | B5: 车辆牌号 | C5: 车辆名称及规格型号 | D5: 使用单位 | E5: 生产厂家 | F5: 计量单位 | G5: 数量 | H5: 购置日期 | I5: 启用日期 | J5: 检验有效期至 | K5: 已行驶里程(公里) | L5: 折旧年限 | M5: 残值率 | N5: 审计前账面值 | P5: 账面价值 | R5: 评估价值 | U5: 增值率% | V5: 备注 | W5: 证载权利人
N6: 原值 | O6: 净值 | P6: 原值 | Q6: 净值 | R6: 原值 | S6: 成新率% | T6: 净值
T7: =ROUND(R7*S7/100,0) -> 0 | U7: =IF(Q7=0,"",(T7-Q7)/Q7*100)
T8: =ROUND(R8*S8/100,0) -> 0 | U8: =IF(Q8=0,"",(T8-Q8)/Q8*100)
T9: =ROUND(R9*S9/100,0) -> 0 | U9: =IF(Q9=0,"",(T9-Q9)/Q9*100)
T10: =ROUND(R10*S10/100,0) -> 0 | U10: =IF(Q10=0,"",(T10-Q10)/Q10*100)
T11: =ROUND(R11*S11/100,0) -> 0 | U11: =IF(Q11=0,"",(T11-Q11)/Q11*100)
T12: =ROUND(R12*S12/100,0) -> 0 | U12: =IF(Q12=0,"",(T12-Q12)/Q12*100)
T13: =ROUND(R13*S13/100,0) -> 0 | U13: =IF(Q13=0,"",(T13-Q13)/Q13*100)
T14: =ROUND(R14*S14/100,0) -> 0 | U14: =IF(Q14=0,"",(T14-Q14)/Q14*100)
T15: =ROUND(R15*S15/100,0) -> 0 | U15: =IF(Q15=0,"",(T15-Q15)/Q15*100)
T16: =ROUND(R16*S16/100,0) -> 0 | U16: =IF(Q16=0,"",(T16-Q16)/Q16*100)
T17: =ROUND(R17*S17/100,0) -> 0 | U17: =IF(Q17=0,"",(T17-Q17)/Q17*100)
T18: =ROUND(R18*S18/100,0) -> 0 | U18: =IF(Q18=0,"",(T18-Q18)/Q18*100)
... T24: =ROUND(R24*S24/100,0) -> 0 | U24: =IF(Q24=0,"",(T24-Q24)/Q24*100)
A25: 合 计 | N25: =SUM(N7:N24) -> 0 | O25: =SUM(O7:O24) -> 0 | P25: =SUM(P7:P24) -> 0 | Q25: =SUM(Q7:Q24) -> 0 | R25: =SUM(R7:R24) -> 0 | T25: =SUM(T7:T24) -> 0 | U25: =IF(Q25=0,"",(T25-Q25)/Q25*100)
A26: 减：车辆减值准备 | U26: =IF(Q26=0,"",(T26-Q26)/Q26*100)
A27: 合 计 | N27: =N25-N26 -> 0 | O27: =O25-O26 -> 0 | P27: =P25-P26 -> 0 | Q27: =Q25-Q26 -> 0 | R27: =R25-R26 -> 0 | T27: =T25-T26 -> 0 | U27: =IF(Q27=0,"",(T27-Q27)/Q27*100)
A28: =封面!D11&封面!F11 -> 产权持有人填表人： | R28: ="评估人员："&封面!F25 -> 评估人员：
A29: =CONCATENATE(封面!D15,封面!F15,封面!G15,封面!H15,封面!I15,封面!J15,封面!K15) -> 填表日期：2022年6月28日

Sheet 电子设备
A1: 返回索引页 | B1: 返回
A2: 固定资产—电子设备评估明细表
A3: =CONCATENATE(封面!D9,封面!F9,封面!G9,封面!H9,封面!I9,封面!J9,封面!K9) -> 评估基准日：2022年7月22日
A4: =封面!D7&封面!F7 -> 产权持有人：抚顺经济开发区诚达融资担保有限公司 | U4: 金额单位：人民币元
A5: 序号 | B5: 设备编号 | C5: 设备名称 | D5: 规格型号 | E5: 使用单位 | F5: 生产厂家 | G5: 计量单位 | H5: 数量 | I5: 购置日期 | J5: 启用日期 | K5: 折旧年限 | L5: 残值率 | M5: 审计前账面值 | O5: 账面价值 | Q5: 评估价值 | T5: 增值率% | U5: 备注
M6: 原值 | N6: 净值 | O6: 原值 | P6: 净值 | Q6: 原值 | R6: 成新率% | S6: 净值
S7: =ROUND(Q7*R7/100,0) -> 0 | T7: =IF(P7=0,"",(S7-P7)/P7*100)
S8: =ROUND(Q8*R8/100,0) -> 0 | T8: =IF(P8=0,"",(S8-P8)/P8*100)
S9: =ROUND(Q9*R9/100,0) -> 0 | T9: =IF(P9=0,"",(S9-P9)/P9*100)
S10: =ROUND(Q10*R10/100,0) -> 0 | T10: =IF(P10=0,"",(S10-P10)/P10*100)
S11: =ROUND(Q11*R11/100,0) -> 0 | T11: =IF(P11=0,"",(S11-P11)/P11*100)
S12: =ROUND(Q12*R12/100,0) -> 0 | T12: =IF(P12=0,"",(S12-P12)/P12*100)
S13: =ROUND(Q13*R13/100,0) -> 0 | T13: =IF(P13=0,"",(S13-P13)/P13*100)
S14: =ROUND(Q14*R14/100,0) -> 0 | T14: =IF(P14=0,"",(S14-P14)/P14*100)
S15: =ROUND(Q15*R15/100,0) -> 0 | T15: =IF(P15=0,"",(S15-P15)/P15*100)
S16: =ROUND(Q16*R16/100,0) -> 0 | T16: =IF(P16=0,"",(S16-P16)/P16*100)
S17: =ROUND(Q17*R17/100,0) -> 0 | T17: =IF(P17=0,"",(S17-P17)/P17*100)
S18: =ROUND(Q18*R18/100,0) -> 0 | T18: =IF(P18=0,"",(S18-P18)/P18*100)
... S24: =ROUND(Q24*R24/100,0) -> 0 | T24: =IF(P24=0,"",(S24-P24)/P24*100)
A25: 合 计 | M25: =SUM(M7:M24) -> 0 | N25: =SUM(N7:N24) -> 0 | O25: =SUM(O7:O24) -> 0 | P25: =SUM(P7:P24) -> 0 | Q25: =SUM(Q7:Q24) -> 0 | S25: =SUM(S7:S24) -> 0 | T25: =IF(P25=0,"",(S25-P25)/P25*100)
A26: 减：电子设备减值准备 | T26: =IF(P26=0,"",(S26-P26)/P26*100)
A27: 合 计 | M27: =M25-M26 -> 0 | N27: =N25-N26 -> 0 | O27: =O25-O26 -> 0 | P27: =P25-P26 -> 0 | Q27: =Q25-Q26 -> 0 | S27: =S25-S26 -> 0 | T27: =IF(P27=0,"",(S27-P27)/P27*100)
A28: =封面!D11&封面!F11 -> 产权持有人填表人： | Q28: ="评估人员："&封面!F25 -> 评估人员：
A29: =CONCATENATE(封面!D15,封面!F15,封面!G15,封面!H15,封面!I15,封面!J15,封面!K15) -> 填表日期：2022年6月28日

Sheet 土地
A1: 返回索引页 | B1: 返回
A2: 固定资产—土地评估明细表
A3: =CONCATENATE(封面!D9,封面!F9,封面!G9,封面!H9,封面!I9,封面!J9,封面!K9) -> 评估基准日：2022年7月22日
A4: =封面!D7&封面!F7 -> 产权持有人：抚顺经济开发区诚达融资担保有限公司 | V4: 金额单位：人民币元
A5: 序号 | B5: 土地权证编号 | C5: 宗地名称 | D5: 土地位置 | E5: 取得日期 | F5: 用地性质 | G5: 土地用途 | H5: 准用年限 | I5: 终止日期 | J5: 开发程度 | K5: 面积(m2) | L5: 原始入账价值 | M5: 摊销年限 | N5: 年摊销额 | O5: 审计前账面值 | Q5: 账面价值 | S5: 评估价值 | U5: 增值率% | V5: 备注 | W5: 证载权利人
O6: 原值 | P6: 净值 | Q6: 原值 | R6: 净值 | S6: 原值 | T6: 净值
U7: =IF(R7=0,"",(T7-R7)/R7*100)
U8: =IF(R8=0,"",(T8-R8)/R8*100)
U9: =IF(R9=0,"",(T9-R9)/R9*100)
U10: =IF(R10=0,"",(T10-R10)/R10*100)
U11: =IF(R11=0,"",(T11-R11)/R11*100)
U12: =IF(R12=0,"",(T12-R12)/R12*100)
U13: =IF(R13=0,"",(T13-R13)/R13*100)
U14: =IF(R14=0,"",(T14-R14)/R14*100)
U15: =IF(R15=0,"",(T15-R15)/R15*100)
U16: =IF(R16=0,"",(T16-R16)/R16*100)
U17: =IF(R17=0,"",(T17-R17)/R17*100)
U18: =IF(R18=0,"",(T18-R18)/R18*100)
... U27: =IF(R27=0,"",(T27-R27)/R27*100)
A28: 合 计 | O28: =SUM(O7:O27) -> 0 | P28: =SUM(P7:P27) -> 0 | Q28: =SUM(Q7:Q27) -> 0 | R28: =SUM(R7:R27) -> 0 | S28: =SUM(S7:S27) -> 0 | T28: =SUM(T7:T27) -> 0 | U28: =IF(R28=0,"",(T28-R28)/R28*100)
A29: =封面!D11&封面!F11 -> 产权持有人填表人： | S29: ="评估人员："&封面!F27 -> 评估人员：
A30: =CONCATENATE(封面!D15,封面!F15,封面!G15,封面!H15,封面!I15,封面!J15,封面!K15) -> 填表日期：2022年6月28日

Sheet B1
A2: 固定资产—机器设备评估明细表
A3: =CONCATENATE(封面!D9,封面!F9,封面!G9,封面!H9,封面!I9,封面!J9,封面!K9) -> 评估基准日：2022年7月22日
A4: 产权持有人：抚顺经济开发区诚达融资担保有限公司 | Q4: 金额单位：人民币元
A5: 序号1 | B5: 序号2 | C5: 序号 | D5: 设备名称 | E5: 规格型号 | F5: 生产厂家 | G5: 计量单位 | H5: 数量 | I5: 购置日期 | J5: 启用日期 | K5: 账面价值 | M5: 评估价值 | P5: 增值率% | Q5: 备注
K6: 原值 | L6: 净值 | M6: 原值 | N6: 成新率% | O6: 净值
A7: 1 | B7: 75 | C7: 345 | D7: 三坐标测量机 | E7: NHL-17/20 | F7: 北京南航立科 | G7: 台 | H7: 1 | I7: 2015.-2-8 | J7: 2015.-2-8 | M7: 100000 | N7: 60 | O7: 60000 | Q7: B1
A8: 2 | B8: 76 | C8: 346 | D8: 单臂三维测量划线机 | E8: CHXY-34.17.20CT2W | F8: 爱佩仪中测(成都)精密仪器有限公司 | G8: 台 | H8: 1 | I8: 41275 | J8: 41275 | M8: 200000 | N8: 38 | O8: 76000 | Q8: B1
A9: 3 | B9: 21 | C9: 60 | D9: 镗床TPX6111B/3 | E9: TPX6111B/3（三坐标） | F9: 沈阳机床厂 | G9: 台 | H9: 1 | I9: 41639 | J9: 41639 | M9: 370000 | N9: 40 | O9: 148000 | Q9: B1
A10: 4 | B10: 20 | C10: 59 | D10: 镗床 | E10: TPX6111B(两轴) | F10: 沈阳机床厂 | G10: 台 | H10: 1 | I10: 41274 | J10: 41274 | M10: 260000 | N10: 40 | O10: 104000 | Q10: B1
A11: 5 | B11: 86 | C11: 416 | D11: 卧式车床 | E11: CW61125M | F11: 大连机床厂 | G11: 台 | H11: 1 | I11: 41305 | J11: 41305 | M11: 275000 | N11: 50 | O11: 137500 | Q11: B1
A12: 6 | B12: 5 | C12: 6 | D12: 数控车床 | E12: CKA6180A | F12: 大连机床厂 | G12: 台 | H12: 1 | I12: 41274 | J12: 41274 | M12: 260000 | N12: 38 | O12: 98800 | Q12: B1
A13: 7 | B13: 13 | C13: 19 | D13: 数控卧式车床 | E13: CKD6163 | F13: 山东普利森 | G13: 台 | H13: 1 | I13: 41274 | J13: 41274 | M13: 200000 | N13: 38 | O13: 76000 | Q13: B1
A14: 8 | B14: 41 | C14: 152 | D14: 数控车床CKA5085NJ | E14: CKA5085NJ | F14: 沈阳机床 | G14: 台 | H14: 1 | I14: 41090 | J14: 41090 | M14: 92700 | N14: 35 | O14: 32445 | Q14: B1
A15: 9 | B15: 56 | C15: 236 | D15: 牛头刨床 | E15: BC6063 | F15: 抚顺机床制造有限公司 | G15: 台 | H15: 1 | I15: 36160 | J15: 36160 | M15: 32000 | N15: 10 | O15: 3200 | Q15: B1
A16: 10 | B16: 19 | C16: 55 | D16: 万能升降台铣床 | E16: FX6145 | F16: 四川长征 | G16: 台 | H16: 1 | I16: 41305 | J16: 41305 | M16: 175000 | N16: 45 | O16: 78750 | Q16: B1
A17: 11 | B17: 57 | C17: 237 | D17: 马鞍车床 | E17: CW6280C | F17: 大连 | G17: 台 | H17: 1 | I17: 36160 | J17: 36160 | M17: 85000 | N17: 10 | O17: 8500 | Q17: B1
A18: 12 | B18: 45 | C18: 171 | D18: 卧式车床 | E18: CW6263E*1000mm | F18: 大连机床集团 | G18: 台 | H18: 1 | I18: 40878 | J18: 40878 | M18: 115000 | N18: 40 | O18: 46000 | Q18: B1
A19: 13 | B19: 44 | C19: 165 | D19: 卧式铣镗床 | E19: TBX6111B | F19: 中捷机床厂 | G19: 台 | H19: 1 | I19: 41609 | J19: 41609 | M19: 285000 | N19: 40 | O19: 114000 | Q19: B1
... A25: 19 | B25: 46 | C25: 173 | D25: 万能回转头铣床 | E25: X716回转头 | F25: 山东威达重工 | G25: 台 | H25: 1 | I25: 41974 | J25: 41974 | M25: 230000 | N25: 58 | O25: 133400 | Q25: B1
A26: 20 | B26: 63 | C26: 243 | D26: 立式铣床 | E26: X7150A | F26: 山东华强精密机床有限公司 | G26: 台 | H26: 1 | I26: 2011-9.30 | J26: 2011-9.30 | M26: 118000 | N26: 30 | O26: 35400 | Q26: B1
A27: 21 | B27: 64 | C27: 244 | D27: 立式铣床 | E27: XA7140 | F27: 山东威达重工 | G27: 台 | H27: 1 | I27: 40332 | J27: 40332 | M27: 117000 | N27: 26 | O27: 30420 | Q27: B1
A28: 22 | B28: 60 | C28: 240 | D28: 立式钻床 | E28: Z5150A | F28: 丹东机床 | G28: 台 | H28: 1 | I28: 40482 | J28: 40482 | M28: 27000 | N28: 28 | O28: 7560 | Q28: B1
A29: 23 | B29: 4 | C29: 5 | D29: 数控铣床/立式加工中心 | E29: DTC1580 | F29: 云南鼎泰数控机床厂 | G29: 台 | H29: 1 | I29: 41305 | J29: 41305 | M29: 670000 | N29: 41 | O29: 274700 | Q29: B1
A30: 24 | B30: 23 | C30: 79 | D30: 数控高速单柱立式车床 | E30: SVT160X14/8A-NC、1600mm | F30: 齐齐哈尔重型数控装备股份有限公司 | G30: 台 | H30: 1 | I30: 41274 | J30: 41274 | M30: 700000 | N30: 38 | O30: 266000 | Q30: B1
A31: 25 | B31: 42 | C31: 159 | D31: 数控卧式铣镗床 | E31: TKB6511B | F31: 沈阳机床股份公司中捷机床厂 | G31: 套 | H31: 1 | I31: 41640 | J31: 41640 | M31: 2030000 | N31: 46 | O31: 933800 | Q31: B1
A32: 26 | B32: 6 | C32: 7 | D32: 数控卧式铣镗床 | E32: TKP6511B | F32: 沈阳机床股份公司中捷机床厂 | G32: 台 | H32: 1 | I32: 41425 | J32: 41425 | M32: 1850000 | N32: 41 | O32: 758500 | Q32: B1
A33: 27 | B33: 7 | C33: 8 | D33: 对刀仪 | E33: P280050X5Z5NLAK11TM | F33: 瑞士PWB | G33: 台 | H33: 1 | I33: 41639 | J33: 41639 | M33: 120000 | N33: 45 | O33: 54000 | Q33: B1
A34: 28 | B34: 29 | C34: 117 | D34: 数控卧式铣镗床 | E34: TKP6513 | F34: 沈阳机床股份限公司中捷机床厂 | G34: 台 | H34: 1 | I34: 41639 | J34: 41639 | M34: 2450000 | N34: 45 | O34: 1102500 | Q34: B1
A35: 29 | B35: 12 | C35: 18 | D35: 数控卧式铣镗床 | E35: TKP6513 | F35: 沈阳机床股份公司中捷机床厂 | G35: 台 | H35: 1 | I35: 41274 | J35: 41274 | M35: 2300000 | N35: 40 | O35: 920000 | Q35: B1
A36: 30 | B36: 8 | C36: 9 | D36: 数控卧式铣镗床 | E36: TKP6513 | F36: 沈阳机床股份公司中捷机床厂 | G36: 台 | H36: 1 | I36: 41425 | J36: 41425 | M36: 2450000 | N36: 41 | O36: 1004500 | Q36: B1
A37: 31 | B37: 37 | C37: 136 | D37: 单柱立式车床2000mm | E37: CA5120E*12/8(单柱） | F37: 齐重数控装备设备股份有公司 | G37: 台 | H37: 1 | I37: 41364 | J37: 41364 | M37: 660000 | N37: 50 | O37: 330000 | Q37: B1
A38: 32 | B38: 36 | C38: 135 | D38: 单柱立式车床 | E38: CA5116E*10/5、1600mm | F38: 齐齐哈尔重型 | G38: 台 | H38: 1 | I38: 41364 | J38: 41364 | M38: 410000 | N38: 50 | O38: 205000 | Q38: B1
... A44: 38 | B44: 14 | C44: 20 | D44: 立式加工中心 | E44: VMC1600B-1700*800mm | F44: 沈阳机床股份公司中捷钻镗床厂 | G44: 台 | H44: 1 | I44: 41455 | J44: 41455 | M44: 785000 | N44: 43 | O44: 337550 | Q44: B1
A45: 39 | B45: 24 | C45: 87 | D45: 喷砂机 | F45: 上海申江压力容器有限公司 | G45: 台 | H45: 1 | I45: 41639 | J45: 41639 | M45: 13000 | N45: 45 | O45: 5850 | Q45: B1
A46: 40 | B46: 58 | C46: 238 | D46: 摇臂钻床 | E46: Z3050*16/1 | F46: 中捷钻床 | G46: 台 | H46: 1 | I46: 41274 | J46: 41274 | M46: 68000 | N46: 43 | O46: 29240 | Q46: B1
A47: 41 | B47: 3 | C47: 3 | D47: 电动攻丝机 | E47: S40-16-800 | F47: 扬州德科机电制造有限公司 | G47: 台 | H47: 1 | I47: 41305 | J47: 41305 | M47: 18000 | N47: 41 | O47: 7380 | Q47: B1
A48: 42 | B48: 25 | C48: 92 | D48: 气动攻丝机 | E48: HL1924 | F48: 沈阳亨利斯机电设备有限公司 | G48: 台 | H48: 1 | I48: 41394 | J48: 41394 | M48: 11000 | N48: 45 | O48: 4950 | Q48: B1
A49: 43 | B49: 26 | C49: 93 | D49: 气动攻丝机 | E49: HL1924 | F49: 沈阳亨利斯机电设备有限公司 | G49: 台 | H49: 1 | I49: 41394 | J49: 41394 | M49: 11000 | N49: 45 | O49: 4950 | Q49: B1
A50: 44 | B50: 27 | C50: 94 | D50: 气动攻丝机 | E50: HL1924 | F50: 万木春 | G50: 台 | H50: 1 | I50: 41208 | J50: 41208 | M50: 11000 | N50: 42 | O50: 4620 | Q50: B1
A51: 45 | B51: 40 | C51: 147 | D51: 摇臂钻床Z3050*16/1 | E51: Z3050*16/1 | F51: 沈阳机床中捷机床厂 | G51: 台 | H51: 1 | I51: 41639 | J51: 41639 | M51: =136000/2 -> 68000 | N51: 48 | O51: =65280/2 -> 32640 | Q51: B1 | R51: 原为两台。重新看现场只有一台
A52: 46 | B52: 18 | C52: 46 | D52: 抛丸机 | E52: Q3750 | F52: 大连鑫桥铸造机械有限公司 | G52: 台 | H52: 1 | I52: 41274 | J52: 41274 | M52: 170000 | N52: 43 | O52: 73100 | Q52: B1
A53: 47 | B53: 79 | C53: 351 | D53: 手动试压泵 | E53: SB-10 | F53: 上海同舟 | G53: 台 | H53: 1 | I53: 41275 | J53: 41275 | M53: 1500 | N53: 5 | O53: 75 | Q53: B1
A54: 48 | B54: 32 | C54: 121 | D54: 电阻加热炉 | E54: DX-2 | F54: 沈阳兴科炉业公司 | G54: 台 | H54: 1 | I54: 41274 | J54: 41274 | M54: 30000 | N54: 22 | O54: 6600 | Q54: B1
A55: 49 | B55: 31 | C55: 120 | D55: 电阻加热炉 | E55: ROF-90-1 | F55: 沈阳兴科炉业 | G55: 台 | H55: 1 | I55: 41394 | J55: 41394 | M55: 13000 | N55: 37 | O55: 4810 | Q55: B1
A56: 50 | B56: 73 | C56: 312 | D56: 真空箱氦气检漏回收系统 | E56: SFZ-344 | F56: 安徽皖仪科技股份有限公司 | G56: 台 | H56: 1 | I56: 41639 | J56: 41639 | M56: 1150000 | N56: 48 | O56: 552000 | Q56: B1
A57: 51 | B57: 77 | C57: 347 | D57: 六氟化硫充气装置SF6 | E57: SGD/W20Y-15/600 | F57: 上海通用检测技术 | G57: 台 | H57: 1 | I57: 41090 | J57: 41090 | M57: 42000 | N57: 44 | O57: 18480 | Q57: B1
A58: 52 | B58: 39 | C58: 112 | D58: 堆高车（液压升降台） | E58: SJY 13940561737 | F58: 诺力公司 | G58: 台 | H58: 1 | I58: 41639 | J58: 41639 | M58: 28000 | N58: 58 | O58: 16240 | Q58: B2
A59: 53 | B59: 9 | C59: 12 | D59: 变频螺杆压缩机 | E59: GAE.30VSD | F59: 无锡阿特拉斯科普柯压缩机有限公司 | G59: 台 | H59: 1 | I59: 41305 | J59: 41305 | M59: 72000 | N59: 42 | O59: 30240 | Q59: B1
A60: 54 | B60: 11 | C60: 14 | D60: 储气罐 C-3/1.0 1台 | E60: C-3/1.0 --2立 | F60: 青岛海空压力容器有限公司 | G60: 台 | H60: 1 | I60: 41639 | J60: 41639 | M60: 5900 | N60: 65 | O60: 3835 | Q60: B1
A61: 55 | B61: 10 | C61: 13 | D61: 冷干机PX14 | E61: PX14 | F61: 无锡阿特拉斯 | G61: 台 | H61: 1 | I61: 41639 | J61: 41639 | M61: 11500 | N61: 55 | O61: 6325 | Q61: B1
A62: 56 | B62: 38 | C62: 140 | D62: 螺杆压缩机 | E62: GAE30 | F62: 无锡阿特拉斯科普柯压缩机有限公司 | G62: 台 | H62: 1 | I62: 41274 | J62: 41274 | M62: 72000 | N62: 47 | O62: 33840 | Q62: B1
A63: 57 | B63: 51 | C63: 163 | D63: 轴流式通风机 | E63: SFG4-2R | F63: 自制组合 | G63: 台 | H63: 1 | I63: 41974 | J63: 41974 | M63: 1200 | N63: 44 | O63: 528 | Q63: B2
... A74: 68 | B74: 78 | C74: 348 | D74: 检测平台1.5*3米 | E74: 1.5*3米 | F74: 泊头洪城量具机械设备有限公司 | G74: 台 | H74: 1 | I74: 41275 | J74: 41275 | M74: 16400 | N74: 66 | O74: 10824 | Q74: B1
A75: 69 | B75: 35 | C75: 126 | D75: 攻丝机平台1台 | E75: 1.2*1.2*0.12m | F75: 0 | G75: 台 | H75: 1 | I75: 41639 | J75: 41639 | M75: 6300 | N75: 70 | O75: 4410 | Q75: B1
A76: 70 | B76: 91 | C76: 122 | D76: 电子汽车衡（两个合在一起了） | E76: 180T | F76: 沈阳中瑞衡器有限公司 | G76: 台 | H76: 1 | I76: 41090 | J76: 41090 | M76: 81000 | N76: 42 | O76: 34020 | Q76: B1东侧外
B77: 47 | C77: 189 | D77: 单梁起重机（不含轨道） | E77: 3T16.5m*9m | F77: 抚顺金梁起重机 | G77: 台 | H77: 1 | I77: 41275 | J77: 41275 | M77: 36000 | N77: 49 | O77: 17640 | Q77: B1
B78: 48 | C78: 190 | D78: 单梁起重机（不含轨道） | E78: 3T16.5m*9m | F78: 抚顺金梁起重机 | G78: 台 | H78: 1 | I78: 41275 | J78: 41275 | M78: 36000 | N78: 49 | O78: 17640 | Q78: B1
B79: 49 | C79: 191 | D79: 单梁起重机（不含轨道） | E79: 10T--16.5*12 | F79: 抚顺金梁起重机 | G79: 台 | H79: 1 | I79: 41275 | J79: 41275 | M79: 69000 | N79: 49 | O79: 33810 | Q79: B1
B80: 50 | C80: 192 | D80: 单梁吊车（不含轨道） | E80: 3T16.5m*9m | F80: 抚顺金梁起重机 | G80: 台 | H80: 1 | I80: 41090 | J80: 41090 | M80: 42000 | N80: 46 | O80: 19320 | Q80: B1
B81: 51 | C81: 193 | D81: 单梁吊车（不含轨道） | E81: 3T16.5m*9m | F81: 抚顺金梁起重机 | G81: 台 | H81: 1 | I81: 41090 | J81: 41090 | M81: 42000 | N81: 46 | O81: 19320 | Q81: B1
B82: 52 | C82: 194 | D82: 单梁吊车（不含轨道） | E82: 3T16.5m*9m | F82: 抚顺金梁起重机 | G82: 台 | H82: 1 | I82: 41090 | J82: 41090 | M82: 42000 | N82: 46 | O82: 19320 | Q82: B1
B83: 53 | C83: 195 | D83: 单梁吊车（不含轨道） | E83: 3T16.5m*9m | F83: 抚顺金梁起重机 | G83: 台 | H83: 1 | I83: 41090 | J83: 41090 | M83: 42000 | N83: 46 | O83: 19320 | Q83: B1
B84: 54 | C84: 196 | D84: 单梁吊车（不含轨道） | E84: 3T16.5m*9m | F84: 抚顺金梁起重机 | G84: 台 | H84: 1 | I84: 41090 | J84: 41090 | M84: 42000 | N84: 46 | O84: 19320 | Q84: B1
B85: 55 | C85: 197 | D85: 单梁吊车（不含轨道） | E85: 3T16.5m*9m | F85: 抚顺金梁起重机 | G85: 台 | H85: 1 | I85: 41090 | J85: 41090 | M85: 42000 | N85: 46 | O85: 19320 | Q85: B1
B86: 71 | C86: 293 | D86: 万能铣床调整平台①② | G86: 台 | H86: 2 | I86: 41061 | J86: 41061 | P86: 未见 | Q86: B1 | R86: 9000 | S86: 47 | T86: 4230
B87: 72 | C87: 294 | D87: 万能铣床调整平台③ | G87: 台 | H87: 1 | I87: 41061 | J87: 41061 | P87: 未见 | Q87: B1 | R87: 4500 | S87: 47 | T87: 2115
B88: 74 | C88: 333 | D88: 机加车间用平台 | E88: 2*1.8*0.15 | F88: 泊头洪城量具机械设备有限公司 | G88: 台 | H88: 1 | I88: 41547 | J88: 41547 | P88: 未见 | Q88: B1 | R88: 19700 | S88: 70 | T88: 13790
B89: 33 | C89: 123 | D89: 逆变式直流弧焊机 | E89: ZXT-400S | F89: 河北松下产业机器有限公司 | G89: 台 | H89: 1 | I89: 41172 | J89: 41172 | P89: 未见 | Q89: B1 | R89: 7200 | S89: 41 | T89: 2952
B90: 80 | C90: 370 | D90: 干式变压器 | E90: SCB10-1000kva | F90: 沈阳春兴成套电器有限公司 | G90: 台 | H90: 1 | I90: 41640 | J90: 41640 | M90: 99500 | N90: 56 | O90: 55720 | Q90: B1
B91: 81 | C91: 371 | D91: 低压柜 | E91: GGD1 | F91: 沈阳春兴成套电器有限公司 | G91: 台 | H91: 9 | I91: 40908 | J91: 40908 | M91: 279000 | N91: 43 | O91: 119970 | Q91: B1
B92: 82 | C92: 372 | D92: 高压柜 | E92: KYN28-12 | F92: 沈阳春兴成套电器有限公司 | G92: 台 | H92: 2 | I92: 40908 | J92: 40908 | M92: 84000 | N92: 43 | O92: 36120 | Q92: B1
B93: 83 | C93: 373 | D93: 动力箱 | E93: XL-21-02小型 | F93: 沈阳春兴成套电器有限公司 | G93: 台 | H93: 19 | I93: 40908 | J93: 40908 | M93: 38000 | N93: 35 | O93: 13300 | Q93: B1
B94: 84 | C94: 374 | D94: 开关柜 | E94: GGD1 | F94: 沈阳春兴成套电器有限公司 | G94: 台 | H94: 1 | I94: 40908 | J94: 40908 | M94: 31000 | N94: 43 | O94: 13330 | Q94: B1
B95: 85 | C95: 375 | D95: 动力柜 | E95: XL-21 | F95: 沈阳春兴成套电器有限公司 | G95: 台 | H95: 17 | I95: 40909 | J95: 40909 | M95: 51000 | N95: 35 | O95: 17850 | Q95: B1
D96: 小 计 | M96: =SUM(M7:M95) -> 29222200 | N96: =SUM(N7:N95) -> 3610 | O96: =SUM(O7:O95) -> 11931218
B97: 87 | C97: 310 | D97: 金属型模具330 | E97: 0 | F97: 0 | G97: 台 | H97: 1 | I97: 41455 | J97: 41455 | M97: 56300 | N97: 30 | O97: 16890 | Q97: B1
B98: 88 | C98: 311 | D98: 金属型模具331 | E98: 0 | F98: 0 | G98: 台 | H98: 1 | I98: 41455 | J98: 41455 | M98: 57900 | N98: 30 | O98: 17370 | Q98: B1
B99: 89 | C99: 312 | D99: 木型模具118 | E99: 0 | F99: 0 | G99: 台 | H99: 1 | I99: 41455 | J99: 41455 | M99: 800 | N99: 30 | O99: 240 | Q99: B1
B100: 90 | C100: 313 | D100: 木型模具119 | E100: 0 | F100: 0 | G100: 台 | H100: 1 | I100: 41455 | J100: 41455 | M100: 800 | N100: 30 | O100: 240 | Q100: B1
D101: 小 计 | M101: =SUM(M97:M100) -> 115800 | N101: =SUM(N97:N100) -> 120 | O101: =SUM(O97:O100) -> 34740
D102: 合 计 | M102: =M96+M101 -> 29338000 | O102: =O96+O101 -> 11965958
S105: =O102+开闭所!O44+锅炉房!O13+'A5'!O156+'A4'!O172+'A3'!O43+'A2'!O98+'A1'!O22+'B4'!O10+'B3'!O37+'B2'!O455+'B1'!O102 -> 50437536

Sheet B2
A2: 固定资产—机器设备评估明细表
A3: =CONCATENATE(封面!D9,封面!F9,封面!G9,封面!H9,封面!I9,封面!J9,封面!K9) -> 评估基准日：2022年7月22日
A4: 产权持有人：抚顺经济开发区诚达融资担保有限公司 | Q4: 金额单位：人民币元
A5: 序号1 | B5: 序号2 | C5: 序号 | D5: 设备名称 | E5: 规格型号 | F5: 生产厂家 | G5: 计量单位 | H5: 数量 | I5: 购置日期 | J5: 启用日期 | K5: 账面价值 | M5: 评估价值 | P5: 增值率% | Q5: 备注
K6: 原值 | L6: 净值 | M6: 原值 | N6: 成新率% | O6: 净值
A7: 1 | B7: 62 | C7: 185 | D7: 玻璃钢冷却塔 | E7: DDN3-80 | F7: 济南第二机床有限公司成套设备 | G7: 台 | H7: 1 | I7: 41274 | J7: 41274 | M7: 3774000 | N7: 43 | O7: 1622820 | Q7: B2东外
A8: 2 | B8: 60 | C8: 183 | D8: 除尘设备 | E8: 布袋 | F8: 济南第二机床有限公司成套设备 | G8: 台 | H8: 1 | I8: 41274 | J8: 41274 | Q8: B2东外
A9: 3 | B9: 61 | C9: 184 | D9: 除尘设备 | E9: 布袋 | F9: 济南第二机床有限公司成套设备 | G9: 台 | H9: 1 | I9: 41274 | J9: 41274 | Q9: B2东外
A10: 4 | B10: 58 | C10: 181 | D10: 离心通风机 | E10: 4-68-10D | F10: 济南第二机床有限公司成套设备 | G10: 台 | H10: 1 | I10: 41274 | J10: 41274 | Q10: B2东外
A11: 5 | B11: 59 | C11: 182 | D11: 离心通风机 | E11: 4-68-10D | F11: 济南第二机床有限公司成套设备 | G11: 台 | H11: 1 | I11: 41274 | J11: 41274 | Q11: B2东外
A12: 19 | B12: 55 | C12: 178 | D12: 固定式双臂混砂机（组合设备） | E12: DS12 | F12: 济南第二机床有限公司成套设备 | G12: 套 | H12: 1 | I12: 41274 | J12: 41274 | Q12: B2
A13: 20 | B13: 56 | C13: 179 | D13: 固定式双臂混砂机 | E13: DS25 | F13: 济南第二机床有限公司成套设备 | G13: 台 | H13: 1 | I13: 41274 | J13: 41274 | Q13: B2
A14: 21 | B14: 57 | C14: 180 | D14: 固定式双臂混砂机 | E14: DS12 | F14: 济南第二机床有限公司成套设备 | G14: 台 | H14: 1 | I14: 41274 | J14: 41274 | Q14: B2
A15: 22 | B15: 65 | C15: 188 | D15: 呋喃树脂砂再生线系统设备 | E15: 4个罐 | F15: 济南第二机床有限公司成套设备 | G15: 组 | H15: 1 | I15: 41274 | J15: 41274 | Q15: B2
A16: 24 | B16: 63 | C16: 186 | D16: 振动落砂机 | E16: 0 | F16: 济南第二机床有限公司成套设备 | G16: 台 | H16: 1 | I16: 41274 | J16: 41274 | Q16: B2
A17: 24 | B17: 64 | C17: 187 | D17: 振动破碎机 | E17: 0 | F17: 济南第二机床有限公司成套设备 | G17: 台 | H17: 1 | I17: 41274 | J17: 41274 | Q17: B2
A18: 6 | B18: 23 | C18: 52 | D18: 台车式时效炉 | E18: RHL-300-3 | F18: 江苏威尔炉业公司 | G18: 台 | H18: 1 | I18: 41455 | J18: 41455 | M18: 255000 | N18: 40 | O18: 102000 | Q18: B2
A19: 7 | B19: 24 | C19: 53 | D19: 井式淬火炉 | E19: RDJ-280-6 | F19: 江苏威尔炉业公司 | G19: 台 | H19: 1 | I19: 40908 | J19: 40908 | M19: 165000 | N19: 30 | O19: 49500 | Q19: B2
A20: 8 | B20: 25 | C20: 54 | D20: 井式淬火炉 | E20: RDJ-280-6 | F20: 江苏威尔炉业公司 | G20: 台 | H20: 1 | I20: 40908 | J20: 40908 | M20: 165000 | N20: 30 | O20: 49500 | Q20: B2
A21: 9 | B21: 33 | C21: 101 | D21: 铝合金淬火炉 | E21: RZ-270-5 | F21: 沈阳兴科炉业公司 | G21: 台 | H21: 1 | I21: 41639 | J21: 41639 | M21: 730000 | N21: 45 | O21: 328500 | Q21: B2
A22: 10 | B22: 81 | C22: 262 | D22: 金属带锯床 | E22: GW4250 | F22: 浙江威力士机械有限公司 | G22: 台 | H22: 1 | I22: 41274 | J22: 41274 | M22: 43000 | N22: 47 | O22: 20210 | Q22: B2
A23: 11 | B23: 35 | C23: 103 | D23: 等离子切割机 | E23: CUT-400 | F23: 常州森淼焊割设备有限公司 | G23: 台 | H23: 1 | I23: 41639 | J23: 41639 | M23: 42000 | N23: 20 | O23: 8400 | Q23: B2
A24: 12 | B24: 1 | C24: 4 | D24: Q3750抛丸机 | E24: Q3750 | F24: 浙江大丰鑫桥铸造公司 | G24: 台 | H24: 1 | I24: 41090 | J24: 41090 | M24: 155000 | N24: 40 | O24: 62000 | Q24: B2
A25: 13 | B25: 18 | C25: 47 | D25: 抛丸机 | E25: Q3730 | F25: 浙江大丰鑫桥铸造公司 | G25: 台 | H25: 1 | I25: 41274 | J25: 41274 | M25: 150000 | N25: 43 | O25: 64500 | Q25: B2
A26: 14 | B26: 17 | C26: 45 | D26: GB系列金属带锯床 | E26: GB4260 | F26: 浙江奥林发机床有限公司 | G26: 台 | H26: 1 | I26: 41066 | J26: 41066 | M26: 49000 | N26: 39 | O26: 19110 | Q26: B2
A27: 15 | B27: 36 | C27: 104 | D27: BX1-500A焊机 | E27: BX1-500 | F27: 上海众升电焊设备公司 | G27: 台 | H27: 1 | I27: 41425 | J27: 41425 | M27: 1600 | N27: 46 | O27: 736 | Q27: B2
A28: 16 | B28: 38 | C28: 106 | D28: 电焊机 | E28: BX1-500B | F28: 上海众升电焊设备公司 | G28: 台 | H28: 1 | I28: 41639 | J28: 41639 | M28: 1600 | N28: 50 | O28: 800 | Q28: B2
A29: 17 | B29: 40 | C29: 118 | D29: 奥太焊机 | E29: WSME-400 | F29: 上海沪工电焊机有限公司 | G29: 台 | H29: 1 | I29: 41060 | J29: 41060 | M29: 5500 | N29: 39 | O29: 2145 | Q29: B2
... A43: 36 | B43: 77 | C43: 226 | D43: 五工位倾转式重力铸造机 | E43: ZJQ960D5 | F43: 无锡市亚威机械制造有限公司 | G43: 台 | H43: 1 | I43: 41000 | J43: 41000 | M43: 235000 | N43: 38 | O43: 89300 | Q43: B2
A44: 37 | B44: 78 | C44: 227 | D44: 坩埚熔化炉 | E44: RGL-130-8 | F44: 沈阳兴科炉业有限公司 | G44: 台 | H44: 1 | I44: 2012.1.1 | J44: 2012.1.1 | M44: 22000 | N44: 26 | O44: 5720 | Q44: B2
A45: 38 | B45: 50 | C45: 150 | D45: 热风循环加热炉、低压铸造机一套 | E45: ZJ455D | F45: 无锡方力达 | G45: 套 | H45: 1 | I45: 41274 | J45: 41274 | M45: 340000 | N45: 40 | O45: 136000 | Q45: B2
A46: 39 | B46: 83 | C46: 264 | D46: 铝液旋转除气机 | E46: XC210A | F46: 济南海德热工有限公司 | G46: 台 | H46: 1 | I46: 41210 | J46: 41210 | M46: 38000 | N46: 32 | O46: 12160 | Q46: B2
A47: 40 | B47: 8 | C47: 32 | D47: 铝液旋转除气机 | E47: XC210A | F47: 济南海德热工有限公司 | G47: 台 | H47: 1 | I47: 41090 | J47: 41090 | M47: 38000 | N47: 30 | O47: 11400 | Q47: B2
A48: 41 | B48: 28 | C48: 96 | D48: 铝业精炼机 | E48: SG-III | F48: 沈阳工大铸造研究所 | G48: 台 | H48: 1 | I48: 40908 | J48: 40908 | M48: 21000 | N48: 30 | O48: 6300 | Q48: B2
A49: 42 | B49: 22 | C49: 51 | D49: 砂型低压铸造机 | E49: J4525 | F49: 重庆福德铸造机械有限公司 | G49: 台 | H49: 1 | I49: 41090 | J49: 41090 | M49: 530000 | N49: 37 | O49: 196100 | Q49: B2
A50: 43 | B50: 29 | C50: 97 | D50: 坩埚熔化炉 | E50: RR-130-8 | F50: 沈阳兴科炉业有限公司 | G50: 台 | H50: 1 | I50: 41486 | J50: 41486 | M50: 22000 | N50: 39 | O50: 8580 | Q50: B2
A51: 44 | B51: 30 | C51: 98 | D51: 坩埚熔化炉 | E51: RR-130-8 | F51: 沈阳兴科炉业有限公司 | G51: 台 | H51: 1 | I51: 41486 | J51: 41486 | M51: 22000 | N51: 39 | O51: 8580 | Q51: B2
A52: 45 | B52: 31 | C52: 99 | D52: 坩埚熔化炉 | E52: RR-130-8 | F52: 沈阳兴科炉业有限公司 | G52: 台 | H52: 1 | I52: 41486 | J52: 41486 | M52: 22000 | N52: 39 | O52: 8580 | Q52: B2
A53: 46 | B53: 41 | C53: 127 | D53: 坩锅熔化炉 | E53: RR-135-8 | F53: 沈阳兴科炉业有限公司 | G53: 台 | H53: 1 | I53: 41639 | J53: 41639 | M53: 31000 | N53: 34 | O53: 10540 | Q53: B2
A54: 47 | B54: 43 | C54: 129 | D54: 悬吊式铝水浇包CXLB-100 | E54: CXLB-100(1吨) | F54: 济南海德热工公司 | G54: 台 | H54: 1 | I54: 41090 | J54: 41090 | M54: 31000 | N54: 40 | O54: 12400 | Q54: B2
A55: 48 | B55: 10 | C55: 34 | D55: 悬吊式铝水中转包 | E55: CXLB-50--0.5吨 | F55: 济南海德热工公司 | G55: 台 | H55: 1 | I55: 41090 | J55: 41090 | M55: 23000 | N55: 40 | O55: 9200 | Q55: B2
A56: 49 | B56: 11 | C56: 35 | D56: 悬吊式铝水中转包 | E56: CXLB-50--0.5吨 | F56: 济南海德热工公司 | G56: 台 | H56: 1 | I56: 41090 | J56: 41090 | M56: 23000 | N56: 40 | O56: 9200 | Q56: B2
... A92: 85 | B92: 87 | C92: 311 | D92: 2000*4000检验平台 | E92: 2000*4000 | F92: 泊头洪城量具机械设备限公司 | G92: 台 | H92: 1 | I92: 41639 | J92: 41639 | M92: 29200 | N92: 70 | O92: 20440 | Q92: B2
B93: 53 | C93: 167 | D93: 冶金电动单梁起重机 | E93: 5T-22.5*9 | F93: 抚顺金梁起重机 | G93: 台 | H93: 1 | I93: 41640 | J93: 41640 | M93: 57000 | N93: 55 | O93: 31350 | Q93: B2
B94: 66 | C94: 204 | D94: 双梁吊车（不含轨道） | E94: 16T/5T | F94: 河南大方起重机 | G94: 台 | H94: 1 | I94: 41090 | J94: 41090 | M94: 335000 | N94: 46 | O94: 154100 | Q94: B2
B95: 67 | C95: 205 | D95: 双梁吊车（不含轨道） | E95: 16T/5T | F95: 河南大方起重机 | G95: 台 | H95: 1 | I95: 41090 | J95: 41090 | M95: 335000 | N95: 46 | O95: 154100 | Q95: B2
B96: 68 | C96: 208 | D96: 双梁吊车（不含轨道） | E96: 16T/5T | F96: 河南大方起重机 | G96: 台 | H96: 1 | I96: 41090 | J96: 41090 | M96: 335000 | N96: 46 | O96: 154100 | Q96: B2
B97: 69 | C97: 209 | D97: 单梁吊车（不含轨道） | E97: 5T16.5m*12m | F97: 抚顺金梁起重机 | G97: 台 | H97: 1 | I97: 41090 | J97: 41090 | M97: 53000 | N97: 46 | O97: 24380 | Q97: B2
B98: 70 | C98: 211 | D98: 单梁吊车（不含轨道） | E98: 10T--16.5*12 | F98: 抚顺金梁起重机 | G98: 台 | H98: 1 | I98: 41090 | J98: 41090 | M98: 69000 | N98: 46 | O98: 31740 | Q98: B2
B99: 71 | C99: 217 | D99: 单梁吊车（不含轨道） | E99: 10T--16.5*12 | F99: 抚顺金梁起重机 | G99: 台 | H99: 1 | I99: 41090 | J99: 41090 | M99: 69000 | N99: 46 | O99: 31740 | Q99: B2
B100: 72 | C100: 218 | D100: 单梁吊车（不含轨道） | E100: 5T-22.5*9 | F100: 抚顺金梁起重机 | G100: 台 | H100: 1 | I100: 41090 | J100: 41090 | M100: 57000 | N100: 46 | O100: 26220 | Q100: B2
B101: 73 | C101: 219 | D101: 单梁吊车（不含轨道） | E101: 5T-16.5*12 | F101: 抚顺金梁起重机 | G101: 台 | H101: 1 | I101: 41090 | J101: 41090 | M101: 53000 | N101: 46 | O101: 24380 | Q101: B2
B102: 74 | C102: 220 | D102: 单梁吊车（不含轨道） | E102: 5T-16.5*12 | F102: 抚顺金梁起重机 | G102: 台 | H102: 1 | I102: 41090 | J102: 41090 | M102: 53000 | N102: 46 | O102: 24380 | Q102: B2
B103: 75 | C103: 221 | D103: 单梁吊车（不含轨道） | E103: 5T-22.5*12 | F103: 抚顺金梁起重机 | G103: 台 | H103: 1 | I103: 41090 | J103: 41090 | M103: 57000 | N103: 46 | O103: 26220 | Q103: B2
B104: 76 | C104: 222 | D104: 单梁吊车（不含轨道） | E104: 10T--16.5*9 | F104: 抚顺金梁起重机 | G104: 台 | H104: 1 | I104: 41090 | J104: 41090 | M104: 69000 | N104: 46 | O104: 31740 | Q104: B2
... B108: 104 | C108: 379 | D108: 动力箱 | E108: XL-21（中型） | F108: 沈阳春兴成套电器有限公司 | G108: 台 | H108: 16 | I108: 40818 | J108: 40818 | M108: 48000 | N108: 35 | O108: 16800 | Q108: B2
D109: 小 计 | M109: =SUM(M7:M108) -> 15379300 | O109: =SUM(O7:O108) -> 6434269
B110: 105 | C110: 314 | D110: 金属型模具1 | G110: 台 | H110: 1 | I110: 41455 | J110: 41455 | M110: 35100 | N110: 30 | O110: 10530 | Q110: B2
B111: 106 | C111: 315 | D111: 金属型模具2 | G111: 台 | H111: 1 | I111: 41455 | J111: 41455 | M111: 35100 | N111: 30 | O111: 10530 | Q111: B2
B112: 107 | C112: 316 | D112: 金属型模具3 | G112: 台 | H112: 1 | I112: 41455 | J112: 41455 | M112: 35100 | N112: 30 | O112: 10530 | Q112: B2
B113: 108 | C113: 317 | D113: 金属型模具4 | G113: 台 | H113: 1 | I113: 41455 | J113: 41455 | M113: 35100 | N113: 30 | O113: 10530 | Q113: B2
B114: 109 | C114: 318 | D114: 金属型模具5 | G114: 台 | H114: 1 | I114: 41455 | J114: 41455 | M114: 29900 | N114: 30 | O114: 8970 | Q114: B2
B115: 110 | C115: 319 | D115: 金属型模具6 | G115: 台 | H115: 1 | I115: 41455 | J115: 41455 | M115: 29900 | N115: 30 | O115: 8970 | Q115: B2
B116: 111 | C116: 320 | D116: 金属型模具7 | G116: 台 | H116: 1 | I116: 41455 | J116: 41455 | M116: 29900 | N116: 30 | O116: 8970 | Q116: B2
B117: 112 | C117: 321 | D117: 金属型模具8 | G117: 台 | H117: 1 | I117: 41455 | J117: 41455 | M117: 29900 | N117: 30 | O117: 8970 | Q117: B2
B118: 113 | C118: 322 | D118: 金属型模具9 | G118: 台 | H118: 1 | I118: 41455 | J118: 41455 | M118: 29900 | N118: 30 | O118: 8970 | Q118: B2
B119: 114 | C119: 323 | D119: 金属型模具10 | G119: 台 | H119: 1 | I119: 41455 | J119: 41455 | M119: 29900 | N119: 30 | O119: 8970 | Q119: B2
B120: 115 | C120: 324 | D120: 金属型模具11 | G120: 台 | H120: 1 | I120: 41455 | J120: 41455 | M120: 29900 | N120: 30 | O120: 8970 | Q120: B2
B121: 116 | C121: 325 | D121: 金属型模具12 | G121: 台 | H121: 1 | I121: 41455 | J121: 41455 | M121: 29900 | N121: 30 | O121: 8970 | Q121: B2
... B309: 304 | C309: 513 | D309: 木型15 | G309: 台 | H309: 1 | I309: 41455 | J309: 41455 | M309: 700 | N309: 20 | O309: 140 | Q309: B2
B310: 305 | C310: 514 | D310: 木型16 | E310: B2木型18缺少，19、20在A4 | G310: 台 | H310: 1 | I310: 41455 | J310: 41455 | M310: 700 | N310: 20 | O310: 140 | Q310: B2
B311: 306 | C311: 515 | D311: 木型17 | G311: 台 | H311: 1 | I311: 41455 | J311: 41455 | M311: 700 | N311: 20 | O311: 140 | Q311: B2
B312: 307 | C312: 516 | D312: 沙箱1 | G312: 个 | H312: 1 | I312: 41455 | J312: 41455 | M312: 16900 | N312: 30 | O312: 5070 | Q312: B2
B313: 308 | C313: 517 | D313: 沙箱2 | G313: 个 | H313: 1 | I313: 41455 | J313: 41455 | M313: 16900 | N313: 30 | O313: 5070 | Q313: B2
B314: 309 | C314: 518 | D314: 沙箱3 | G314: 个 | H314: 1 | I314: 41455 | J314: 41455 | M314: 29200 | N314: 30 | O314: 8760 | Q314: B2
B315: 310 | C315: 519 | D315: 沙箱4 | G315: 个 | H315: 1 | I315: 41455 | J315: 41455 | M315: 29200 | N315: 30 | O315: 8760 | Q315: B2
B316: 311 | C316: 520 | D316: 沙箱5 | G316: 个 | H316: 1 | I316: 41455 | J316: 41455 | M316: 29200 | N316: 30 | O316: 8760 | Q316: B2
B317: 312 | C317: 521 | D317: 沙箱6 | G317: 个 | H317: 1 | I317: 41455 | J317: 41455 | M317: 29200 | N317: 30 | O317: 8760 | Q317: B2
B318: 313 | C318: 522 | D318: 沙箱7 | G318: 个 | H318: 1 | I318: 41455 | J318: 41455 | M318: 18500 | N318: 30 | O318: 5550 | Q318: B2
B319: 314 | C319: 523 | D319: 沙箱8 | G319: 个 | H319: 1 | I319: 41455 | J319: 41455 | M319: 18500 | N319: 30 | O319: 5550 | Q319: B2
B320: 315 | C320: 524 | D320: 沙箱9 | G320: 个 | H320: 1 | I320: 41455 | J320: 41455 | M320: 18500 | N320: 30 | O320: 5550 | Q320: B2
B321: 316 | C321: 525 | D321: 沙箱10 | G321: 个 | H321: 1 | I321: 41455 | J321: 41455 | M321: 18500 | N321: 30 | O321: 5550 | Q321: B2
B322: 317 | C322: 526 | D322: 沙箱11 | G322: 个 | H322: 1 | I322: 41455 | J322: 41455 | M322: 18500 | N322: 30 | O322: 5550 | Q322: B2
... B381: 376 | C381: 585 | D381: 沙箱70 | G381: 个 | H381: 1 | I381: 41455 | J381: 41455 | M381: 18300 | N381: 30 | O381: 5490 | Q381: B2
B382: 377 | C382: 586 | D382: 沙箱71 | E382: 铝制 | G382: 个 | H382: 1 | I382: 41455 | J382: 41455 | M382: 30200 | N382: 30 | O382: 9060 | Q382: B2
B383: 378 | C383: 587 | D383: 沙箱72 | E383: 铝制 | G383: 个 | H383: 1 | I383: 41455 | J383: 41455 | M383: 30200 | N383: 30 | O383: 9060 | Q383: B2
B384: 379 | C384: 588 | D384: 沙箱73 | E384: 铝制 | G384: 个 | H384: 1 | I384: 41455 | J384: 41455 | M384: 30200 | N384: 30 | O384: 9060 | Q384: B2
B385: 380 | C385: 589 | D385: 沙箱74 | E385: 铝制 | G385: 个 | H385: 1 | I385: 41455 | J385: 41455 | M385: 30200 | N385: 30 | O385: 9060 | Q385: B2
B386: 381 | C386: 590 | D386: 沙箱75 | E386: 铝制 | G386: 个 | H386: 1 | I386: 41455 | J386: 41455 | M386: 30200 | N386: 30 | O386: 9060 | Q386: B2
B387: 382 | C387: 591 | D387: 沙箱76 | E387: 铝制 | G387: 个 | H387: 1 | I387: 41455 | J387: 41455 | M387: 30200 | N387: 30 | O387: 9060 | Q387: B2
B388: 383 | C388: 592 | D388: 沙箱77 | E388: 铝制 | G388: 个 | H388: 1 | I388: 41455 | J388: 41455 | M388: 33100 | N388: 30 | O388: 9930 | Q388: B2
B389: 384 | C389: 593 | D389: 沙箱78 | E389: 铝制 | G389: 个 | H389: 1 | I389: 41455 | J389: 41455 | M389: 33100 | N389: 30 | O389: 9930 | Q389: B2
B390: 385 | C390: 594 | D390: 沙箱79 | E390: 铝制 | G390: 个 | H390: 1 | I390: 41455 | J390: 41455 | M390: 41600 | N390: 30 | O390: 12480 | Q390: B2
B391: 386 | C391: 595 | D391: 沙箱80 | E391: 铝制 | G391: 个 | H391: 1 | I391: 41455 | J391: 41455 | M391: 41600 | N391: 30 | O391: 12480 | Q391: B2
B392: 387 | C392: 596 | D392: 沙箱81 | E392: 铝制 | G392: 个 | H392: 1 | I392: 41455 | J392: 41455 | M392: 33400 | N392: 30 | O392: 10020 | Q392: B2
B393: 388 | C393: 597 | D393: 沙箱82 | E393: 铝制 | G393: 个 | H393: 1 | I393: 41455 | J393: 41455 | M393: 33400 | N393: 30 | O393: 10020 | Q393: B2
... B405: 400 | C405: 609 | D405: 沙箱94 | E405: 铝制 | G405: 个 | H405: 1 | I405: 41455 | J405: 41455 | M405: 28700 | N405: 30 | O405: 8610 | Q405: B2
B406: 401 | C406: 610 | D406: 沙箱95 | G406: 个 | H406: 1 | I406: 41455 | J406: 41455 | M406: 19600 | N406: 30 | O406: 5880 | Q406: B2
B407: 402 | C407: 611 | D407: 沙箱96 | G407: 个 | H407: 1 | I407: 41455 | J407: 41455 | M407: 14600 | N407: 30 | O407: 4380 | Q407: B2
B408: 403 | C408: 612 | D408: 沙箱97 | G408: 个 | H408: 1 | I408: 41455 | J408: 41455 | M408: 14600 | N408: 30 | O408: 4380 | Q408: B2
...

Sheet B3
A2: 固定资产—机器设备评估明细表
A3: =CONCATENATE(封面!D9,封面!F9,封面!G9,封面!H9,封面!I9,封面!J9,封面!K9) -> 评估基准日：2022年7月22日
A4: 产权持有人：抚顺经济开发区诚达融资担保有限公司 | Q4: 金额单位：人民币元
A5: 序号1 | B5: 序号2 | C5: 序号 | D5: 设备名称 | E5: 规格型号 | F5: 生产厂家 | G5: 计量单位 | H5: 数量 | I5: 购置日期 | J5: 启用日期 | K5: 账面价值 | M5: 评估价值 | P5: 增值率% | Q5: 备注
K6: 原值 | L6: 净值 | M6: 原值 | N6: 成新率% | O6: 净值
A7: 1 | B7: 1 | C7: 15 | D7: 储气罐C-2-10 | E7: C-2-10--4立 | F7: 青岛海空压力容器有限公司 | G7: 台 | H7: 1 | I7: 41639 | J7: 41639 | M7: 10000 | N7: 65 | O7: 6500 | Q7: B3
A8: 2 | B8: 2 | C8: 89 | D8: 空压机 | E8: BLT-75AG | F8: 上海博莱特压缩机有限公司 | G8: 台 | H8: 1 | I8: 41639 | J8: 41639 | M8: 68000 | N8: 58 | O8: 39440 | Q8: B3
A9: 3 | B9: 9 | C9: 278 | D9: 常压热水锅炉 | E9: CDZH2.8-85/60-A11 | F9: 凤城三田热能公司 | G9: 台 | H9: 6 | I9: 41639 | J9: 41639 | M9: 1260000 | N9: 15 | O9: 189000 | Q9: B3锅炉房
A10: 4 | B10: 10 | C10: 279 | D10: 环链刮板除渣机 | E10: GBC-12 | F10: 凤城铧洋公司 | G10: 台 | H10: 1 | I10: 41640 | J10: 41640 | M10: 26000 | N10: 15 | O10: 3900 | Q10: B3锅炉房
A11: 5 | B11: 12 | C11: 285 | D11: 草坪割草机 | F11: 不详 | G11: 台 | H11: 1 | I11: 41274 | J11: 41274 | M11: 2300 | N11: 5 | O11: 115 | Q11: B3锅炉房
A12: 6 | B12: 7 | C12: 246 | D12: 奥太焊机 | E12: WSME-500 | F12: 山大奥太电气有限公司 | G12: 台 | H12: 1 | I12: 41425 | J12: 41425 | M12: 8800 | N12: 46 | O12: 4048 | Q12: B3
A13: 7 | B13: 8 | C13: 247 | D13: 奥神焊机 | E13: ZX7-250 | F13: 山大奥神 | G13: 台 | H13: 1 | I13: 41274 | J13: 41274 | M13: 1000 | N13: 43 | O13: 430 | Q13: B3
B14: 3 | C14: 156 | D14: 低压动力柜 | F14: 不详 | G14: 台 | H14: 1 | I14: 41172 | J14: 41172 | M14: 4000 | N14: 41 | O14: 1640 | Q14: B3锅炉房
B15: 4 | C15: 157 | D15: 动力箱 | G15: 台 | H15: 1 | I15: 41639 | J15: 41639 | M15: 4500 | N15: 44 | O15: 1980 | Q15: B3锅炉房
B16: 5 | C16: 158 | D16: 动力箱 | G16: 台 | H16: 1 | I16: 41639 | J16: 41639 | M16: 4000 | N16: 44 | O16: 1760 | Q16: B3锅炉房
B17: 6 | C17: 170 | D17: 普通单梁起重机 | E17: 3T-19.5*9 | F17: 抚顺金梁起重机 | G17: 台 | H17: 1 | I17: 41640 | J17: 41640 | M17: 43500 | N17: 59 | O17: 25665 | Q17: B3
B18: 11 | C18: 283 | D18: 动力箱 | G18: 台 | H18: 6 | I18: 40908 | J18: 40908 | M18: 18000 | N18: 36 | O18: 6480 | Q18: B3
D19: 小 计 | M19: =SUM(M7:M18) -> 1450100 | O19: =SUM(O7:O18) -> 280958
B20: 13 | C20: 658 | D20: 沙箱142 | E20: 没标注的应该是铁制的 | G20: 个 | H20: 1 | I20: 41455 | J20: 41455 | M20: 22100 | N20: 30 | O20: 6630 | Q20: B3
B21: 14 | C21: 659 | D21: 沙箱143 | G21: 个 | H21: 1 | I21: 41455 | J21: 41455 | M21: 22100 | N21: 30 | O21: 6630 | Q21: B3
B22: 15 | C22: 660 | D22: 沙箱144 | G22: 个 | H22: 1 | I22: 41455 | J22: 41455 | M22: 22100 | N22: 30 | O22: 6630 | Q22: B3
B23: 16 | C23: 661 | D23: 沙箱145 | G23: 个 | H23: 1 | I23: 41455 | J23: 41455 | M23: 22100 | N23: 30 | O23: 6630 | Q23: B3
B24: 17 | C24: 662 | D24: 沙箱146 | G24: 个 | H24: 1 | I24: 41455 | J24: 41455 | M24: 22100 | N24: 30 | O24: 6630 | Q24: B3
B25: 18 | C25: 663 | D25: 沙箱147 | G25: 个 | H25: 1 | I25: 41455 | J25: 41455 | M25: 22100 | N25: 30 | O25: 6630 | Q25: B3
B26: 19 | C26: 664 | D26: 沙箱148 | G26: 个 | H26: 1 | I26: 41455 | J26: 41455 | M26: 22100 | N26: 30 | O26: 6630 | Q26: B3
B27: 20 | C27: 665 | D27: 沙箱149 | G27: 个 | H27: 1 | I27: 41455 | J27: 41455 | M27: 22100 | N27: 30 | O27: 6630 | Q27: B3
B28: 21 | C28: 666 | D28: 沙箱150 | E28: 铝制 | G28: 个 | H28: 1 | I28: 41455 | J28: 41455 | M28: 29900 | N28: 30 | O28: 8970 | Q28: B3
B29: 22 | C29: 667 | D29: 沙箱151 | G29: 个 | H29: 1 | I29: 41455 | J29: 41455 | M29: 22100 | N29: 30 | O29: 6630 | Q29: B3
B30: 23 | C30: 668 | D30: 沙箱152 | E30: 铝制 | G30: 个 | H30: 1 | I30: 41455 | J30: 41455 | M30: 29400 | N30: 30 | O30: 8820 | Q30: B3
B31: 24 | C31: 669 | D31: 沙箱153 | E31: 铝制 | G31: 个 | H31: 1 | I31: 41455 | J31: 41455 | M31: 29400 | N31: 30 | O31: 8820 | Q31: B3
B32: 25 | C32: 670 | D32: 沙箱154 | G32: 个 | H32: 1 | I32: 41455 | J32: 41455 | M32: 22100 | N32: 30 | O32: 6630 | Q32: B3
B33: 26 | C33: 671 | D33: 沙箱155 | G33: 个 | H33: 1 | I33: 41455 | J33: 41455 | M33: 22100 | N33: 30 | O33: 6630 | Q33: B3
B34: 27 | C34: 672 | D34: 沙箱156 | G34: 个 | H34: 1 | I34: 41455 | J34: 41455 | M34: 22100 | N34: 30 | O34: 6630 | Q34: B3
B35: 28 | C35: 673 | D35: 沙箱157 | G35: 个 | H35: 1 | I35: 41455 | J35: 41455 | M35: 19600 | N35: 30 | O35: 5880 | Q35: B3
D36: 小 计 | M36: =SUM(M20:M35) -> 373500 | O36: =SUM(O20:O35) -> 112050
D37: 合 计 | M37: =M19+M36 -> 1823600 | O37: =O19+O36 -> 393008

Sheet B4
A2: 固定资产—机器设备评估明细表
A3: =CONCATENATE(封面!D9,封面!F9,封面!G9,封面!H9,封面!I9,封面!J9,封面!K9) -> 评估基准日：2022年7月22日
A4: 产权持有人：抚顺经济开发区诚达融资担保有限公司 | Q4: 金额单位：人民币元
A5: 序号1 | B5: 序号2 | C5: 序号 | D5: 设备名称 | E5: 规格型号 | F5: 生产厂家 | G5: 计量单位 | H5: 数量 | I5: 购置日期 | J5: 启用日期 | K5: 账面价值 | M5: 评估价值 | P5: 增值率% | Q5: 备注
K6: 原值 | L6: 净值 | M6: 原值 | N6: 成新率% | O6: 净值
A7: 1 | B7: 2 | C7: 260 | D7: 中频炉 | E7: KGPS750型--1.5吨 | F7: 本溪高中频电源设备总厂电子器件厂 | G7: 对 | H7: 1 | I7: 41640 | J7: 41640 | M7: 220000 | N7: 54 | O7: 118800 | Q7: B4
A8: 2 | B8: 3 | C8: 284 | D8: 动力柜 | E8: XL-21 | G8: 台 | H8: 1 | I8: 40908 | J8: 40908 | M8: 2600 | N8: 36 | O8: 936 | Q8: B4
B9: 1 | C9: 175 | D9: 普通电动单梁起重机（不含轨道） | E9: 5T--19.5*9 | F9: 河北大方起重机 | G9: 台 | H9: 1 | I9: 41639 | J9: 41639 | M9: 55000 | N9: 59 | O9: 32450 | Q9: B4
D10: 小 计 | M10: =SUM(M7:M9) -> 277600 | O10: =SUM(O7:O9) -> 152186

Sheet A1
A2: 固定资产—机器设备评估明细表
A3: =CONCATENATE(封面!D9,封面!F9,封面!G9,封面!H9,封面!I9,封面!J9,封面!K9) -> 评估基准日：2022年7月22日
A4: 产权持有人：抚顺经济开发区诚达融资担保有限公司 | Q4: 金额单位：人民币元
A5: 序号1 | B5: 序号2 | C5: 序号 | D5: 设备名称 | E5: 规格型号 | F5: 生产厂家 | G5: 计量单位 | H5: 数量 | I5: 购置日期 | J5: 启用日期 | K5: 账面价值 | M5: 评估价值 | P5: 增值率% | Q5: 备注
K6: 原值 | L6: 净值 | M6: 原值 | N6: 成新率% | O6: 净值
A7: 1 | B7: 10 | C7: 270 | D7: 砂轮机 | E7: M3025 | F7: 常熟古利特电机厂 | G7: 台 | H7: 1 | I7: 41639 | J7: 41639 | M7: 1300 | N7: 50 | O7: 650 | Q7: A1
A8: 2 | B8: 1 | C8: 22 | D8: 普通车床 | E8: CW6180E/3000 | F8: 大连机床厂 | G8: 台 | H8: 1 | I8: 41639 | J8: 41639 | M8: 110000 | N8: 54 | O8: 59400 | Q8: A1
A9: 3 | B9: 9 | C9: 249 | D9: 立式升降台铣床 | E9: FX5045(500*1800) | F9: 四川长征机床集团 | G9: 台 | H9: 1 | I9: 41274 | J9: 41274 | M9: 176000 | N9: 49 | O9: 86240 | Q9: A1
A10: 4 | B10: 3 | C10: 116 | D10: 普通车床 | E10: CA6140A | F10: 沈阳机床股份公司中捷机床厂 | G10: 台 | H10: 1 | I10: 41274 | J10: 41274 | M10: 52000 | N10: 54 | O10: 28080 | Q10: A1
A11: 5 | B11: 8 | C11: 248 | D11: 卧式车床 | E11: CA6250A | F11: 大连机床 | G11: 台 | H11: 1 | I11: 40543 | J11: 40543 | M11: 53000 | N11: 36 | O11: 19080 | Q11: A1
A12: 6 | B12: 4 | C12: 172 | D12: 卧式车床 | E12: CW6163E*1500mm | F12: 大连机床集团 | G12: 台 | H12: 1 | I12: 40878 | J12: 40878 | M12: 89000 | N12: 40 | O12: 35600 | Q12: A1
A13: 7 | B13: 2 | C13: 114 | D13: GB系列金属带锯床 | E13: GB4230 | F13: 浙江永茂机床有限公司 | G13: 台 | H13: 1 | I13: 41425 | J13: 41425 | M13: 21000 | N13: 50 | O13: 10500 | Q13: A1
A14: 8 | B14: 11 | C14: 344 | D14: 检测平台2*1.5米 | E14: 2*1.5米 | F14: 泊头洪城量具机械设备有限公司 | G14: 台 | H14: 1 | I14: 41275 | J14: 41275 | M14: 10900 | N14: 66 | O14: 7194 | Q14: A1
B15: 5 | C15: 198 | D15: 单梁吊车（不含轨道） | E15: 3TD16.5m | F15: 抚顺金梁起重机 | G15: 台 | H15: 1 | I15: 41090 | J15: 41090 | M15: 42000 | N15: 46 | O15: 19320 | Q15: A1
B16: 6 | C16: 199 | D16: 单梁吊车（不含轨道） | E16: 3T16.5m | F16: 抚顺金梁起重机 | G16: 台 | H16: 1 | I16: 41090 | J16: 41090 | M16: 42000 | N16: 46 | O16: 19320 | Q16: A1
B17: 7 | C17: 200 | D17: 单梁吊车（不含轨道） | E17: 3T16.5m*9m | F17: 抚顺金梁起重机 | G17: 台 | H17: 1 | I17: 41090 | J17: 41090 | M17: 42000 | N17: 46 | O17: 19320 | Q17: A1
B18: 12 | C18: 354 | D18: 动力配电箱 | E18: XL-21 | F18: 抚顺凯特利机电化工有限公司 | G18: 台 | H18: 1 | I18: 41640 | J18: 41640 | M18: 4000 | N18: 43 | O18: 1720 | Q18: A1
B19: 13 | C19: 355 | D19: 动力配电箱 | E19: XL-21 | F19: 沈阳春兴成套电器有限公司 | G19: 台 | H19: 1 | I19: 41640 | J19: 41640 | M19: 3000 | N19: 43 | O19: 1290 | Q19: A1
B20: 14 | C20: 356 | D20: 动力配电箱 | E20: XL-21 | F20: 沈阳春兴成套电器有限公司 | G20: 台 | H20: 1 | I20: 41640 | J20: 41640 | M20: 3000 | N20: 43 | O20: 1290 | Q20: A1
B21: 15 | C21: 357 | D21: 动力配电箱 | E21: XL-21 | F21: 沈阳春兴成套电器有限公司 | G21: 台 | H21: 1 | I21: 41640 | J21: 41640 | M21: 3000 | N21: 43 | O21: 1290 | Q21: A1
D22: 合 计 | M22: =SUM(M7:M21) -> 652200 | O22: =SUM(O7:O21) -> 310294

Sheet A2
A2: 固定资产—机器设备评估明细表
A3: =CONCATENATE(封面!D9,封面!F9,封面!G9,封面!H9,封面!I9,封面!J9,封面!K9) -> 评估基准日：2022年7月22日
A4: 产权持有人：抚顺经济开发区诚达融资担保有限公司 | Q4: 金额单位：人民币元
A5: 序号1 | B5: 序号2 | C5: 序号 | D5: 设备名称 | E5: 规格型号 | F5: 生产厂家 | G5: 计量单位 | H5: 数量 | I5: 购置日期 | J5: 启用日期 | K5: 账面价值 | M5: 评估价值 | P5: 增值率% | Q5: 备注
K6: 原值 | L6: 净值 | M6: 原值 | N6: 成新率% | O6: 净值
A7: 1 | B7: 4 | C7: 67 | D7: 橡胶注射机 | E7: YL-AT1800L | F7: 佛山伊之密精密橡胶机械有限公司 | G7: 台 | H7: 1 | I7: 41274 | J7: 41274 | M7: 770000 | N7: 42 | O7: 323400 | Q7: A2
A8: 2 | B8: 2 | C8: 64 | D8: 胶装机 | E8: FY900-6850 | F8: 广州玛力玛机械设备有限公司 | G8: 台 | H8: 1 | I8: 41090 | J8: 41090 | M8: 370000 | N8: 43 | O8: 159100 | Q8: A2
A9: 3 | B9: 24 | C9: 153 | D9: 干燥箱 | E9: 101-4A数显 | F9: 上海锦屏仪器仪表有限公司 | G9: 台 | H9: 2 | I9: 41274 | J9: 41274 | M9: 10000 | N9: 34 | O9: 3400 | Q9: A2
A10: 4 | B10: 22 | C10: 133 | D10: 液态胶注射机-合模机构 | E10: YL-H250 | F10: 佛山伊之密精密橡胶机械限公司 | G10: 台 | H10: 1 | I10: 41274 | J10: 41274 | M10: 850000 | N10: 45 | O10: 382500 | Q10: A2
A11: 5 | B11: 40 | C11: 234 | D11: 四柱硫化机 | E11: 900*900*200T | F11: 郑州鑫和机械制造有限公司 | G11: 台 | H11: 1 | I11: 41275 | J11: 41275 | M11: 66000 | N11: 43 | O11: 28380 | Q11: A2
A12: 6 | B12: 23 | C12: 134 | D12: 液态胶注射机-计量系统 | E12: 2KM-1950SHF | F12: 韩国进口设备 | G12: 台 | H12: 1 | I12: 41274 | J12: 41274 | M12: 1313700 | N12: 40 | O12: 525480 | Q12: A2
A13: 7 | B13: 15 | C13: 80 | D13: 硅橡胶注射机 | E13: YL-H1000F | F13: 佛山伊之密精密橡胶机械有限公司 | G13: 台 | H13: 1 | I13: 41639 | J13: 41639 | M13: 3900000 | N13: 51 | O13: 1989000 | Q13: A2
A14: 8 | B14: 17 | C14: 107 | D14: 固化炉 | E14: E67-200V1-S | F14: 衡水方晨玻璃钢公司 | G14: 台 | H14: 1 | I14: 41639 | J14: 41639 | M14: 175000 | N14: 49 | O14: 85750 | Q14: A2
A15: 9 | B15: 37 | C15: 225 | D15: 缠绕机 | E15: FW1300*14000 | F15: 哈尔滨复合材料公司 | G15: 台 | H15: 1 | I15: 40969 | J15: 40969 | M15: 645000 | N15: 41 | O15: 264450 | Q15: A2
A16: 10 | B16: 1 | C16: 63 | D16: 开炼机 | E16: XK-400 | F16: 青岛信本科技有限公司 | G16: 台 | H16: 1 | I16: 41305 | J16: 41305 | M16: 83000 | N16: 45 | O16: 37350 | Q16: A2
A17: 11 | B17: 38 | C17: 231 | D17: 电阻加热炉 | E17: RDF-30-2 | F17: 沈阳兴科炉业有限公司 | G17: 台 | H17: 1 | I17: 40787 | J17: 40787 | M17: 32000 | N17: 23 | O17: 7360 | Q17: A2
A18: 12 | B18: 39 | C18: 232 | D18: 电阻加热炉 | E18: RDF-24-2 | F18: 沈阳兴科炉业 | G18: 台 | H18: 1 | I18: 40787 | J18: 40787 | M18: 22000 | N18: 23 | O18: 5060 | Q18: A2
... A38: 32 | B38: 42 | C38: 342 | D38: 电瓷水压检测系统 | E38: SYJ-20 | F38: 武汉亿达智能仪表工程公司 | G38: 台 | H38: 1 | I38: 41090 | J38: 41090 | M38: 42000 | N38: 34 | O38: 14280 | Q38: A2
B39: 25 | C39: 201 | D39: 单梁吊车（不含轨道） | E39: 3T22.5m*12m | F39: 抚顺金梁起重机 | G39: 台 | H39: 1 | I39: 41090 | J39: 41090 | M39: 46000 | N39: 46 | O39: 21160 | Q39: A2
B40: 26 | C40: 202 | D40: 单梁吊车（不含轨道） | E40: 5T22.5m*12m | F40: 抚顺金梁起重机 | G40: 台 | H40: 1 | I40: 41090 | J40: 41090 | M40: 57000 | N40: 46 | O40: 26220 | Q40: A2
B41: 27 | C41: 203 | D41: 单梁吊车（不含轨道） | E41: 20T/5T-22.5米 | F41: 河南大方起重机 | G41: 台 | H41: 1 | I41: 41090 | J41: 41090 | M41: 385000 | N41: 46 | O41: 177100 | Q41: A2
B42: 28 | C42: 206 | D42: 单梁吊车（不含轨道） | E42: 2T22.5m*12m | F42: 抚顺金梁起重机 | G42: 台 | H42: 1 | I42: 41090 | J42: 41090 | M42: 28000 | N42: 46 | O42: 12880 | Q42: A2
B43: 29 | C43: 207 | D43: 单梁吊车（不含轨道） | E43: 2T22.5m*12m | F43: 抚顺金梁起重机 | G43: 台 | H43: 1 | I43: 41090 | J43: 41090 | M43: 28000 | N43: 46 | O43: 12880 | Q43: A2
B44: 30 | C44: 210 | D44: 单梁吊车（不含轨道） | E44: 2T16.5m*12m | F44: 抚顺金梁起重机 | G44: 台 | H44: 1 | I44: 41090 | J44: 41090 | M44: 26000 | N44: 46 | O44: 11960 | Q44: A2
B45: 31 | C45: 212 | D45: 单梁吊车（不含轨道） | E45: 10T16.5m*12m | F45: 抚顺金梁起重机 | G45: 台 | H45: 1 | I45: 41090 | J45: 41090 | M45: 69000 | N45: 46 | O45: 31740 | Q45: A2
B46: 32 | C46: 213 | D46: 单梁吊车（不含轨道） | E46: 3T16.5m*12m | F46: 抚顺金梁起重机 | G46: 台 | H46: 1 | I46: 41090 | J46: 41090 | M46: 42000 | N46: 46 | O46: 19320 | Q46: A2
B47: 33 | C47: 214 | D47: 单梁吊车（不含轨道） | E47: 3T16.5m*12m | F47: 抚顺金梁起重机 | G47: 台 | H47: 1 | I47: 41090 | J47: 41090 | M47: 42000 | N47: 46 | O47: 19320 | Q47: A2
B48: 34 | C48: 215 | D48: 单梁吊车（不含轨道） | E48: 2T16.5m*12m | F48: 抚顺金梁起重机 | G48: 台 | H48: 1 | I48: 41090 | J48: 41090 | M48: 26000 | N48: 46 | O48: 11960 | Q48: A2
B49: 35 | C49: 216 | D49: 单梁吊车（不含轨道） | E49: 2T16.5m*12m | F49: 抚顺金梁起重机 | G49: 台 | H49: 1 | I49: 41090 | J49: 41090 | M49: 26000 | N49: 46 | O49: 11960 | Q49: A2
B50: 44 | C50: 358 | D50: 干式变压器 | E50: SCB10-1250kva | F50: 沈阳春兴成套电器有限公司 | G50: 台 | H50: 1 | I50: 41640 | J50: 41640 | M50: 103000 | N50: 56 | O50: 57680 | Q50: A2
... B53: 47 | C53: 361 | D53: 动力箱 | E53: XL-21 | F53: 上海通用电气（GE） | G53: 台 | H53: 12 | I53: 40908 | J53: 40908 | M53: 36000 | N53: 36 | O53: 12960 | Q53: A2
D54: 小 计 | M54: =SUM(M7:M53) -> 11388000 | O54: =SUM(O7:O53) -> 5131224
B55: 48 | C55: 1 | D55: 复合法兰 | E55: 白钢 | G55: 台 | H55: 1 | I55: 41455 | J55: 41455 | M55: 22100 | N55: 40 | O55: 8840 | Q55: A2
B56: 49 | C56: 2 | D56: 复合法兰 | E56: 白钢 | G56: 台 | H56: 1 | I56: 41455 | J56: 41455 | M56: 20200 | N56: 40 | O56: 8080 | Q56: A2
B57: 50 | C57: 3 | D57: 复合法兰 | E57: 白钢 | G57: 台 | H57: 1 | I57: 41455 | J57: 41455 | M57: 20900 | N57: 40 | O57: 8360 | Q57: A2
B58: 51 | C58: 4 | D58: 复合法兰 | E58: 白钢 | G58: 台 | H58: 1 | I58: 41455 | J58: 41455 | M58: 20900 | N58: 40 | O58: 8360 | Q58: A2
B59: 52 | C59: 5 | D59: 复合套管1 | E59: 白钢 | G59: 台 | H59: 1 | I59: 41455 | J59: 41455 | M59: 309900 | N59: 40 | O59: 123960 | Q59: A2
B60: 53 | C60: 6 | D60: 复合套管2 | E60: 白钢 | G60: 台 | H60: 1 | I60: 41455 | J60: 41455 | M60: 461700 | N60: 40 | O60: 184680 | Q60: A2
B61: 54 | C61: 8 | D61: 复合套管4 | E61: 白钢 | G61: 台 | H61: 1 | I61: 41455 | J61: 41455 | M61: 458800 | N61: 40 | O61: 183520 | Q61: A2
B62: 55 | C62: 9 | D62: 复合套管5 | E62: 白钢 | G62: 台 | H62: 1 | I62: 41455 | J62: 41455 | M62: 325600 | N62: 40 | O62: 130240 | Q62: A2
B63: 56 | C63: 10 | D63: 复合套管6 | E63: 白钢 | G63: 台 | H63: 1 | I63: 41455 | J63: 41455 | M63: 340400 | N63: 40 | O63: 136160 | Q63: A2
B64: 57 | C64: 11 | D64: 复合套管7 | E64: 白钢 | G64: 台 | H64: 1 | I64: 41455 | J64: 41455 | M64: 133200 | N64: 40 | O64: 53280 | Q64: A2
B65: 58 | C65: 12 | D65: 复合套管8 | E65: 白钢 | G65: 台 | H65: 1 | I65: 41455 | J65: 41455 | M65: 170200 | N65: 40 | O65: 68080 | Q65: A2
B66: 59 | C66: 14 | D66: 复合芯模1 | E66: 白钢 | G66: 台 | H66: 1 | I66: 41455 | J66: 41455 | M66: 29100 | N66: 40 | O66: 11640 | Q66: A2
B67: 60 | C67: 15 | D67: 复合芯模2 | E67: 白钢 | G67: 台 | H67: 1 | I67: 41455 | J67: 41455 | M67: 25700 | N67: 40 | O67: 10280 | Q67: A2
... B96: 89 | C96: 674 | D96: 复合芯模32 | E96: 白钢 | G96: 台 | H96: 1 | I96: 41455 | J96: 41455 | M96: 61900 | N96: 40 | O96: 24760 | Q96: A2 表外
D97: 小 计 | M97: =SUM(M55:M96) -> 3202600 | O97: =SUM(O55:O96) -> 1281040
D98: 合 计 | M98: =M54+M97 -> 14590600 | O98: =O54+O97 -> 6412264

Sheet A3
A2: 固定资产—机器设备评估明细表
A3: =CONCATENATE(封面!D9,封面!F9,封面!G9,封面!H9,封面!I9,封面!J9,封面!K9) -> 评估基准日：2022年7月22日
A4: 产权持有人：抚顺经济开发区诚达融资担保有限公司 | Q4: 金额单位：人民币元
A5: 序号1 | B5: 序号2 | C5: 序号 | D5: 设备名称 | E5: 规格型号 | F5: 生产厂家 | G5: 计量单位 | H5: 数量 | I5: 购置日期 | J5: 启用日期 | K5: 账面价值 | M5: 评估价值 | P5: 增值率% | Q5: 备注
K6: 原值 | L6: 净值 | M6: 原值 | N6: 成新率% | O6: 净值
A7: 1 | B7: 5 | C7: 275 | D7: 普通车床 | E7: CA6261A，610*1000 | F7: 中捷机床厂 | G7: 台 | H7: 1 | I7: 38717 | J7: 38717 | M7: 72000 | N7: 15 | O7: 10800 | Q7: A3
A8: 2 | B8: 4 | C8: 274 | D8: 摇臂钻床 | E8: ZQ3040*13 | F8: 山东华强精密机床有限公司 | G8: 台 | H8: 1 | I8: 41274 | J8: 41274 | M8: 39000 | N8: 43 | O8: 16770 | Q8: A3
A9: 3 | B9: 1 | C9: 115 | D9: 等离子切割机 | E9: CUT-250 | F9: 常州森淼焊割设备有限公司 | G9: 台 | H9: 1 | I9: 41639 | J9: 41639 | M9: 25000 | N9: 42 | O9: 10500 | Q9: A3
A10: 4 | B10: 2 | C10: 142 | D10: 等离子切割机 | E10: CUT-315 | F10: 常州森淼焊割设备有限公司 | G10: 台 | H10: 1 | I10: 41943 | J10: 41943 | M10: 34000 | N10: 49 | O10: 16660 | Q10: A3
B11: 3 | C11: 166 | D11: 普通电动单梁起重机（不含轨道） | E11: 3T--19.5 | F11: 抚顺金梁起重机 | G11: 台 | H11: 1 | I11: 41640 | J11: 41640 | M11: 43500 | N11: 55 | O11: 23925 | Q11: A3
B12: 6 | C12: 362 | D12: 动力配电箱 | E12: XL-21 | F12: 上海通用电气（GE） | G12: 台 | H12: 1 | I12: 41639 | J12: 41639 | M12: 3000 | N12: 43 | O12: 1290 | Q12: A3
B13: 7 | C13: 363 | D13: 动力配电箱 | E13: JK- | F13: 沈阳春兴成套电器有限公司 | G13: 台 | H13: 2 | I13: 41815 | J13: 41815 | M13: 8000 | N13: 53 | O13: 4240 | Q13: A3
D14: 小 计 | M14: =SUM(M7:M13) -> 224500 | O14: =SUM(O7:O13) -> 84185
B15: 8 | C15: 44 | D15: 木型85 | F15: 沈阳东方木型模具制品有限公司 | G15: 台 | H15: 1 | I15: 41455 | J15: 41455 | M15: 900 | N15: 30 | O15: 270 | Q15: A3
B16: 9 | C16: 51 | D16: 木型92 | F16: 沈阳东方木型模具制品有限公司 | G16: 台 | H16: 1 | I16: 41455 | J16: 41455 | M16: 900 | N16: 30 | O16: 270 | Q16: A3
B17: 10 | C17: 52 | D17: 木型93 | F17: 沈阳东方木型模具制品有限公司 | G17: 台 | H17: 1 | I17: 41455 | J17: 41455 | M17: 900 | N17: 30 | O17: 270 | Q17: A3
B18: 11 | C18: 53 | D18: 木型94 | F18: 沈阳东方木型模具制品有限公司 | G18: 台 | H18: 1 | I18: 41455 | J18: 41455 | M18: 900 | N18: 30 | O18: 270 | Q18: A3
B19: 12 | C19: 54 | D19: 木型95 | F19: 沈阳东方木型模具制品有限公司 | G19: 台 | H19: 1 | I19: 41455 | J19: 41455 | M19: 900 | N19: 30 | O19: 270 | Q19: A3
B20: 13 | C20: 55 | D20: 木型96 | F20: 沈阳东方木型模具制品有限公司 | G20: 台 | H20: 1 | I20: 41455 | J20: 41455 | M20: 900 | N20: 30 | O20: 270 | Q20: A3
B21: 14 | C21: 56 | D21: 木型97 | F21: 沈阳东方木型模具制品有限公司 | G21: 台 | H21: 1 | I21: 41455 | J21: 41455 | M21: 900 | N21: 30 | O21: 270 | Q21: A3
B22: 15 | C22: 57 | D22: 木型98 | F22: 沈阳东方木型模具制品有限公司 | G22: 台 | H22: 1 | I22: 41455 | J22: 41455 | M22: 800 | N22: 30 | O22: 240 | Q22: A3
B23: 16 | C23: 58 | D23: 木型99 | F23: 沈阳东方木型模具制品有限公司 | G23: 台 | H23: 1 | I23: 41455 | J23: 41455 | M23: 800 | N23: 30 | O23: 240 | Q23: A3
B24: 17 | C24: 59 | D24: 木型100 | F24: 沈阳东方木型模具制品有限公司 | G24: 台 | H24: 1 | I24: 41455 | J24: 41455 | M24: 800 | N24: 30 | O24: 240 | Q24: A3
B25: 18 | C25: 60 | D25: 木型101 | F25: 沈阳东方木型模具制品有限公司 | G25: 台 | H25: 1 | I25: 41455 | J25: 41455 | M25: 800 | N25: 30 | O25: 240 | Q25: A3
B26: 19 | C26: 61 | D26: 木型102 | F26: 沈阳东方木型模具制品有限公司 | G26: 台 | H26: 1 | I26: 41455 | J26: 41455 | M26: 800 | N26: 30 | O26: 240 | Q26: A3
... B41: 34 | C41: 76 | D41: 木型117 | F41: 沈阳东方木型模具制品有限公司 | G41: 台 | H41: 1 | I41: 41455 | J41: 41455 | M41: 800 | N41: 30 | O41: 240 | Q41: A3
D42: 小 计 | M42: =SUM(M15:M41) -> 22300 | O42: =SUM(O15:O41) -> 6690
D43: 合 计 | M43: =M14+M42 -> 246800 | O43: =O14+O42 -> 90875

Sheet A4
A2: 固定资产—机器设备评估明细表
A3: =CONCATENATE(封面!D9,封面!F9,封面!G9,封面!H9,封面!I9,封面!J9,封面!K9) -> 评估基准日：2022年7月22日
A4: 产权持有人：抚顺经济开发区诚达融资担保有限公司 | Q4: 金额单位：人民币元
A5: 序号1 | B5: 序号2 | C5: 序号 | D5: 设备名称 | E5: 规格型号 | F5: 生产厂家 | G5: 计量单位 | H5: 数量 | I5: 购置日期 | J5: 启用日期 | K5: 账面价值 | M5: 评估价值 | P5: 增值率% | Q5: 备注
K6: 原值 | L6: 净值 | M6: 原值 | N6: 成新率% | O6: 净值
A7: 1 | B7: 7 | C7: 261 | D7: GB系金属带锯床 | E7: G53120 | F7: 大连机床 | G7: 台 | H7: 1 | I7: 41274 | J7: 41274 | M7: 22000 | N7: 47 | O7: 10340 | Q7: A4
A8: 2 | B8: 1 | C8: 38 | D8: 电阻加热炉 | E8: RR-75-8 | F8: 沈阳兴科炉业有限公司 | G8: 台 | H8: 1 | I8: 41274 | J8: 41274 | M8: 18000 | N8: 34 | O8: 6120 | Q8: A4
A9: 3 | B9: 2 | C9: 40 | D9: 电阻加热炉 | E9: RR-75-8 | F9: 沈阳兴科炉业有限公司 | G9: 台 | H9: 1 | I9: 41274 | J9: 41274 | M9: 18000 | N9: 34 | O9: 6120 | Q9: A4
A10: 4 | B10: 4 | C10: 42 | D10: 电阻加热炉 | E10: RR-75-8 | F10: 沈阳兴科炉业有限公司 | G10: 台 | H10: 1 | I10: 41274 | J10: 41274 | M10: 23000 | N10: 34 | O10: 7820 | Q10: A4
A11: 5 | B11: 5 | C11: 229 | D11: 可倾式坩埚融化炉 | E11: RR-90-8 | F11: 沈阳兴科炉业有限公司 | G11: 台 | H11: 1 | I11: 40787 | J11: 40787 | M11: 20000 | N11: 23 | O11: 4600 | Q11: A4
A12: 6 | B12: 3 | C12: 41 | D12: 可倾式坩埚熔化炉 | E12: RRQ-90-8 | F12: 沈阳兴科炉业有限公司 | G12: 台 | H12: 1 | I12: 41274 | J12: 41274 | M12: 30000 | N12: 34 | O12: 10200 | Q12: A4
A13: 7 | B13: 6 | C13: 230 | D13: 可倾式坩埚融化炉 | E13: RR-75-8 | F13: 沈阳兴科炉业有限公司 | G13: 台 | H13: 1 | I13: 40787 | J13: 40787 | M13: 18000 | N13: 23 | O13: 4140 | Q13: A4
A14: 8 | B14: 8 | C14: 277 | D14: 电阻加热炉 | E14: RR-75-8 | F14: 沈阳兴科炉业有限公司 | G14: 台 | H14: 2 | I14: 38717 | J14: 38717 | M14: 36000 | N14: 10 | O14: 3600 | Q14: A4
B15: 9 | C15: 364 | D15: 动力配电箱 | E15: XL-21 | F15: 沈阳春兴成套电器有限公司 | G15: 台 | H15: 4 | I15: 41274 | J15: 41274 | M15: 12000 | N15: 43 | O15: 5160 | Q15: A4
B16: 10 | C16: 365 | D16: 中型配电箱 | F16: 沈阳春兴成套电器有限公司 | G16: 台 | H16: 3 | I16: 40908 | J16: 40908 | M16: 12000 | N16: 36 | O16: 4320 | Q16: A4
D17: 小 计 | M17: =SUM(M7:M16) -> 209000 | O17: =SUM(O7:O16) -> 62420
B18: 11 | C18: 45 | D18: 木型86 | F18: 沈阳东方木型模具制品有限公司 | G18: 台 | H18: 1 | I18: 41455 | J18: 41455 | M18: 900 | N18: 30 | O18: 270 | Q18: A4
B19: 12 | C19: 77 | D19: 玻璃钢2 | F19: 瓦房店模具厂 | G19: 台 | H19: 1 | I19: 41455 | J19: 41455 | M19: 26500 | N19: 35 | O19: 9275 | Q19: A4
B20: 13 | C20: 78 | D20: 玻璃钢3 | F20: 瓦房店模具厂 | G20: 台 | H20: 1 | I20: 41455 | J20: 41455 | M20: 19100 | N20: 35 | O20: 6685 | Q20: A4
B21: 14 | C21: 79 | D21: 玻璃钢4 | F21: 瓦房店模具厂 | G21: 台 | H21: 1 | I21: 41455 | J21: 41455 | M21: 23400 | N21: 35 | O21: 8190 | Q21: A4
B22: 15 | C22: 80 | D22: 玻璃钢5 | F22: 瓦房店模具厂 | G22: 台 | H22: 1 | I22: 41455 | J22: 41455 | M22: 27300 | N22: 35 | O22: 9555 | Q22: A4
B23: 16 | C23: 81 | D23: 玻璃钢6 | F23: 瓦房店模具厂 | G23: 台 | H23: 1 | I23: 41455 | J23: 41455 | M23: 23900 | N23: 35 | O23: 8365 | Q23: A4
B24: 17 | C24: 82 | D24: 玻璃钢7 | F24: 瓦房店模具厂 | G24: 台 | H24: 1 | I24: 41455 | J24: 41455 | M24: 20800 | N24: 35 | O24: 7280 | Q24: A4
B25: 18 | C25: 83 | D25: 玻璃钢8 | F25: 瓦房店模具厂 | G25: 台 | H25: 1 | I25: 41455 | J25: 41455 | M25: 20800 | N25: 35 | O25: 7280 | Q25: A4
B26: 19 | C26: 84 | D26: 玻璃钢9 | F26: 瓦房店模具厂 | G26: 台 | H26: 1 | I26: 41455 | J26: 41455 | M26: 30200 | N26: 35 | O26: 10570 | Q26: A4
B27: 20 | C27: 85 | D27: 玻璃钢10 | F27: 瓦房店模具厂 | G27: 台 | H27: 1 | I27: 41455 | J27: 41455 | M27: 30200 | N27: 35 | O27: 10570 | Q27: A4
B28: 21 | C28: 86 | D28: 玻璃钢11 | F28: 瓦房店模具厂 | G28: 台 | H28: 1 | I28: 41455 | J28: 41455 | M28: 30200 | N28: 35 | O28: 10570 | Q28: A4
B29: 22 | C29: 87 | D29: 玻璃钢12 | F29: 瓦房店模具厂 | G29: 台 | H29: 1 | I29: 41455 | J29: 41455 | M29: 26700 | N29: 35 | O29: 9345 | Q29: A4
... B170: 163 | C170: 228 | D170: 木型81 | F170: 沈阳东方木型模具制品有限公司 | G170: 台 | H170: 1 | I170: 41455 | J170: 41455 | M170: 900 | N170: 30 | O170: 270 | Q170: A4
D171: 小 计 | M171: =SUM(M18:M170) -> 2177900 | O171: =SUM(O18:O170) -> 759550
D172: 合 计 | M172: =M17+M171 -> 2386900 | O172: =O17+O171 -> 821970

Sheet A5
A2: 固定资产—机器设备评估明细表
A3: =CONCATENATE(封面!D9,封面!F9,封面!G9,封面!H9,封面!I9,封面!J9,封面!K9) -> 评估基准日：2022年7月22日
A4: 产权持有人：抚顺经济开发区诚达融资担保有限公司 | Q4: 金额单位：人民币元
A5: 序号1 | B5: 序号2 | C5: 序号 | D5: 设备名称 | E5: 规格型号 | F5: 生产厂家 | G5: 计量单位 | H5: 数量 | I5: 购置日期 | J5: 启用日期 | K5: 账面价值 | M5: 评估价值 | P5: 增值率% | Q5: 备注
K6: 原值 | L6: 净值 | M6: 原值 | N6: 成新率% | O6: 净值
A7: 1 | B7: 9 | C7: 62 | D7: 数控泡沫雕刻机 | E7: VC-1325B | F7: 济南博纳汇通数控机床有限公司 | G7: 台 | H7: 1 | I7: 42063 | J7: 42063 | M7: 155000 | N7: 52 | O7: 80600 | Q7: A5
A8: 2 | B8: 43 | C8: 290 | D8: 立式苯板切割机 | F8: 自制组合设备 | G8: 台 | H8: 1 | I8: 41061 | J8: 41061 | M8: 700 | N8: 5 | O8: 35 | Q8: A5
A9: 3 | B9: 44 | C9: 291 | D9: 卧式苯板切割机 | F9: 自制组合设备 | G9: 台 | H9: 1 | I9: 41061 | J9: 41061 | M9: 700 | N9: 5 | O9: 35 | Q9: A5
A10: 4 | B10: 4 | C10: 17 | D10: 精密电火花数控线切割机床 | E10: TL10080BH | F10: 上海特略精密数控机床限公司 | G10: 台 | H10: 1 | I10: 41305 | J10: 41305 | M10: 350000 | N10: 40 | O10: 140000 | Q10: A5
A11: 5 | B11: 29 | C11: 250 | D11: 普通卧轴距平台磨床 | E11: M7130H | F11: 杭州机床厂 | G11: 台 | H11: 1 | I11: 32508 | J11: 32508 | M11: 63000 | N11: 10 | O11: 6300 | Q11: A5
A12: 6 | B12: 22 | C12: 160 | D12: 平面磨床 | E12: M7160*10HZ | F12: 杭州机床股份有限公司 | G12: 台 | H12: 1 | I12: 41639 | J12: 41639 | M12: 110000 | N12: 56 | O12: 61600 | Q12: A5
A13: 7 | B13: 10 | C13: 69 | D13: GB系列金属带锯床 | E13: GB4245 | F13: 乐意机床 | G13: 台 | H13: 1 | I13: 41274 | J13: 41274 | M13: 35000 | N13: 45 | O13: 15750 | Q13: A5
A14: 8 | B14: 49 | C14: 298 | D14: 抛丸清理机 | E14: Q3720E | F14: 潍坊宏盛铸造机械有限公司 | G14: 台 | H14: 1 | I14: 2013.5 | J14: 2013.5 | M14: 75000 | N14: 50 | O14: 37500 | Q14: A5
A15: 9 | B15: 52 | C15: 301 | D15: （铝剂型机）挤压机 | E15: 880UST | F15: 台湾源上机械股份有限公司 | G15: 台 | H15: 1 | I15: 2005 | J15: 2005 | M15: 650000 | N15: 10 | O15: 65000 | Q15: A5
A16: 10 | B16: 46 | C16: 295 | D16: 卧式镗铣床 | E16: TPX6111B | F16: 汉川机床 | G16: 台 | H16: 2 | I16: 2012.3 | J16: 2012.3 | M16: 580000 | N16: 35 | O16: 203000 | Q16: A5
A17: 11 | B17: 47 | C17: 296 | D17: 单柱立式车床 | E17: CA5116E*10/5 | F17: 齐重数控装备股份公司 | G17: 台 | H17: 1 | I17: 2013.6 | J17: 2013.6 | M17: 410000 | N17: 52 | O17: 213200 | Q17: A5
A18: 12 | B18: 50 | C18: 299 | D18: 铣床--2400*650 | E18: X706 | F18: 山东威达重工股份 | G18: 台 | H18: 1 | I18: 2011.4 | J18: 2011.4 | M18: 310000 | N18: 38 | O18: 117800 | Q18: A5
A19: 13 | B19: 51 | C19: 300 | D19: 万能试验机 | E19: GMT5105 | F19: 美斯特工业系统中国有限公司 | G19: 台 | H19: 1 | I19: 2010.10 | J19: 2010.10 | M19: 125000 | N19: 20 | O19: 25000 | Q19: A5
A20: 14 | B20: 53 | C20: 302 | D20: 光谱仪 | E20: 含稳压器、气泵、主机 | F20: 沈阳华仪时代科技有限公司 | G20: 套 | H20: 1 | I20: 40908 | J20: 40908 | M20: 250000 | N20: 33 | O20: 82500 | Q20: A5
A21: 15 | B21: 5 | C21: 56 | D21: 数控火焰等离子切割机 | E21: TDCII4000*10000FP(E) | F21: 沈阳时代焊接设备有限公司 | G21: 台 | H21: 1 | I21: 40909 | J21: 40909 | M21: 350000 | N21: 30 | O21: 105000 | Q21: A5
A22: 16 | B22: 11 | C22: 88 | D22: 空压机 | E22: BLT-75AG | F22: 上海博莱特压缩机有限公司 | G22: 台 | H22: 1 | I22: 41639 | J22: 41639 | M22: 68000 | N22: 58 | O22: 39440 | Q22: A5
A23: 17 | B23: 20 | C23: 141 | D23: 空气压缩机 | E23: GAE30 PA8.5 | F23: 无锡阿特拉斯科普柯压缩机有限公司 | G23: 台 | H23: 1 | I23: 41274 | J23: 41274 | M23: 72000 | N23: 47 | O23: 33840 | Q23: A5
A24: 18 | B24: 42 | C24: 289 | D24: 储气罐 | E24: C13-2960（3立） | F24: 青岛海空压力容器有限公司 | G24: 台 | H24: 1 | I24: 41061 | J24: 41061 | M24: 8700 | N24: 58 | O24: 5046 | Q24: A5
A25: 19 | B25: 12 | C25: 90 | D25: 冷冻压缩空气干燥机 | E25: SRCD-6F | F25: 杭州临安盛润机械设备有限公司 | G25: 台 | H25: 1 | I25: 41639 | J25: 41639 | M25: 11000 | N25: 58 | O25: 6380 | Q25: A5
A26: 20 | B26: 1 | C26: 10 | D26: 前置过滤器 | E26: DDX190 | F26: 无锡阿特拉斯科普柯压缩机有限公司 | G26: 台 | H26: 1 | I26: 41639 | J26: 41639 | M26: 3500 | N26: 40 | O26: 1400 | Q26: A5
A27: 21 | B27: 2 | C27: 11 | D27: 过滤器 | E27: DDX190 | F27: 无锡阿特拉斯科普柯压缩机有限公司 | G27: 台 | H27: 1 | I27: 41639 | J27: 41639 | M27: 3500 | N27: 40 | O27: 1400 | Q27: A5
A28: 22 | B28: 3 | C28: 16 | D28: 前置过滤器 | E28: DD9 | F28: 无锡阿特拉斯科普柯压缩机有限公司 | G28: 台 | H28: 1 | I28: 41639 | J28: 41639 | M28: 2500 | N28: 40 | O28: 1000 | Q28: A5
A29: 23 | B29: 15 | C29: 131 | D29: 单柱立式车床2000mm | E29: CA5120E*12/8(单柱） | F29: 齐重数控装备设备股份有公司 | G29: 台 | H29: 1 | I29: 41639 | J29: 41639 | M29: 660000 | N29: 56 | O29: 369600 | Q29: A5
A30: 24 | B30: 16 | C30: 132 | D30: 双柱立式车床 | E30: CA5225E*20/12-3,2500mm | F30: 齐重数控装备设备股份有公司 | G30: 台 | H30: 1 | I30: 41639 | J30: 41639 | M30: 760000 | N30: 56 | O30: 425600 | Q30: A5
A31: 25 | B31: 19 | C31: 139 | D31: 528D系统数控卧式铣镗床 | E31: TKP6513 | F31: 沈阳机床中捷厂 | G31: 台 | H31: 1 | I31: 41639 | J31: 41639 | M31: 2600000 | N31: 45 | O31: 1170000 | Q31: A5
... A44: 38 | B44: 30 | C44: 251 | D44: 台式钻床 | E44: ZQ4116 | F44: 中捷钻床 | G44: 台 | H44: 1 | I44: 40481 | J44: 40481 | M44: 2100 | N44: 28 | O44: 588 | Q44: A5
A45: 39 | B45: 41 | C45: 288 | D45: 气泵(空压机） | E45: V-0.25/7 | G45: 台 | H45: 1 | I45: 41061 | J45: 41061 | M45: 2000 | N45: 37 | O45: 740 | Q45: A5
A46: 40 | B46: 32 | C46: 253 | D46: 普通车床 | E46: CW6180 | F46: 大连机床 | G46: 台 | H46: 1 | I46: 28855 | J46: 28855 | M46: 95000 | N46: 10 | O46: 9500 | Q46: A5
A47: 41 | B47: 45 | C47: 292 | D47: 砂轮机 | E47: 200*25*32 | G47: 台 | H47: 1 | I47: 41061 | J47: 41061 | M47: 900 | N47: 39 | O47: 351 | Q47: A5
A48: 42 | B48: 33 | C48: 254 | D48: 普通车床 | E48: CDE6140A规格1500 | F48: 大连机床 | G48: 台 | H48: 1 | I48: 32508 | J48: 32508 | M48: 53000 | N48: 10 | O48: 5300 | Q48: A5
A49: 43 | B49: 34 | C49: 255 | D49: 万能铣床 | E49: 6H82 | F49: 大连机床 | G49: 台 | H49: 1 | I49: 32508 | J49: 32508 | M49: 62000 | N49: 10 | O49: 6200 | Q49: A5
A50: 44 | B50: 13 | C50: 91 | D50: 插床1台 | E50: B5032 | F50: 抚顺机床厂 | G50: 台 | H50: 1 | I50: 41275 | J50: 41275 | M50: 64000 | N50: 51 | O50: 32640 | Q50: A5
A51: 45 | B51: 35 | C51: 256 | D51: 立式钻床 | E51: Z5025 | F51: 抚顺第一机床厂 | G51: 台 | H51: 1 | I51: 32508 | J51: 32508 | M51: 32000 | N51: 10 | O51: 3200 | Q51: A5
A52: 46 | B52: 36 | C52: 257 | D52: 摇臂钻床 | E52: Z3040*16 | F52: 中捷钻床 | G52: 台 | H52: 1 | I52: 29586 | J52: 29586 | M52: 39000 | N52: 10 | O52: 3900 | Q52: A5
A53: 47 | B53: 40 | C53: 282 | D53: 台式钻床 | E53: ZA4112 | F53: 沈阳台钻厂 | G53: 台 | H53: 1 | I53: 33969 | J53: 33969 | M53: 2100 | N53: 10 | O53: 210 | Q53: A5
A54: 48 | B54: 37 | C54: 258 | D54: 射芯机 | E54: 950 | F54: 大连长兴岛伟业机械厂 | G54: 台 | H54: 1 | I54: 41274 | J54: 41274 | M54: 58000 | N54: 43 | O54: 24940 | Q54: A5
A55: 49 | B55: 39 | C55: 272 | D55: 砂轮机 | E55: S3ST-SD0-250 | F55: 沈阳沈分电机厂 | G55: 台 | H55: 1 | I55: 40814 | J55: 40814 | M55: 900 | N55: 35 | O55: 315 | Q55: A5
A56: 50 | B56: 56 | C56: 336 | D56: 检验平台1*1.5米 | E56: 1*1.5米 | F56: 泊头洪城量具机械设备有限公司 | G56: 台 | H56: 1 | I56: 41275 | J56: 41275 | M56: 5500 | N56: 66 | O56: 3630 | Q56: A5
A57: 51 | B57: 55 | C57: 335 | D57: 检验平台2*3米 | E57: 2*3米 | F57: 泊头洪城量具机械设备有限公司 | G57: 台 | H57: 1 | I57: 41275 | J57: 41275 | M57: 21900 | N57: 66 | O57: 14454 | Q57: A5
A58: 52 | B58: 57 | C58: 337 | D58: 检验平台2*1.5米 | E58: 2*1.5米 | F58: 泊头洪城量具机械设备有限公司 | G58: 台 | H58: 1 | I58: 41275 | J58: 41275 | M58: 10900 | N58: 66 | O58: 7194 | Q58: A5
A59: 53 | B59: 31 | C59: 252 | D59: 台式钻床 | E59: Z516-1A | F59: 中捷钻床 | G59: 0 | H59: 1 | I59: 40481 | J59: 40481 | M59: 1600 | N59: 28 | O59: 448 | Q59: A5
B60: 24 | C60: 168 | D60: 普通电动单梁起重机（不含轨道） | E60: 5T16.5m*9m | F60: 抚顺金梁起重机 | G60: 台 | H60: 1 | I60: 41640 | J60: 41640 | M60: 53000 | N60: 55 | O60: 29150 | Q60: A5
B61: 25 | C61: 169 | D61: 普通单梁起重机（不含轨道） | E61: 5T-22.5*9 | F61: 河北大发起重机 | G61: 台 | H61: 1 | I61: 41640 | J61: 41640 | M61: 57000 | N61: 55 | O61: 31350 | Q61: A5
B62: 27 | C62: 177 | D62: 普通电动单梁起重机（不含轨道） | E62: 5T16.5m*9m | F62: 抚顺金梁起重机 | G62: 台 | H62: 1 | I62: 41639 | J62: 41639 | M62: 53000 | N62: 55 | O62: 29150 | Q62: A5
B63: 48 | C63: 297 | D63: 普通单梁起重机（不含轨道） | E63: 5吨*16.5m | F63: 河南矿山 | G63: 台 | H63: 5 | I63: 2013.11 | J63: 2013.11 | M63: 265000 | N63: 54 | O63: 143100 | Q63: A5
B64: 58 | C64: 366 | D64: 干式变压器 | E64: SCB11-1250kva | F64: 沈阳春兴成套电器有限公司 | G64: 条 | H64: 1 | I64: 41640 | J64: 41640 | M64: 103000 | N64: 56 | O64: 57680 | Q64: A5
B65: 59 | C65: 367 | D65: 低压柜 | E65: GGD3 | F65: 沈阳春兴成套电器有限公司 | G65: 条 | H65: 10 | I65: 40909 | J65: 40909 | M65: 310000 | N65: 43 | O65: 133300 | Q65: A5
B66: 60 | C66: 368 | D66: 高压柜 | E66: KYN28-12 | F66: 沈阳春兴成套电器有限公司 | G66: 台 | H66: 2 | I66: 40909 | J66: 40909 | M66: 84000 | N66: 43 | O66: 36120 | Q66: A5
B67: 61 | C67: 369 | D67: 动力配电箱 | E67: XL-21 | F67: 沈阳春兴成套电器有限公司 | G67: 台 | H67: 8 | I67: 40909 | J67: 40909 | M67: 24000 | N67: 35 | O67: 8400 | Q67: A5
D68: 小 计 | M68: =SUM(M7:M67) -> 19017900 | O68: =SUM(O7:O67) -> 8135692
B69: 62 | C69: 46 | D69: 木型87 | F69: 沈阳东方木型模具制品有限公司 | G69: 台 | H69: 1 | I69: 41455 | J69: 41455 | M69: 900 | N69: 30 | O69: 270 | Q69: A5
B70: 63 | C70: 229 | D70: 金属型244 | F70: 沈阳卡斯汀模具制造有限公司 | G70: 台 | H70: 1 | I70: 41455 | J70: 41455 | M70: 18500 | N70: 35 | O70: 6475 | Q70: A5
B71: 64 | C71: 230 | D71: 金属型245 | F71: 沈阳卡斯汀模具制造有限公司 | G71: 台 | H71: 1 | I71: 41455 | J71: 41455 | M71: 41200 | N71: 35 | O71: 14420 | Q71: A5
B72: 65 | C72: 231 | D72: 金属型246 | F72: 沈阳卡斯汀模具制造有限公司 | G72: 台 | H72: 1 | I72: 41455 | J72: 41455 | M72: 18500 | N72: 35 | O72: 6475 | Q72: A5
B73: 66 | C73: 232 | D73: 金属型247 | F73: 沈阳卡斯汀模具制造有限公司 | G73: 台 | H73: 1 | I73: 41455 | J73: 41455 | M73: 18500 | N73: 35 | O73: 6475 | Q73: A5
B74: 67 | C74: 233 | D74: 金属型248 | F74: 沈阳卡斯汀模具制造有限公司 | G74: 台 | H74: 1 | I74: 41455 | J74: 41455 | M74: 18500 | N74: 35 | O74: 6475 | Q74: A5
B75: 68 | C75: 234 | D75: 金属型249 | F75: 沈阳卡斯汀模具制造有限公司 | G75: 台 | H75: 1 | I75: 41455 | J75: 41455 | M75: 18500 | N75: 35 | O75: 6475 | Q75: A5
B76: 69 | C76: 235 | D76: 金属型250 | F76: 沈阳卡斯汀模具制造有限公司 | G76: 台 | H76: 1 | I76: 41455 | J76: 41455 | M76: 19900 | N76: 35 | O76: 6965 | Q76: A5
B77: 70 | C77: 236 | D77: 金属型251 | F77: 沈阳卡斯汀模具制造有限公司 | G77: 台 | H77: 1 | I77: 41455 | J77: 41455 | M77: 18500 | N77: 35 | O77: 6475 | Q77: A5
B78: 71 | C78: 237 | D78: 金属型252 | F78: 沈阳卡斯汀模具制造有限公司 | G78: 台 | H78: 1 | I78: 41455 | J78: 41455 | M78: 35500 | N78: 35 | O78: 12425 | Q78: A5
B79: 72 | C79: 238 | D79: 金属型253 | F79: 沈阳卡斯汀模具制造有限公司 | G79: 台 | H79: 1 | I79: 41455 | J79: 41455 | M79: 24100 | N79: 35 | O79: 8435 | Q79: A5
B80: 73 | C80: 239 | D80: 金属型254 | F80: 沈阳卡斯汀模具制造有限公司 | G80: 台 | H80: 1 | I80: 41455 | J80: 41455 | M80: 18500 | N80: 35 | O80: 6475 | Q80: A5
... B147: 140 | C147: 306 | D147: 金属型329 | F147: 沈阳卡斯汀模具制造有限公司 | G147: 台 | H147: 1 | I147: 41455 | J147: 41455 | M147: 17900 | N147: 35 | O147: 6265 | Q147: A5
B148: 141 | C148: 307 | D148: 木型82 | G148: 台 | H148: 1 | I148: 41455 | J148: 41455 | M148: 900 | N148: 30 | O148: 270 | Q148: A5
B149: 142 | C149: 308 | D149: 木型83 | G149: 台 | H149: 1 | I149: 41455 | J149: 41455 | M149: 900 | N149: 30 | O149: 270 | Q149: A5
B150: 143 | C150: 309 | D150: 木型84 | G150: 台 | H150: 1 | I150: 41455 | J150: 41455 | M150: 900 | N150: 30 | O150: 270 | Q150: A5
B151: 144 | C151: 47 | D151: 木型88 | F151: 沈阳东方木型模具制品有限公司 | G151: 台 | H151: 1 | I151: 41455 | J151: 41455 | M151: 900 | N151: 30 | O151: 270 | Q151: A6
B152: 145 | C152: 48 | D152: 木型89 | F152: 沈阳东方木型模具制品有限公司 | G152: 台 | H152: 1 | I152: 41455 | J152: 41455 | M152: 900 | N152: 30 | O152: 270 | Q152: A7
B153: 146 | C153: 49 | D153: 木型90 | F153: 沈阳东方木型模具制品有限公司 | G153: 台 | H153: 1 | I153: 41455 | J153: 41455 | M153: 900 | N153: 30 | O153: 270 | Q153: A8
B154: 147 | C154: 50 | D154: 木型91 | F154: 沈阳东方木型模具制品有限公司 | G154: 台 | H154: 1 | I154: 41455 | J154: 41455 | M154: 900 | N154: 30 | O154: 270 | Q154: A9
D155: 小 计 | M155: =SUM(M69:M154) -> 1565400 | O155: =SUM(O69:O154) -> 547530
D156: 合 计 | M156: =M68+M155 -> 20583300 | O156: =O68+O155 -> 8683222

Sheet 锅炉房
A2: 固定资产—机器设备评估明细表
A3: =CONCATENATE(封面!D9,封面!F9,封面!G9,封面!H9,封面!I9,封面!J9,封面!K9) -> 评估基准日：2022年7月22日
A4: 产权持有人：抚顺经济开发区诚达融资担保有限公司 | Q4: 金额单位：人民币元
A5: 序号1 | B5: 序号2 | C5: 序号 | D5: 设备名称 | E5: 规格型号 | F5: 生产厂家 | G5: 计量单位 | H5: 数量 | I5: 购置日期 | J5: 启用日期 | K5: 账面价值 | M5: 评估价值 | P5: 增值率% | Q5: 备注
K6: 原值 | L6: 净值 | M6: 原值 | N6: 成新率% | O6: 净值
A7: 1 | B7: 2 | C7: 82 | D7: 型煤锅炉 | E7: CWRH2.2-85/60-X(FII) | F7: 丹东大方能源科技公司（2001年） | G7: 台 | H7: 1 | I7: 2001.12.1 | J7: 2001.12.1 | M7: 220000 | N7: 5 | O7: 11000 | Q7: 锅炉房
A8: 2 | B8: 3 | C8: 83 | D8: 型煤锅炉 | E8: CWRH2.2-85/60-X(FII) | F8: 丹东大方能源科技公司（2001年） | G8: 台 | H8: 1 | I8: 2001.12.1 | J8: 2001.12.1 | M8: 220000 | N8: 5 | O8: 11000 | Q8: 锅炉房
A9: 3 | B9: 5 | C9: 124 | D9: 水处理设备 | F9: 自制 | G9: 台 | H9: 1 | I9: 41639 | J9: 41639 | M9: 16000 | N9: 15 | O9: 2400 | Q9: 锅炉房旁边
A10: 4 | B10: 4 | C10: 84 | D10: 除渣机1台 | F10: 营口 | G10: 台 | H10: 1 | I10: 41274 | J10: 41274 | M10: 26000 | N10: 10 | O10: 2600 | Q10: 锅炉房
A11: 5 | B11: 1 | C11: 28 | D11: 离心管道泵 | F11: 不详 | G11: 台 | H11: 1 | I11: 41639 | J11: 41639 | M11: 3500 | N11: 15 | O11: 525 | Q11: 锅炉房
A12: 6 | B12: 6 | C12: 155 | D12: 锅炉房配电箱 | F12: 不详 | G12: 台 | H12: 1 | I12: 41243 | J12: 41243 | M12: 4500 | N12: 52 | O12: 2340 | Q12: 锅炉房
D13: 合 计 | M13: =SUM(M7:M12) -> 490000 | O13: =SUM(O7:O12) -> 29865

Sheet 开闭所
A2: 固定资产—机器设备评估明细表
A3: =CONCATENATE(封面!D9,封面!F9,封面!G9,封面!H9,封面!I9,封面!J9,封面!K9) -> 评估基准日：2022年7月22日
A4: 产权持有人：抚顺经济开发区诚达融资担保有限公司 | Q4: 金额单位：人民币元
A5: 序号1 | B5: 序号2 | C5: 序号 | D5: 设备名称 | E5: 规格型号 | F5: 生产厂家 | G5: 计量单位 | H5: 数量 | I5: 购置日期 | J5: 启用日期 | K5: 账面价值 | M5: 评估价值 | P5: 增值率% | Q5: 备注
K6: 原值 | L6: 净值 | M6: 原值 | N6: 成新率% | O6: 净值
B7: 1 | C7: 154 | D7: 宿舍楼配电箱 | F7: 组合设备 | G7: 台 | H7: 2 | I7: 41243 | J7: 41243 | M7: 8000 | N7: 45 | O7: 3600 | Q7: 九号宿舍楼后
B8: 2 | C8: 380 | D8: 电流互感器 | E8: LZZJ2-10 | F8: 沈阳春兴成套电器有限公司 | G8: 台 | H8: 4 | I8: 41640 | J8: 41640 | M8: 2800 | N8: 33 | O8: 924 | Q8: 开闭所
B9: 3 | C9: 381 | D9: 电压互感器 | E9: JDZ18-10 | F9: 沈阳春兴成套电器有限公司 | G9: 台 | H9: 4 | I9: 41640 | J9: 41640 | M9: 3800 | N9: 33 | O9: 1254 | Q9: 开闭所
B10: 4 | C10: 382 | D10: 终端PM8325（设备） | E10: PM8325 | F10: 沈阳春兴成套电器有限公司 | G10: 台 | H10: 1 | I10: 41640 | J10: 41640 | M10: 15000 | N10: 33 | O10: 4950 | Q10: 开闭所
B11: 5 | C11: 383 | D11: 负荷计量箱400A开关 | E11: 400A | F11: 沈阳春兴成套电器有限公司 | G11: 台 | H11: 1 | I11: 41640 | J11: 41640 | M11: 900 | N11: 33 | O11: 297 | Q11: 开闭所
B12: 6 | C12: 384 | D12: 馈线SYV-50-7 | E12: SYV-50-7 | F12: 沈阳春兴成套电器有限公司 | G12: 条 | H12: 1 | I12: 41640 | J12: 41640 | M12: 600 | N12: 50 | O12: 300 | Q12: 开闭所
B13: 7 | C13: 385 | D13: 通讯天线（五单元定向） | F13: 沈阳春兴成套电器有限公司 | G13: 根 | H13: 1 | I13: 41640 | J13: 41640 | M13: 500 | N13: 50 | O13: 250 | Q13: 开闭所
B14: 8 | C14: 386 | D14: 屏蔽电缆PVVRP6 | E14: PVVRP6 | F14: 沈阳春兴成套电器有限公司 | G14: 条 | H14: 1 | I14: 41640 | J14: 41640 | M14: 300 | N14: 50 | O14: 150 | Q14: 开闭所
B15: 9 | C15: 387 | D15: 控制电缆KVV7*2.5 | E15: KVV7*2.5 | F15: 沈阳春兴成套电器有限公司 | G15: 条 | H15: 1 | I15: 41640 | J15: 41640 | M15: 600 | N15: 50 | O15: 300 | Q15: 开闭所
B16: 10 | C16: 388 | D16: 交流采样表100/200 | E16: 100/200 | F16: 沈阳春兴成套电器有限公司 | G16: 台 | H16: 1 | I16: 41640 | J16: 41640 | M16: 2600 | N16: 33 | O16: 858 | Q16: 开闭所
B17: 11 | C17: 389 | D17: 避雷器（CA-35R） | E17: （CA-35R） | F17: 沈阳春兴成套电器有限公司 | G17: 台 | H17: 1 | I17: 41640 | J17: 41640 | M17: 200 | N17: 33 | O17: 66 | Q17: 开闭所
B18: 12 | C18: 390 | D18: 交流采样表100/200 | E18: 100/200 | F18: 沈阳春兴成套电器有限公司 | G18: 台 | H18: 1 | I18: 41640 | J18: 41640 | M18: 2600 | N18: 33 | O18: 858 | Q18: 开闭所
B19: 13 | C19: 391 | D19: 三相三线多功能表 | E19: DSSD220.5 | F19: 沈阳春兴成套电器有限公司 | G19: 台 | H19: 2 | I19: 41640 | J19: 41640 | M19: 5000 | N19: 33 | O19: 1650 | Q19: 开闭所
B20: 14 | C20: 392 | D20: 天线支架 | F20: 沈阳春兴成套电器有限公司 | G20: 台 | H20: 1 | I20: 41640 | J20: 41640 | M20: 300 | N20: 50 | O20: 150 | Q20: 开闭所
B21: 15 | C21: 393 | D21: 线槽、钢钉等材料 | E21: 组合件 | F21: 沈阳春兴成套电器有限公司 | G21: 台 | H21: 1 | I21: 41640 | J21: 41640 | M21: 300 | N21: 50 | O21: 150 | Q21: 开闭所
B22: 16 | C22: 394 | D22: 交联电力电缆YJLV | E22: 3*35+2*16 | F22: 沈阳春兴成套电器有限公司 | G22: 米 | H22: 1000 | I22: 41640 | J22: 41640 | M22: 120000 | N22: 50 | O22: 60000 | Q22: 开闭所
B23: 17 | C23: 395 | D23: 远程YZ系列综合微机保护软件 | E23: V1.0 | F23: 沈阳春兴成套电器有限公司 | G23: 台 | H23: 8 | I23: 41640 | J23: 41640 | M23: 24000 | N23: 13 | O23: 3120 | Q23: 开闭所
B24: 18 | C24: 396 | D24: 远程YZ系列综合微机保护软件 | E24: V1.0 | F24: 沈阳春兴成套电器有限公司 | G24: 台 | H24: 1 | I24: 41640 | J24: 41640 | M24: 3000 | N24: 13 | O24: 390 | Q24: 开闭所
B25: 19 | C25: 397 | D25: IPA2000变电站综合自动化监控软件 | E25: V1.0 | F25: 沈阳春兴成套电器有限公司 | G25: 台 | H25: 1 | I25: 41640 | J25: 41640 | M25: 5000 | N25: 13 | O25: 650 | Q25: 开闭所
B26: 20 | C26: 398 | D26: YZ系列综合微机保护装置 | E26: YZ600-TX | F26: 沈阳春兴成套电器有限公司 | G26: 台 | H26: 1 | I26: 41640 | J26: 41640 | M26: 4500 | N26: 33 | O26: 1485 | Q26: 开闭所
B27: 21 | C27: 399 | D27: 后台监控系统 | F27: 沈阳春兴成套电器有限公司 | G27: 台 | H27: 1 | I27: 41640 | J27: 41640 | M27: 15000 | N27: 33 | O27: 4950 | Q27: 开闭所
B28: 22 | C28: 400 | D28: 直流屏 | E28: KYN28-12 | F28: 沈阳春兴成套电器有限公司 | G28: 台 | H28: 2 | I28: 41640 | J28: 41640 | M28: 60000 | N28: 55 | O28: 33000 | Q28: 开闭所
B29: 23 | C29: 401 | D29: 模拟屏 | E29: KYN28-12 | F29: 沈阳春兴成套电器有限公司 | G29: 台 | H29: 1 | I29: 41640 | J29: 41640 | M29: 28000 | N29: 55 | O29: 15400 | Q29: 开闭所
B30: 24 | C30: 402 | D30: YZ系列综合微机保护装置 | E30: YZ202-PT | F30: 沈阳春兴成套电器有限公司 | G30: 台 | H30: 2 | I30: 41640 | J30: 41640 | M30: 6000 | N30: 33 | O30: 1980 | Q30: 开闭所
B31: 25 | C31: 403 | D31: YZ系列综合微机保护装置 | E31: YZ202-JX | F31: 沈阳春兴成套电器有限公司 | G31: 台 | H31: 2 | I31: 41640 | J31: 41640 | M31: 6000 | N31: 33 | O31: 1980 | Q31: 开闭所
B32: 26 | C32: 404 | D32: YZ系列综合微机保护装置 | E32: YZ202-CB | F32: 沈阳春兴成套电器有限公司 | G32: 台 | H32: 4 | I32: 41640 | J32: 41640 | M32: 12000 | N32: 33 | O32: 3960 | Q32: 开闭所
B33: 27 | C33: 405 | D33: YZ系列综合微机保护装置 | E33: YZ600-MFZT | F33: 沈阳春兴成套电器有限公司 | G33: 台 | H33: 1 | I33: 41640 | J33: 41640 | M33: 4500 | N33: 33 | O33: 1485 | Q33: 开闭所
B34: 28 | C34: 406 | D34: 隔离柜 | E34: KYN28-12 | F34: 沈阳春兴成套电器有限公司 | G34: 台 | H34: 1 | I34: 41640 | J34: 41640 | M34: 38000 | N34: 55 | O34: 20900 | Q34: 开闭所
B35: 29 | C35: 407 | D35: PT柜 | E35: KYN28-12 | F35: 沈阳春兴成套电器有限公司 | G35: 台 | H35: 2 | I35: 41640 | J35: 41640 | M35: 64000 | N35: 55 | O35: 35200 | Q35: 开闭所
B36: 30 | C36: 408 | D36: 计量柜 | E36: KYN28-12 | F36: 沈阳春兴成套电器有限公司 | G36: 台 | H36: 2 | I36: 41640 | J36: 41640 | M36: 68000 | N36: 55 | O36: 37400 | Q36: 开闭所
B37: 31 | C37: 409 | D37: 受电柜 | E37: KYN28-12 | F37: 沈阳春兴成套电器有限公司 | G37: 台 | H37: 2 | I37: 41640 | J37: 41640 | M37: 76000 | N37: 55 | O37: 41800 | Q37: 开闭所
B38: 32 | C38: 410 | D38: 所用变柜 | E38: KYN28-12 | F38: 沈阳春兴成套电器有限公司 | G38: 台 | H38: 1 | I38: 41640 | J38: 41640 | M38: 42000 | N38: 55 | O38: 23100 | Q38: 开闭所
B39: 33 | C39: 411 | D39: 变压变柜 | E39: KYN28-12 | F39: 沈阳春兴成套电器有限公司 | G39: 台 | H39: 2 | I39: 41640 | J39: 41640 | M39: 84000 | N39: 55 | O39: 46200 | Q39: 开闭所
... B42: 36 | C42: 414 | D42: 变压器柜 | E42: KYN28-12 | F42: 沈阳春兴成套电器有限公司 | G42: 台 | H42: 1 | I42: 41640 | J42: 41640 | M42: 42000 | N42: 55 | O42: 23100 | Q42: 开闭所
B43: 37 | C43: 415 | D43: 远程多回路数显计费系统（设备） | F43: 清原供电公司 | G43: 套 | H43: 2 | I43: 41274 | J43: 41274 | M43: 725000 | N43: 33 | O43: 239250 | Q43: 开闭所
D44: 合 计 | M44: =SUM(M7:M43) -> 1580500 | O44: =SUM(O7:O43) -> 671607

Sheet 研发楼
A2: 固定资产—机器设备评估明细表
A3: =CONCATENATE(封面!D9,封面!F9,封面!G9,封面!H9,封面!I9,封面!J9,封面!K9) -> 评估基准日：2022年7月22日
A4: 产权持有人：抚顺经济开发区诚达融资担保有限公司 | Q4: 金额单位：人民币元
A5: 序号1 | B5: 序号2 | C5: 序号 | D5: 设备名称 | E5: 规格型号 | F5: 生产厂家 | G5: 计量单位 | H5: 数量 | I5: 购置日期 | J5: 启用日期 | K5: 账面价值 | M5: 评估价值 | P5: 增值率% | Q5: 备注
K6: 原值 | L6: 净值 | M6: 原值 | N6: 成新率% | O6: 净值
A7: 1 | B7: 1 | C7: 223 | D7: 监控系统 | E7: 组装设备120个探头 | G7: 套 | H7: 1 | I7: 40908 | J7: 40908 | M7: 84000 | N7: 5 | O7: 4200 | Q7: 研发楼
A8: 2 | B8: 18 | C8: 349 | D8: 程控箱式炉 | E8: SXL-1216 | F8: 无锡三鑫精工电气设备公司 | G8: 台 | H8: 1 | I8: 41275 | J8: 41275 | M8: 8000 | N8: 34 | O8: 2720 | Q8: 研发楼
A9: 3 | B9: 19 | C9: 350 | D9: 平板硫化机 | E9: XLB-D300*300 | F9: 青岛信本科技有限公司 | G9: 台 | H9: 1 | I9: 41090 | J9: 41090 | M9: 25000 | N9: 30 | O9: 7500 | Q9: 研发楼
A10: 4 | B10: 4 | C10: 306 | D10: 水平垂直燃烧测定仪 | E10: CZF-6 | F10: 南京江宁分析仪器厂 | G10: 台 | H10: 1 | I10: 41305 | J10: 41305 | M10: 13000 | N10: 34 | O10: 4420 | Q10: 研发楼
A11: 5 | B11: 7 | C11: 309 | D11: 交直流漏电起痕装置 | F11: 西安交大电力热研所 | G11: 台 | H11: 1 | I11: 41305 | J11: 41305 | M11: 200000 | N11: 34 | O11: 68000 | Q11: 研发楼
A12: 6 | B12: 6 | C12: 308 | D12: 交直流耐压仪 | E12: ZHZ1C | F12: 上海培成电子 | G12: 台 | H12: 1 | I12: 41274 | J12: 41274 | M12: 21000 | N12: 34 | O12: 7140 | Q12: 研发楼
A13: 7 | B13: 11 | C13: 317 | D13: 新型无转子硫化仪 | E13: M2000-AN | F13: 台湾高铁检测仪器公司 | G13: 台 | H13: 1 | I13: 41090 | J13: 41090 | M13: 28000 | N13: 30 | O13: 8400 | Q13: 研发楼
A14: 8 | B14: 16 | C14: 323 | D14: 黏性测试仪 | E14: GT-7080S2 | F14: 广东东莞 | G14: 台 | H14: 1 | I14: 41090 | J14: 41090 | M14: 120000 | N14: 20 | O14: 24000 | Q14: 研发楼
A15: 9 | B15: 13 | C15: 319 | D15: 手动式硬度计(含基座) | E15: GT-GS-MB | F15: 台湾高铁检测仪器公司 | G15: 台 | H15: 1 | I15: 41090 | J15: 41090 | M15: 13000 | N15: 30 | O15: 3900 | Q15: 研发楼
A16: 10 | B16: 12 | C16: 318 | D16: 电子比重计 | E16: GT-MH300A | F16: 台湾高铁检测仪器公司 | G16: 台 | H16: 1 | I16: 41090 | J16: 41090 | M16: 3200 | N16: 5 | O16: 160 | Q16: 研发楼
A17: 11 | B17: 10 | C17: 316 | D17: 切试片机 | E17: GT-7016-A | F17: 台湾高铁检测仪器公司 | G17: 台 | H17: 1 | I17: 41090 | J17: 41090 | M17: 8000 | N17: 30 | O17: 2400 | Q17: 研发楼
A18: 12 | B18: 17 | C18: 330 | D18: 无油静音空压机 | E18: 2Z-550-50L | F18: 温岭市云豹空压机厂 | G18: 台 | H18: 1 | I18: 41305 | J18: 41305 | M18: 1100 | N18: 44 | O18: 484 | Q18: 研发楼
A19: 13 | B19: 9 | C19: 315 | D19: 伺服控制拉力试验机 | E19: TCS-2000 | F19: 台湾高铁检测仪器公司 | G19: 台 | H19: 1 | I19: 41090 | J19: 41090 | M19: 27000 | N19: 30 | O19: 8100 | Q19: 研发楼
A20: 14 | B20: 2 | C20: 286 | D20: 数显粘度计 | E20: NDJ-8S | F20: 上海捷沪仪器公司 | G20: 台 | H20: 1 | I20: 41455 | J20: 41455 | M20: 2600 | N20: 30 | O20: 780 | Q20: 研发楼
A21: 15 | B21: 3 | C21: 287 | D21: 低温恒湿槽 | E21: DC-506N | F21: 上海方瑞仪器公司 | G21: 台 | H21: 1 | I21: 41455 | J21: 41455 | M21: 23000 | N21: 38 | O21: 8740 | Q21: 研发楼
A22: 16 | B22: 5 | C22: 307 | D22: 台式电导率分析仪 | E22: TP320 | F22: 北京时代仪器公司 | G22: 台 | H22: 1 | I22: 41305 | J22: 41305 | M22: 2700 | N22: 26 | O22: 702 | Q22: 研发楼
A23: 17 | B23: 8 | C23: 310 | D23: 高阻计（绝缘测试用电极箱） | E23: ZC36 | F23: 上海精密科学仪器公司 | G23: 台 | H23: 1 | I23: 41305 | J23: 41305 | M23: 2800 | N23: 34 | O23: 952 | Q23: 研发楼
... A25: 19 | B25: 15 | C25: 321 | D25: 接触角测量仪 | E25: JC2000D1 | F25: 上海中辰数字技术有限公司 | G25: 台 | H25: 1 | I25: 41090 | J25: 41090 | M25: 21000 | N25: 30 | O25: 6300 | Q25: 研发楼
B26: 20 | C26: 353 | D26: 空调 | G26: 台 | H26: 1 | I26: 41274 | J26: 41274 | M26: 11500 | N26: 25 | O26: 2875 | Q26: 研发楼
D27: 合 计 | M27: =SUM(M7:M26) -> 649900 | O27: =SUM(O7:O26) -> 168773
